Workbook

Sheet MENU
J1: PM
E2: =CHOOSE(MATCH(Objeto,{"PM","PO"}),"PLANILHA MÚLTIPLA ","PLANILHA ORÇAMENTÁRIA ")& Versao -> PLANILHA MÚLTIPLA v3.0.6 | J2: v3.0.6
O3: 1
O4: 2
J5: Proposto
E6: DADOS DO CONTRATO | G6: NOVIDADES DA VERSÃO | J6: Licitado
J7: PLE
B8: =IF($O$3<>2,"DOCUMENTAÇÃO DA PROPOSTA","PROPOSTA: Para visualizar/preencher esta seção, altere o TIPO DE ORÇAMENTO para 'Proposto'") -> DOCUMENTAÇÃO DA PROPOSTA | J8: BM | L8: LEGENDA:
L9: Cores das células:
C10: =IF(TIPOORCAMENTO<>"Proposto",""," BDI ") -> BDI | E10: =IF(TIPOORCAMENTO<>"Proposto",""," ORÇAMENTO ") -> ORÇAMENTO | G10: =IF(TIPOORCAMENTO<>"Proposto","","MEMÓRIA DE CÁLCULO / PLQ") -> MEMÓRIA DE CÁLCULO / PLQ | N10: Fundo amarelo: células para preencher
C12: =IF(TIPOORCAMENTO<>"Proposto",""," QCI ") -> QCI | E12: =IF(TIPOORCAMENTO<>"Proposto","","CRONOGRAMA FÍSICO-FINANCEIRO") -> CRONOGRAMA FÍSICO-FINANCEIRO | N12: Fundo azul: células para seleção de opções
C14: =IF(TIPOORCAMENTO<>"Proposto","","Obs: Composições e Cotações devem ser preenchidas diretamente no arquivo Referência "&IF(ISBLANK(Import.DataBase),"mm-aaaa",TEXT(Import.DataBase,"mm-aaaa"))&".xlsm.") -> Obs: Composições e Cotações devem ser preenchidas diretamente no arquivo Referência 02-2025.xlsm.
L15: Cores dos botões:
B16: =IF($O$3<>2,"PÓS-LICITADO: Para visualizar/preencher esta seção, altere o TIPO DE ORÇAMENTO para 'Licitado'","RESULTADO DO PROCESSO LICITATÓRIO") -> PÓS-LICITADO: Para visualizar/preencher esta seção, altere o TIPO DE ORÇAMENTO para 'Licitado' | N16: Fundo azul: navegação entre abas
C18: =IF(TIPOORCAMENTO<>"Licitado",""," ORÇAMENTO ") | E18: =IF(TIPOORCAMENTO<>"Licitado",""," QCI ") | G18: =IF(TIPOORCAMENTO<>"Licitado","","CRONOGRAMA FÍSICO-FINANCEIRO") | N18: Fundo laranja: execução de macro
B20: =IF($O$3<>2,"ACOMPANHAMENTO: Para visualizar/preencher esta seção, altere o TIPO DE ORÇAMENTO para 'Licitado'","ACOMPANHAMENTO DO EMPREENDIMENTO") -> ACOMPANHAMENTO: Para visualizar/preencher esta seção, altere o TIPO DE ORÇAMENTO para 'Licitado'
C22: =IF(OR(TIPOORCAMENTO<>"Licitado",ACOMPANHAMENTO<>"PLE"),"","PLAN. DE LEVANT. DE EVENTOS - PLE") | E22: =IF(TIPOORCAMENTO<>"Licitado",""," RRE ") | G22: =IF(OR(TIPOORCAMENTO<>"Licitado",ACOMPANHAMENTO<>"BM"),""," BOLETIM DE MEDIÇÃO - BM ")
E24: =IF(TIPOORCAMENTO<>"Licitado","","OF. DE SOLICITAÇÃO DE DESBLOQUEIO")

Sheet DADOS
E1: A. DOCUMENTAÇÃO DA PROPOSTA | L1: Sub-Itens de Investimento
J2: Itens de Investimento | K2: Unidades habitacionais | L2: =COUNTA(K:K)-1 -> 3 | M2: Equipamentos comunitários | N2: =COUNTA(M:M)-1 -> 6 | O2: Pavimentação | P2: =COUNTA(O:O)-1 -> 6 | Q2: Drenagem | R2: =COUNTA(Q:Q)-1 -> 6 | S2: Abastecimento de água | T2: =COUNTA(S:S)-1 -> 11 | U2: Esgotamento sanitário | V2: =COUNTA(U:U)-1 -> 8 | W2: Energia elétrica e iluminação pública | X2: =COUNTA(W:W)-1 -> 4 | Y2: Coleta e tratamento de resíduos sólidos | Z2: =COUNTA(Y:Y)-1 -> 6 | AA2: Contenção e estabilização de encostas | AB2: =COUNTA(AA:AA)-1 -> 2 | AC2: Regularização fundiária | AD2: =COUNTA(AC:AC)-1 -> 2 | AE2: Aquisição de terreno | AF2: =COUNTA(AE:AE)-1 -> 2 | AG2: Aquisição de equipamentos e insumos | AH2: =COUNTA(AG:AG)-1 -> 1 | AI2: Elaboração de estudos e projetos | AJ2: =COUNTA(AI:AI)-1 -> 1 | AK2: Instrumentos e ações em planejamento e gestão pública | AL2: =COUNTA(AK:AK)-1 -> 1 | AM2: Ações complementares às obras | AN2: =COUNTA(AM:AM)-1 -> 3 | AO2: Gerenciamento | AP2: =COUNTA(AO:AO)-1 -> 1 | AQ2: Trabalho social | AR2: =COUNTA(AQ:AQ)-1 -> 4
E3: Dados do Contrato (Inicial) | J3: Unidades habitacionais | K3: Aquisição | L3: un | M3: Convivência comunitária, assistência social e/ou comunitária | N3: m² | O3: Capeamento de vias | P3: m² | Q3: Obras de microdrenagem | R3: m | S3: Captação subterrânea | T3: m³/s | U3: Ligações domiciliares e/ou intradomiciliares | V3: un | W3: Iluminação pública - luminárias | X3: un | Y3: Acondicionamento | Z3: un | AA3: Estabilização de taludes | AB3: m² | AC3: Desapropriacões/Indenizações | AD3: m² | AE3: Aquisição de terreno | AF3: m² | AG3: Aquisição de equipamentos e insumos | AH3: un | AI3: Elaboração de estudos e projetos | AJ3: un | AK3: Instrumentos e ações em planejamento e gestão pública | AL3: un | AM3: Avaliação pós intervenção | AN3: un | AO3: Gerenciamento | AP3: %CT | AQ3: Projeto de Trabalho Social Preliminar | AR3: nº fam
E4: Fonte de recursos: | F4: (SELECIONAR) | J4: Equipamentos comunitários | K4: Construção | L4: un | M4: Educação e cultura | N4: m² | O4: Recapeamento de vias | P4: m² | Q4: Desassoreamento de cursos de água | R4: m | S4: Captação superficial | T4: m³/s | U4: Rede coletora e/ou condominial | V4: m | W4: Ligações domiciliares | X4: un | Y4: Aterro sanitário e/ou disposição final | Z4: m³ | AA4: Obras complementares a ações de redução de risco e/ou contenções | AB4: m² | AC4: Projeto de Regularização Fundiária | AD4: m² | AE4: Benfeitorias | AF4: m² | AM4: Demolições | AN4: un | AQ4: Projeto de Trabalho Social | AR4: nº fam
E5: Proponente/Tomador: | F5: Prefeitura Municipal de Pirapora | J5: Pavimentação | K5: Reforma e/ou melhoria | L5: un | M5: Esportes | N5: m² | O5: Obras de artes especiais | P5: m | Q5: Canalização de cursos de água | R5: m | S5: Estação de bombeamento de água bruta | T5: m³/s | U5: Coletor tronco e/ou interceptores | V5: m | W5: Linhas de distribuição - baixa tensão | X5: m | Y5: Erradicação de lixões | Z5: m³ | AM5: Plano de Reassentamento e medidas compensatórias | AN5: un | AQ5: Plano de Desenvolvimento Socioterritorial | AR5: nº fam
E6: Município/UF: | F6: Pirapora/MG | J6: Drenagem | M6: Lazer e turismo | N6: m² | O6: Pavimentação de calçadas | P6: m² | Q6: Recomposição de vegetação ciliar, renaturalização de cursos de água ou restauração de margens | R6: m² | S6: Adução | T6: m | U6: Emissário | V6: m | W6: Linhas de transmissão - alta tensão | X6: m | Y6: Sistema de coleta seletiva tradicional, transporte e/ou equipamentos | Z6: un | AQ6: Plano de Gestão Condominial | AR6: nº fam
E7: Nº da Operação (0000000-00): | F7: 1094391-68 | J7: Abastecimento de água | M7: Saúde | N7: m² | O7: Pavimentação de vias | P7: m² | Q7: Reservatório de amortecimento de cheias | R7: m³ | S7: Estação de Tratamento de Água (ETA) | T7: m³/s | U7: Estação Elevatória | V7: m³/s | Y7: Tratamento local | Z7: un
E8: Nº do TransfereGOV (000000): | F8: 960797/2024 | J8: Esgotamento sanitário | M8: Segurança pública | N8: m² | O8: Sinalização | P8: m² | Q8: Estação de Bombeamento | R8: m³/s | S8: Estação de bombeamento de água tratada | T8: m³/s | U8: Estação de Tratamento de Esgoto (ETE) | V8: m³/s | Y8: Usinas de reciclagem | Z8: m²
E9: =IF(F4="FGTS","Valor de Financiamento Contratado (R$):","Valor do Repasse Contratado (R$):") -> Valor do Repasse Contratado (R$): | F9: 5370972 | J9: Energia elétrica e iluminação pública | S9: Linha de recalque | T9: m | U9: Sistema simplificado de tratamento | V9: m³/s
E10: Valor de Contrapartida Contratada (R$): | F10: 112471.6 | J10: Coleta e tratamento de resíduos sólidos | S10: Reservação | T10: m³ | U10: Unidades sanitárias | V10: un
E11: % mínimo de Contrapartida: | F11: 0.001 | J11: Contenção e estabilização de encostas | S11: Rede de distribuição | T11: m
E12: R$ mínimo de Contrapartida (se houver): | J12: Regularização fundiária | S12: Ligações domiciliares e/ou intradomiciliares | T12: un
E13: % máximo de Contrapartida: | F13: 0.04 | J13: Aquisição de terreno | S13: Sistema simplificado de abastecimento | T13: m
J14: Aquisição de equipamentos e insumos
E15: Dados do Empreendimento e Orçamento | J15: Elaboração de estudos e projetos
E16: Nome/apelido: | F16: CEMEI Santa Mariana Pirapora/MG. Projeto Padrão FNDE- Creche e Pré Escola Tipo I. | J16: Instrumentos e ações em planejamento e gestão pública
E17: Descrição do Objeto do Lote / CTEF: | F17: Centro Municipal de Educação Infantil - CEMEI Santa Mariana Pirapora/MG. Projeto Padrão FNDE- Creche e Pré escola Tipo I. | J17: Ações complementares às obras
E18: Regime previdenciário previsto para a obra: | F18: NÃO DESONERADO | J18: Gerenciamento
E19: Data base do Orçamento: | F19: 45689 | J19: Trabalho social
E21: Responsável pelo Orçamento
E22: Nome: | F22: Lwan Matheus Costa Souza
E23: CREA/CAU: | F23: 255.542/D
E24: ART/RRT: | F24: MG20253712585
E25: Data do preenchimento: | F25: =TODAY() -> 45922
E27: Responsável pelo Tomador (Prefeito, no caso de Municípios)
E28: Nome: | F28: Alexandro Costa César
E29: Cargo: | F29: Prefeito Municipal
E31: Arredondamento das frentes: | F31: Tradicional
E33: B. RESULTADO DO PROCESSO LICITATÓRIO
E35: Licitação
E36: Data de emissão dos documentos de licitação:
E37: Nº do CTEF (contrato com empresa):
E38: Nome da empresa:
E39: CNPJ da empresa:
E40: Regime de execução do CTEF: | F40: (SELECIONAR)
E41: Data base do CTEF:
E44: C. ACOMPANHAMENTO DO EMPREENDIMENTO
E46: Dados da obra
E47: Data do Início da Obra:
E48: Data de fechamento do RRE: | F48: =TODAY() -> 45922
E50: Responsável pela Fiscalização
E51: Nome:
E52: Profissão:
E53: CREA/CAU (para obras/projetos):
E54: ART/RRT (para obras/projetos):
E57: D. ACOMPANHAMENTO CAIXA
E59: Responsável Gerencial
E60: Nome:
E61: Função:

Sheet NOVO
B3: Novidades da Versão
A6: V3.0.0
B7: GERAL
C8: =IF(D8<>"","▪","") -> ▪ | D8: Lançamento: Adequação à Portaria 424/2016. Acompanhamento por Eventos.
C9: =IF(D9<>"","▪","")
A10: V3.0.1
B11: GERAL
C12: =IF(D12<>"","▪","") -> ▪ | D12: Ajustes de formatações.
B13: PO
C14: =IF(D14<>"","▪","") -> ▪ | D14: Correção da aplicação do BDI não desonerado.
C15: =IF(D15<>"","▪","") -> ▪ | D15: Inclusão de coluna exclusiva "Preço Unitário Edital", para o Modo 'Orçamento Licitado'.
A17: V3.0.2
B18: GERAL
C19: =IF(D19<>"","▪","") -> ▪ | D19: Ajustes de formatações.
C20: =IF(D20<>"","▪","") -> ▪ | D20: Correção do Problema de Guias ocultas no BROFFICE.
B21: ORÇAMENTO
C22: =IF(D22<>"","▪","") -> ▪ | D22: Ampliada obtenção de dados da Planilha Referência de 20.000 para 65.536 linhas.
B23: CRONOGRAMA
C24: =IF(D24<>"","▪","") -> ▪ | D24: Correção na formulação do total acumulado por Repasse, CP e Outros
B25: QCI
C26: =IF(D26<>"","▪","") -> ▪ | D26: Correção na formulação do arredondamento no rateio dos valores do QCI.
B27: RRE
C28: =IF(D28<>"","▪","") -> ▪ | D28: Correção na formulação do total por Repasse, CP e Outros.
A30: V3.0.3
B31: GERAL
C32: =IF(D32<>"","▪","") -> ▪ | D32: Correção do Problema de Guias ocultas no BROFFICE.
B33: CÁLCULO
C34: =IF(D34<>"","▪","") -> ▪ | D34: Corrigida lentidão e travamento ao incluir e excluir frentes.
A37: V3.0.4
B38: BDI
C39: =IF(D39<>"","▪","") -> ▪ | D39: Correção da CPRB que exibia 4,5% mesmo quando não desonerado.
B40: CRONOGRAMA
C41: =IF(D41<>"","▪","") -> ▪ | D41: Correção da distribuição de Repasse, CP e Outros para as metas manuais.
B42: QCI
C43: =IF(D43<>"","▪","") -> ▪ | D43: Adicionado botão para adotar a CP do QCI como CP do contrato (zera saldo a reprogramar de CP).
A45: V3.0.5
B46: GERAL
C47: =IF(D47<>"","▪","") -> ▪ | D47: Corrigido modo de Cálculo da Planilha para Automático.
A49: V3.0.6
B50: GERAL
C51: =IF(D51<>"","▪","") -> ▪ | D51: Adicionado modo de arredondamento para compatibilidade com o TransfereGOV, altera na aba DADOS
C52: =IF(D52<>"","▪","") -> ▪ | D52: A planilha passará a ser disponibilizada com o formato .xlsm. Deve ser usado arquivo referência 1.9 ou superior, também no formato .xlsm

Sheet BDI
E1: MIN | F1: MED | G1: MAX | O1: ="Quadro de Composição do BDI" -> Quadro de Composição do BDI | R1: Grau de Sigilo
A2: Construção e Reforma de Edifícios | B2: AC | C2: =CONCATENATE(A2,"-",B2) -> Construção e Reforma de Edifícios-AC | E2: 0.03 | F2: 0.04 | G2: 0.055 | R2: #PUBLICO
A3: =A2 -> Construção e Reforma de Edifícios | B3: SG | C3: =CONCATENATE(A3,"-",B3) -> Construção e Reforma de Edifícios-SG | E3: 0.008 | F3: 0.008 | G3: 0.01
A4: =A3 -> Construção e Reforma de Edifícios | B4: R | C4: =CONCATENATE(A4,"-",B4) -> Construção e Reforma de Edifícios-R | E4: 0.0097 | F4: 0.0127 | G4: 0.0127 | J4: Nº OPERAÇÃO | L4: Nº TRANSFEREGOV | N4: PROPONENTE / TOMADOR
A5: =A4 -> Construção e Reforma de Edifícios | B5: DF | C5: =CONCATENATE(A5,"-",B5) -> Construção e Reforma de Edifícios-DF | E5: 0.0059 | F5: 0.0123 | G5: 0.0139 | J5: =Import.CR -> 1094391-68 | L5: =Import.TransfereGOV -> 960797/2024 | N5: =Import.Proponente -> Prefeitura Municipal de Pirapora
A6: =A5 -> Construção e Reforma de Edifícios | B6: L | C6: =CONCATENATE(A6,"-",B6) -> Construção e Reforma de Edifícios-L | E6: 0.0616 | F6: 0.074 | G6: 0.0896 | I6: FILTRO
A7: =A6 -> Construção e Reforma de Edifícios | B7: BDI PAD | C7: =CONCATENATE(A7,"-",B7) -> Construção e Reforma de Edifícios-BDI PAD | E7: 0.2034 | F7: 0.2212 | G7: 0.25 | J7: APELIDO DO EMPREENDIMENTO / DESCRIÇÃO DO LOTE
A8: Construção de Praças Urbanas, Rodovias, Ferrovias e recapeamento e pavimentação de vias urbanas | B8: AC | C8: =CONCATENATE(A8,"-",B8) -> Construção de Praças Urbanas, Rodovias, Ferrovias e recapeamento e pavimentação de vias urbanas-AC | E8: 0.038 | F8: 0.0401 | G8: 0.0467 | J8: =Import.Apelido&" / "&Import.DescLote -> CEMEI Santa Mariana Pirapora/MG. Projeto Padrão FNDE- Creche e Pré Escola Tipo I. / Centro Municipal de Educação Infantil - CEMEI Santa Mariana Pirapora/MG. Projeto Padrão FNDE- Creche e Pré escola Tipo I.
A9: Construção de Praças Urbanas, Rodovias, Ferrovias e recapeamento e pavimentação de vias urbanas | B9: SG | C9: =CONCATENATE(A9,"-",B9) -> Construção de Praças Urbanas, Rodovias, Ferrovias e recapeamento e pavimentação de vias urbanas-SG | E9: 0.0032 | F9: 0.004 | G9: 0.0074
A10: Construção de Praças Urbanas, Rodovias, Ferrovias e recapeamento e pavimentação de vias urbanas | B10: R | C10: =CONCATENATE(A10,"-",B10) -> Construção de Praças Urbanas, Rodovias, Ferrovias e recapeamento e pavimentação de vias urbanas-R | E10: 0.005 | F10: 0.0056 | G10: 0.0097 | J10: Conforme legislação tributária municipal, definir estimativa de percentual da base de cálculo para o ISS: | R10: 1
A11: Construção de Praças Urbanas, Rodovias, Ferrovias e recapeamento e pavimentação de vias urbanas | B11: DF | C11: =CONCATENATE(A11,"-",B11) -> Construção de Praças Urbanas, Rodovias, Ferrovias e recapeamento e pavimentação de vias urbanas-DF | E11: 0.0102 | F11: 0.0111 | G11: 0.0121 | I11: ↓ | J11: Sobre a base de cálculo, definir a respectiva alíquota do ISS (entre 2% e 5%): | R11: 0.05
A12: Construção de Praças Urbanas, Rodovias, Ferrovias e recapeamento e pavimentação de vias urbanas | B12: L | C12: =CONCATENATE(A12,"-",B12) -> Construção de Praças Urbanas, Rodovias, Ferrovias e recapeamento e pavimentação de vias urbanas-L | E12: 0.0664 | F12: 0.073 | G12: 0.0869 | I12: F
A13: Construção de Praças Urbanas, Rodovias, Ferrovias e recapeamento e pavimentação de vias urbanas | B13: BDI PAD | C13: =CONCATENATE(A13,"-",B13) -> Construção de Praças Urbanas, Rodovias, Ferrovias e recapeamento e pavimentação de vias urbanas-BDI PAD | E13: 0.196 | F13: 0.2097 | G13: 0.2423 | I13: F
A14: Construção de Redes de Abastecimento de Água, Coleta de Esgoto | B14: AC | C14: =CONCATENATE(A14,"-",B14) -> Construção de Redes de Abastecimento de Água, Coleta de Esgoto-AC | E14: 0.0343 | F14: 0.0493 | G14: 0.0671 | I14: F | J14: BDI 1
A15: =A14 -> Construção de Redes de Abastecimento de Água, Coleta de Esgoto | B15: SG | C15: =CONCATENATE(A15,"-",B15) -> Construção de Redes de Abastecimento de Água, Coleta de Esgoto-SG | E15: 0.0028 | F15: 0.0049 | G15: 0.0075 | I15: F
A16: =A15 -> Construção de Redes de Abastecimento de Água, Coleta de Esgoto | B16: R | C16: =CONCATENATE(A16,"-",B16) -> Construção de Redes de Abastecimento de Água, Coleta de Esgoto-R | E16: 0.01 | F16: 0.0139 | G16: 0.0174 | I16: F | J16: TIPO DE OBRA
A17: =A16 -> Construção de Redes de Abastecimento de Água, Coleta de Esgoto | B17: DF | C17: =CONCATENATE(A17,"-",B17) -> Construção de Redes de Abastecimento de Água, Coleta de Esgoto-DF | E17: 0.0094 | F17: 0.0099 | G17: 0.0117 | I17: F | J17: Construção e Reforma de Edifícios
A18: =A17 -> Construção de Redes de Abastecimento de Água, Coleta de Esgoto | B18: L | C18: =CONCATENATE(A18,"-",B18) -> Construção de Redes de Abastecimento de Água, Coleta de Esgoto-L | E18: 0.0674 | F18: 0.0804 | G18: 0.094 | I18: F
A19: =A18 -> Construção de Redes de Abastecimento de Água, Coleta de Esgoto | B19: BDI PAD | C19: =CONCATENATE(A19,"-",B19) -> Construção de Redes de Abastecimento de Água, Coleta de Esgoto-BDI PAD | E19: 0.2076 | F19: 0.2418 | G19: 0.2644 | I19: F | J19: Itens | R19: Siglas | S19: % Adotado | U19: Situação | X19: 1º Quartil | Y19: Médio | Z19: 3º Quartil
A20: Construção e Manutenção de Estações e Redes de Distribuição de Energia Elétrica | B20: AC | C20: =CONCATENATE(A20,"-",B20) -> Construção e Manutenção de Estações e Redes de Distribuição de Energia Elétrica-AC | E20: 0.0529 | F20: 0.0592 | G20: 0.0793 | I20: F
A21: =A20 -> Construção e Manutenção de Estações e Redes de Distribuição de Energia Elétrica | B21: SG | C21: =CONCATENATE(A21,"-",B21) -> Construção e Manutenção de Estações e Redes de Distribuição de Energia Elétrica-SG | E21: 0.0025 | F21: 0.0051 | G21: 0.0056 | I21: F | J21: =IF($J$17=$A$146,"Encargos Sociais incidentes sobre a mão de obra","Administração Central") -> Administração Central | R21: =IF($J17=$A$146,"K1","AC") -> AC | S21: 0.03 | U21: - | X21: =VLOOKUP(CONCATENATE(J17,"-",R21),$C$2:$G$136,3,FALSE) -> 0.03 | Y21: =VLOOKUP(CONCATENATE(J17,"-",R21),$C$2:$G$136,4,FALSE) -> 0.04 | Z21: =VLOOKUP(CONCATENATE(J17,"-",R21),$C$2:$G$136,5,FALSE) -> 0.055
A22: =A21 -> Construção e Manutenção de Estações e Redes de Distribuição de Energia Elétrica | B22: R | C22: =CONCATENATE(A22,"-",B22) -> Construção e Manutenção de Estações e Redes de Distribuição de Energia Elétrica-R | E22: 0.01 | F22: 0.0148 | G22: 0.0197 | I22: F | J22: =IF($J$17=$A$146,"Administração Central da empresa ou consultoria - overhead","Seguro e Garantia") -> Seguro e Garantia | R22: =IF($J17=$A$146,"K2","SG") -> SG | S22: 0.008 | U22: - | X22: =VLOOKUP(CONCATENATE(J17,"-",R22),$C$2:$G$136,3,FALSE) -> 0.008 | Y22: =VLOOKUP(CONCATENATE(J17,"-",R22),$C$2:$G$136,4,FALSE) -> 0.008 | Z22: =VLOOKUP(CONCATENATE(J17,"-",R22),$C$2:$G$136,5,FALSE) -> 0.01
A23: =A22 -> Construção e Manutenção de Estações e Redes de Distribuição de Energia Elétrica | B23: DF | C23: =CONCATENATE(A23,"-",B23) -> Construção e Manutenção de Estações e Redes de Distribuição de Energia Elétrica-DF | E23: 0.0101 | F23: 0.0107 | G23: 0.0111 | I23: F | J23: =IF($J$17=$A$146,"","Risco") -> Risco | R23: =IF($J17=$A$146,"","R") -> R | S23: 0.0097 | U23: - | X23: =VLOOKUP(CONCATENATE(J17,"-",R23),$C$2:$G$136,3,FALSE) -> 0.0097 | Y23: =VLOOKUP(CONCATENATE(J17,"-",R23),$C$2:$G$136,4,FALSE) -> 0.0127 | Z23: =VLOOKUP(CONCATENATE(J17,"-",R23),$C$2:$G$136,5,FALSE) -> 0.0127
A24: =A23 -> Construção e Manutenção de Estações e Redes de Distribuição de Energia Elétrica | B24: L | C24: =CONCATENATE(A24,"-",B24) -> Construção e Manutenção de Estações e Redes de Distribuição de Energia Elétrica-L | E24: 0.08 | F24: 0.0831 | G24: 0.0951 | I24: F | J24: =IF($J$17=$A$146,"","Despesas Financeiras") -> Despesas Financeiras | R24: =IF($J17=$A$146,"","DF") -> DF | S24: 0.0059 | U24: - | X24: =VLOOKUP(CONCATENATE(J17,"-",R24),$C$2:$G$136,3,FALSE) -> 0.0059 | Y24: =VLOOKUP(CONCATENATE(J17,"-",R24),$C$2:$G$136,4,FALSE) -> 0.0123 | Z24: =VLOOKUP(CONCATENATE(J17,"-",R24),$C$2:$G$136,5,FALSE) -> 0.0139
A25: =A24 -> Construção e Manutenção de Estações e Redes de Distribuição de Energia Elétrica | B25: BDI PAD | C25: =CONCATENATE(A25,"-",B25) -> Construção e Manutenção de Estações e Redes de Distribuição de Energia Elétrica-BDI PAD | E25: 0.24 | F25: 0.2584 | G25: 0.2786 | I25: F | J25: =IF($J$17=$A$146,"Margem bruta da empresa de consultoria","Lucro") -> Lucro | R25: =IF($J17=$A$146,"K3","L") -> L | S25: 0.0616 | U25: - | X25: =VLOOKUP(CONCATENATE(J17,"-",R25),$C$2:$G$136,3,FALSE) -> 0.0616 | Y25: =VLOOKUP(CONCATENATE(J17,"-",R25),$C$2:$G$136,4,FALSE) -> 0.074 | Z25: =VLOOKUP(CONCATENATE(J17,"-",R25),$C$2:$G$136,5,FALSE) -> 0.0896
A26: Obras Portuárias, Marítimas e Fluviais | B26: AC | C26: =CONCATENATE(A26,"-",B26) -> Obras Portuárias, Marítimas e Fluviais-AC | E26: 0.04 | F26: 0.0552 | G26: 0.0785 | I26: F | J26: Tributos (impostos COFINS 3%, e PIS 0,65%) | R26: CP | S26: 0.0365 | U26: - | X26: 0.0365 | Y26: 0.0365 | Z26: 0.0365
A27: =A26 -> Obras Portuárias, Marítimas e Fluviais | B27: SG | C27: =CONCATENATE(A27,"-",B27) -> Obras Portuárias, Marítimas e Fluviais-SG | E27: 0.0081 | F27: 0.0122 | G27: 0.0199 | I27: F | J27: Tributos (ISS, variável de acordo com o município) | R27: ISS | S27: =IF(AND($J17<>$A$145,COUNTA(OFFSET(S20,1,0,6))>0),$R$11*$R$10,0) -> 0.05 | U27: - | X27: 0 | Y27: 0.025 | Z27: 0.05
A28: =A27 -> Obras Portuárias, Marítimas e Fluviais | B28: R | C28: =CONCATENATE(A28,"-",B28) -> Obras Portuárias, Marítimas e Fluviais-R | E28: 0.0146 | F28: 0.0232 | G28: 0.0316 | I28: F | J28: Tributos (Contribuição Previdenciária sobre a Receita Bruta - 0% ou 4,5% - Desoneração) | R28: CPRB | S28: =IF(BDI.Opcao<>"Desonerado",0,IF(AND($J17<>$A$145,COUNTA(OFFSET(S20,1,0,6))>0),4.5%,0%)) -> 0 | U28: - | X28: 0 | Y28: 0.045 | Z28: 0.045
A29: =A28 -> Obras Portuárias, Marítimas e Fluviais | B29: DF | C29: =CONCATENATE(A29,"-",B29) -> Obras Portuárias, Marítimas e Fluviais-DF | E29: 0.0094 | F29: 0.0102 | G29: 0.0133 | I29: F | J29: BDI SEM desoneração (Fórmula Acórdão TCU) | R29: BDI PAD | S29: =IF($J17=$A$145,0,ROUND((((1+S21+S22+S23)*(1+S24)*(1+S25)/(1-(S26+S27)))-1),4)) -> 0.2247 | U29: =IF(OR($J$17=$A$146,$J$17=$A$145,AND(S29>=X29,S29<=Z29)),"OK","FORA DO INTERVALO") -> OK | X29: =IF($J17=$A$145,0,VLOOKUP(CONCATENATE($J17,"-",$R29),$C$2:$G$136,3,FALSE)) -> 0.2034 | Y29: =IF($J17=$A$145,0,VLOOKUP(CONCATENATE($J17,"-",$R29),$C$2:$G$136,4,FALSE)) -> 0.2212 | Z29: =IF($J17=$A$145,0,VLOOKUP(CONCATENATE($J17,"-",$R29),$C$2:$G$136,5,FALSE)) -> 0.25
A30: =A29 -> Obras Portuárias, Marítimas e Fluviais | B30: L | C30: =CONCATENATE(A30,"-",B30) -> Obras Portuárias, Marítimas e Fluviais-L | E30: 0.0714 | F30: 0.084 | G30: 0.1043 | I30: F | J30: BDI COM desoneração | R30: BDI DES | S30: =IF($J17=$A$145,0,ROUND((((1+S21+S22+S23)*(1+S24)*(1+S25)/(1-(S26+S27+S28)))-1),4)) -> 0.2247
A31: =A30 -> Obras Portuárias, Marítimas e Fluviais | B31: BDI PAD | C31: =CONCATENATE(A31,"-",B31) -> Obras Portuárias, Marítimas e Fluviais-BDI PAD | E31: 0.228 | F31: 0.2748 | G31: 0.3095 | I31: F
A32: Fornecimento de Materiais e Equipamentos (aquisição indireta - em conjunto com licitação de obras) | B32: AC | C32: =CONCATENATE(A32,"-",B32) -> Fornecimento de Materiais e Equipamentos (aquisição indireta - em conjunto com licitação de obras)-AC | E32: 0.015 | F32: 0.0345 | G32: 0.0449 | I32: F | J32: =IF(U29<>"ok","X","") | K32: =IF(U29<>"ok","Anexo: Relatório Técnico Circunstanciado justificando a adoção do percentual de cada parcela do BDI.","")
A33: =A32 -> Fornecimento de Materiais e Equipamentos (aquisição indireta - em conjunto com licitação de obras) | B33: SG | C33: =CONCATENATE(A33,"-",B33) -> Fornecimento de Materiais e Equipamentos (aquisição indireta - em conjunto com licitação de obras)-SG | E33: 0.003 | F33: 0.0048 | G33: 0.0082 | I33: F
A34: =A33 -> Fornecimento de Materiais e Equipamentos (aquisição indireta - em conjunto com licitação de obras) | B34: R | C34: =CONCATENATE(A34,"-",B34) -> Fornecimento de Materiais e Equipamentos (aquisição indireta - em conjunto com licitação de obras)-R | E34: 0.0056 | F34: 0.0085 | G34: 0.0089 | I34: F | J34: Os valores de BDI foram calculados com o emprego da fórmula:
A35: =A34 -> Fornecimento de Materiais e Equipamentos (aquisição indireta - em conjunto com licitação de obras) | B35: DF | C35: =CONCATENATE(A35,"-",B35) -> Fornecimento de Materiais e Equipamentos (aquisição indireta - em conjunto com licitação de obras)-DF | E35: 0.0085 | F35: 0.0085 | G35: 0.0111 | I35: F | M35: BDI = | N35: =IF($J17=$A$146,"(1+K1+K2)*(1+K3)","(1+AC + S + R + G)*(1 + DF)*(1+L)") -> (1+AC + S + R + G)*(1 + DF)*(1+L) | Q35: - 1
A36: =A35 -> Fornecimento de Materiais e Equipamentos (aquisição indireta - em conjunto com licitação de obras) | B36: L | C36: =CONCATENATE(A36,"-",B36) -> Fornecimento de Materiais e Equipamentos (aquisição indireta - em conjunto com licitação de obras)-L | E36: 0.035 | F36: 0.0511 | G36: 0.0622 | I36: F | N36: (1-CP-ISS-CRPB)
A37: =A36 -> Fornecimento de Materiais e Equipamentos (aquisição indireta - em conjunto com licitação de obras) | B37: BDI PAD | C37: =CONCATENATE(A37,"-",B37) -> Fornecimento de Materiais e Equipamentos (aquisição indireta - em conjunto com licitação de obras)-BDI PAD | E37: 0.111 | F37: 0.1402 | G37: 0.168 | I37: F
A38: Fornecimento de Materiais e Equipamentos (aquisição direta) | B38: AC | C38: =CONCATENATE(A38,"-",B38) -> Fornecimento de Materiais e Equipamentos (aquisição direta)-AC | E38: - | F38: - | G38: - | I38: F | J38: =CONCATENATE("Declaro para os devidos fins que, conforme legislação tributária municipal, a base de cálculo deste tipo de obra corresponde à ",$R$10*100,"%, com a respectiva alíquota de ",$R$11*100,"%.") -> Declaro para os devidos fins que, conforme legislação tributária municipal, a base de cálculo deste tipo de obra corresponde à 100%, com a respectiva alíquota de 5%.
A39: Fornecimento de Materiais e Equipamentos (aquisição direta) | B39: SG | C39: =CONCATENATE(A39,"-",B39) -> Fornecimento de Materiais e Equipamentos (aquisição direta)-SG | E39: - | F39: - | G39: - | I39: F
A40: Fornecimento de Materiais e Equipamentos (aquisição direta) | B40: R | C40: =CONCATENATE(A40,"-",B40) -> Fornecimento de Materiais e Equipamentos (aquisição direta)-R | E40: - | F40: - | G40: - | I40: F | J40: =CONCATENATE("Declaro para os devidos fins que o regime de Contribuição Previdenciária sobre a Receita Bruta adotado para elaboração do orçamento foi ",IF(DESONERACAO="Sim","COM","SEM")," Desoneração, e que esta é a alternativa mais adequada para a Administração Pública.") -> Declaro para os devidos fins que o regime de Contribuição Previdenciária sobre a Receita Bruta adotado para elaboração do orçamento foi SEM Desoneração, e que esta é a alternativa mais adequada para a Administração Pública.
A41: Fornecimento de Materiais e Equipamentos (aquisição direta) | B41: DF | C41: =CONCATENATE(A41,"-",B41) -> Fornecimento de Materiais e Equipamentos (aquisição direta)-DF | E41: - | F41: - | G41: - | I41: F
A42: Fornecimento de Materiais e Equipamentos (aquisição direta) | B42: L | C42: =CONCATENATE(A42,"-",B42) -> Fornecimento de Materiais e Equipamentos (aquisição direta)-L | E42: - | F42: - | G42: - | I42: F | J42: Observações:
A43: Fornecimento de Materiais e Equipamentos (aquisição direta) | B43: BDI PAD | C43: =CONCATENATE(A43,"-",B43) -> Fornecimento de Materiais e Equipamentos (aquisição direta)-BDI PAD | E43: - | F43: - | G43: - | I43: F
A44: Estudos e Projetos, Planos e Gerenciamento e outros correlatos | B44: K1 | C44: =CONCATENATE(A44,"-",B44) -> Estudos e Projetos, Planos e Gerenciamento e outros correlatos-K1 | E44: - | F44: - | G44: - | I44: F
A45: =A44 -> Estudos e Projetos, Planos e Gerenciamento e outros correlatos | B45: K2 | C45: =CONCATENATE(A45,"-",B45) -> Estudos e Projetos, Planos e Gerenciamento e outros correlatos-K2 | E45: - | F45: 0.2 | G45: - | I45: F | J45: =Import.Município -> Pirapora/MG | P45: =DADOS!$F$25 -> 45922
A46: =A45 -> Estudos e Projetos, Planos e Gerenciamento e outros correlatos | C46: =CONCATENATE(A46,"-",B46) -> Estudos e Projetos, Planos e Gerenciamento e outros correlatos- | E46: - | F46: - | G46: - | I46: F | J46: Local | P46: Data
A47: =A46 -> Estudos e Projetos, Planos e Gerenciamento e outros correlatos | C47: =CONCATENATE(A47,"-",B47) -> Estudos e Projetos, Planos e Gerenciamento e outros correlatos- | E47: - | F47: - | G47: - | I47: F
A48: =A47 -> Estudos e Projetos, Planos e Gerenciamento e outros correlatos | B48: K3 | C48: =CONCATENATE(A48,"-",B48) -> Estudos e Projetos, Planos e Gerenciamento e outros correlatos-K3 | E48: - | F48: 0.12 | G48: - | I48: F
A49: =A48 -> Estudos e Projetos, Planos e Gerenciamento e outros correlatos | B49: BDI PAD | C49: =CONCATENATE(A49,"-",B49) -> Estudos e Projetos, Planos e Gerenciamento e outros correlatos-BDI PAD | E49: - | F49: - | G49: - | I49: F | J49: Responsável Técnico
I50: F | J50: Nome: | K50: {=Import.RespOrçamento} -> Lwan Matheus Costa Souza
I51: F | J51: CREA/CAU: | K51: 255.542/D
I52: F | J52: ART/RRT: | K52: MG20253712585
I53: F
I54: =IF($S$69=0,"","F") | J54: BDI 2
I55: =IF($S$69=0,"","F")
I56: =IF($S$69=0,"","F") | J56: TIPO DE OBRA
I57: =IF($S$69=0,"","F") | J57: (SELECIONAR)
I58: =IF($S$69=0,"","F")
I59: =IF($S$69=0,"","F") | J59: Itens | R59: Siglas | S59: % Adotado | U59: Situação | X59: 1º Quartil | Y59: Médio | Z59: 3º Quartil
I60: =IF($S$69=0,"","F")
I61: =IF($S$69=0,"","F") | J61: =IF($J$17=$A$146,"Encargos Sociais incidentes sobre a mão de obra","Administração Central") -> Administração Central | R61: =IF($J57=$A$146,"K1","AC") -> AC | U61: - | X61: =VLOOKUP(CONCATENATE(J57,"-",R61),$C$2:$G$136,3,FALSE) -> #N/A | Y61: =VLOOKUP(CONCATENATE(J57,"-",R61),$C$2:$G$136,4,FALSE) -> #N/A | Z61: =VLOOKUP(CONCATENATE(J57,"-",R61),$C$2:$G$136,5,FALSE) -> #N/A
I62: =IF($S$69=0,"","F") | J62: =IF($J$17=$A$146,"Administração Central da empresa ou consultoria - overhead","Seguro e Garantia") -> Seguro e Garantia | R62: =IF($J57=$A$146,"K2","SG") -> SG | U62: - | X62: =VLOOKUP(CONCATENATE(J57,"-",R62),$C$2:$G$136,3,FALSE) -> #N/A | Y62: =VLOOKUP(CONCATENATE(J57,"-",R62),$C$2:$G$136,4,FALSE) -> #N/A | Z62: =VLOOKUP(CONCATENATE(J57,"-",R62),$C$2:$G$136,5,FALSE) -> #N/A
I63: =IF($S$69=0,"","F") | J63: =IF($J$17=$A$146,"","Risco") -> Risco | R63: =IF($J57=$A$146,"","R") -> R | U63: - | X63: =VLOOKUP(CONCATENATE(J57,"-",R63),$C$2:$G$136,3,FALSE) -> #N/A | Y63: =VLOOKUP(CONCATENATE(J57,"-",R63),$C$2:$G$136,4,FALSE) -> #N/A | Z63: =VLOOKUP(CONCATENATE(J57,"-",R63),$C$2:$G$136,5,FALSE) -> #N/A
I64: =IF($S$69=0,"","F") | J64: =IF($J$17=$A$146,"","Despesas Financeiras") -> Despesas Financeiras | R64: =IF($J57=$A$146,"","DF") -> DF | U64: - | X64: =VLOOKUP(CONCATENATE(J57,"-",R64),$C$2:$G$136,3,FALSE) -> #N/A | Y64: =VLOOKUP(CONCATENATE(J57,"-",R64),$C$2:$G$136,4,FALSE) -> #N/A | Z64: =VLOOKUP(CONCATENATE(J57,"-",R64),$C$2:$G$136,5,FALSE) -> #N/A
I65: =IF($S$69=0,"","F") | J65: =IF($J$17=$A$146,"Margem bruta da empresa de consultoria","Lucro") -> Lucro | R65: =IF($J57=$A$146,"K3","L") -> L | U65: - | X65: =VLOOKUP(CONCATENATE(J57,"-",R65),$C$2:$G$136,3,FALSE) -> #N/A | Y65: =VLOOKUP(CONCATENATE(J57,"-",R65),$C$2:$G$136,4,FALSE) -> #N/A | Z65: =VLOOKUP(CONCATENATE(J57,"-",R65),$C$2:$G$136,5,FALSE) -> #N/A
I66: =IF($S$69=0,"","F") | J66: Tributos (impostos COFINS 3%, e PIS 0,65%) | R66: CP | U66: - | X66: 0.0365 | Y66: 0.0365 | Z66: 0.0365
I67: =IF($S$69=0,"","F") | J67: Tributos (ISS, variável de acordo com o município) | R67: ISS | S67: =IF(AND($J57<>$A$145,COUNTA(OFFSET(S60,1,0,6))>0),$R$11*$R$10,0) -> 0 | U67: - | X67: 0 | Y67: 0.025 | Z67: 0.05
I68: =IF($S$69=0,"","F") | J68: Tributos (Contribuição Previdenciária sobre a Receita Bruta - 0% ou 4,5% - Desoneração) | R68: CPRB | S68: =IF(BDI.Opcao<>"Desonerado",0,IF(AND($J57<>$A$145,COUNTA(OFFSET(S60,1,0,6))>0),4.5%,0%)) -> 0 | U68: - | X68: 0 | Y68: 0.045 | Z68: 0.045
I69: =IF($S$69=0,"","F") | J69: BDI SEM desoneração (Fórmula Acórdão TCU) | R69: BDI PAD | S69: =IF($J57=$A$145,0,ROUND((((1+S61+S62+S63)*(1+S64)*(1+S65)/(1-(S66+S67)))-1),4)) -> 0 | U69: =IF(OR($J$17=$A$146,$J$17=$A$145,AND(S69>=X69,S69<=Z69)),"OK","FORA DO INTERVALO") -> #N/A | X69: =IF($J57=$A$145,0,VLOOKUP(CONCATENATE($J57,"-",$R69),$C$2:$G$136,3,FALSE)) -> #N/A | Y69: =IF($J57=$A$145,0,VLOOKUP(CONCATENATE($J57,"-",$R69),$C$2:$G$136,4,FALSE)) -> #N/A | Z69: =IF($J57=$A$145,0,VLOOKUP(CONCATENATE($J57,"-",$R69),$C$2:$G$136,5,FALSE)) -> #N/A
I70: =IF($S$69=0,"","F") | J70: BDI COM desoneração | R70: BDI DES | S70: =IF($J57=$A$145,0,ROUND((((1+S61+S62+S63)*(1+S64)*(1+S65)/(1-(S66+S67+S68)))-1),4)) -> 0
I71: =IF($S$69=0,"","F")
I72: =IF($S$69=0,"","F") | J72: =IF(U69<>"ok","X","") -> #N/A | K72: =IF(U69<>"ok","Anexo: Relatório Técnico Circunstanciado justificando a adoção do percentual de cada parcela do BDI.","") -> #N/A
I73: =IF($S$69=0,"","F")
I74: =IF($S$69=0,"","F") | J74: Os valores de BDI foram calculados com o emprego da fórmula:
I75: =IF($S$69=0,"","F") | M75: BDI = | N75: =IF($J57=$A$146,"(1+K1+K2)*(1+K3)","(1+AC + S + R + G)*(1 + DF)*(1+L)") -> (1+AC + S + R + G)*(1 + DF)*(1+L) | Q75: - 1
I76: =IF($S$69=0,"","F") | N76: (1-CP-ISS-CRPB)
I77: =IF($S$69=0,"","F")
I78: =IF($S$69=0,"","F") | J78: =CONCATENATE("Declaro para os devidos fins que, conforme legislação tributária municipal, a base de cálculo deste tipo de obra corresponde à ",$R$10*100,"%, com a respectiva alíquota de ",$R$11*100,"%.") -> Declaro para os devidos fins que, conforme legislação tributária municipal, a base de cálculo deste tipo de obra corresponde à 100%, com a respectiva alíquota de 5%.
I79: =IF($S$69=0,"","F")
I80: =IF($S$69=0,"","F") | J80: =CONCATENATE("Declaro para os devidos fins que o regime de Contribuição Previdenciária sobre a Receita Bruta adotado para elaboração do orçamento foi ",IF(DESONERACAO="Sim","COM","SEM")," Desoneração, e que esta é a alternativa mais adequada para a Administração Pública.") -> Declaro para os devidos fins que o regime de Contribuição Previdenciária sobre a Receita Bruta adotado para elaboração do orçamento foi SEM Desoneração, e que esta é a alternativa mais adequada para a Administração Pública.
I81: =IF($S$69=0,"","F")
I82: =IF($S$69=0,"","F") | J82: Observações:
I83: =IF($S$69=0,"","F")
I84: =IF($S$69=0,"","F")
I85: =IF($S$69=0,"","F") | J85: =Import.Município -> Pirapora/MG | P85: =DADOS!$F$25 -> 45922
I86: =IF($S$69=0,"","F") | J86: Local | P86: Data
I87: =IF($S$69=0,"","F")
I88: =IF($S$69=0,"","F")
I89: =IF($S$69=0,"","F") | J89: Responsável Técnico
I90: =IF($S$69=0,"","F") | J90: Nome: | K90: {=Import.RespOrçamento} -> Lwan Matheus Costa Souza
I91: =IF($S$69=0,"","F") | J91: CREA/CAU: | K91: 255.542/D
I92: =IF($S$69=0,"","F") | J92: ART/RRT: | K92: MG20253712585
I93: =IF($S$69=0,"","F")
I94: =IF($S$109=0,"","F") | J94: BDI 3
I95: =IF($S$109=0,"","F")
I96: =IF($S$109=0,"","F") | J96: TIPO DE OBRA
I97: =IF($S$109=0,"","F") | J97: (SELECIONAR)
I98: =IF($S$109=0,"","F")
I99: =IF($S$109=0,"","F") | J99: Itens | R99: Siglas | S99: % Adotado | U99: Situação | X99: 1º Quartil | Y99: Médio | Z99: 3º Quartil
I100: =IF($S$109=0,"","F")
...

Sheet ORÇAMENTO
R1: PO - PLANILHA ORÇAMENTÁRIA | X1: Grau de Sigilo
D2: LOTE | E2: Meta | F2: Nível 2 | G2: Nível 3 | H2: Nível 4 | I2: Serviço | R2: =IF(TIPOORCAMENTO="licitado","Orçamento Licitado","Orçamento Base para Licitação")&" - "&import.recurso -> Orçamento Base para Licitação - (SELECIONAR) | X2: #PUBLICO
A4: Nmax | F4: BDI 1 | G4: BDI 2 | H4: BDI 3 | I4: 0 | O4: Nº OPERAÇÃO | Q4: Nº TransfereGOV | R4: PROPONENTE / TOMADOR | S4: APELIDO DO EMPREENDIMENTO
A5: =MAX($C$15:$C$747) -> 4 | F5: =IF(BDI.Opcao="DESONERADO",BDI!$S$30,BDI!$S$29) -> 0.2247 | G5: =IF(BDI.Opcao="DESONERADO",BDI!$S$70,BDI!$S$69) -> 0 | H5: =IF(BDI.Opcao="DESONERADO",BDI!$S$110,BDI!$S$109) -> 0 | O5: =Import.CR -> 1094391-68 | Q5: {=Import.TransfereGOV} -> 960797/2024 | R5: =Import.Proponente -> Prefeitura Municipal de Pirapora | S5: =Import.Apelido -> CEMEI Santa Mariana Pirapora/MG. Projeto Padrão FNDE- Creche e Pré Escola Tipo I. | AE5: Arredondamento
O7: LOCALIDADE SINAPI | Q7: DATA BASE | R7: =IF(TIPOORCAMENTO="Licitado","NOME DA EMPRESA","DESCRIÇÃO DO LOTE") -> DESCRIÇÃO DO LOTE | S7: =IF(TIPOORCAMENTO="Licitado","REGIME DE EXECUÇÃO","MUNICÍPIO / UF") -> MUNICÍPIO / UF | V7: =IF(TIPOORCAMENTO="Licitado","","BDI 1") -> BDI 1 | W7: =IF(TIPOORCAMENTO="Licitado","","BDI 2") -> BDI 2 | X7: =IF(TIPOORCAMENTO="Licitado","Nº CTEF","BDI 3") -> BDI 3 | AE7: Quantidade | AF7: TRUE | AJ7: QUANTIDADES: ACOMP. POR BM | AL7: PREÇO UNITÁRIO LICITADO
F8: =IF(LEN(INFO("release"))>5,"'Referência "&Excel_BuiltIn_Database&".xlsm'#Banco.$a5:$a$65536","'[Referência "&Excel_BuiltIn_Database&".xlsm]Banco'!$a5:$a$65536") -> '[Referência 02-2025.xlsm]Banco'!$a5:$a$65536 | L8: FILTRO | O8: =IF(ISERROR(INDIRECT($F$9)),"(N/D: 'Referência "&Excel_BuiltIn_Database&".xlsm)",INDIRECT($F$9)) -> (N/D: 'Referência 02-2025.xlsm) | Q8: =TEXT(Import.DataBase,"mm-aa")&IF(DESONERACAO="Sim"," (DES.)"," (N DES.)") -> 02-25 (N DES.) | R8: =IF(TIPOORCAMENTO="Licitado",Import.empresa,Import.DescLote) -> Centro Municipal de Educação Infantil - CEMEI Santa Mariana Pirapora/MG. Projeto Padrão FNDE- Creche e Pré escola Tipo I. | S8: =IF(TIPOORCAMENTO="Licitado",Import.RegimeExecução,Import.Município) -> Pirapora/MG | V8: =IF(TIPOORCAMENTO="Licitado","",TEXT(F5,"0,00%")) -> 22,47% | W8: =IF(TIPOORCAMENTO="Licitado","",TEXT(G5,"0,00%")) -> 0,00% | X8: =IF(TIPOORCAMENTO="Licitado",Import.CTEF,TEXT(H5,"0,00%")) -> 0,00% | Y8: RECURSO | Z8: SGL RECURSO | AE8: Custo Unitáro | AF8: TRUE
F9: =IF(LEN(INFO("release"))>5,"'Referência "&Excel_BuiltIn_Database&".xlsm'#Banco.$d$3","'[Referência "&Excel_BuiltIn_Database&".xlsm]Banco'!$d$3") -> '[Referência 02-2025.xlsm]Banco'!$d$3 | AE9: BDI | AF9: TRUE
AC10: ERRO GERAL | AE10: Preço Unitário | AF10: TRUE
AC11: =IF(COUNTIF($AC$15:OFFSET($AC$747,-1,0),"DESCRIÇÃO")+COUNTIF($AC$15:OFFSET($AC$747,-1,0),"UNIDADE")+COUNTIF($AC$15:OFFSET($AC$747,-1,0),"SEM VALOR")>0,"NÃO OK","OK") -> OK | AE11: Preço Total | AF11: TRUE
AA12: Valores não Arredondados | AJ12: ↓ | AL12: ↓
A13: Nível E | B13: Save Nivel | C13: Nível C | D13: Altura | E13: n1 | F13: n2 | G13: n3 | H13: n4 | I13: n5 | J13: Czero | K13: Cnível | L13: ↓ | M13: Nível | N13: Nível Corrigido | O13: Item | P13: Fonte | Q13: Código | R13: Descrição | S13: Unidade | T13: Quantidade | U13: =IF(TIPOORCAMENTO="Licitado","","Custo Unitário (sem BDI) (R$)") -> Custo Unitário (sem BDI) (R$) | V13: =IF(TIPOORCAMENTO="Licitado","","BDI (%)") -> BDI (%) | W13: Preço Unitário (com BDI) (R$) | X13: Preço Total (R$) | Y13: ↓ | Z13: ↓ | AA13: Contrapartida (R$) | AB13: Outros (R$) | AC13: Erro de Dados | AD13: Lista Crono | AE13: Concatenação Fonte-Código | AF13: BancoDesloc | AG13: Custo Unitário Referência (R$) | AH13: =IF(TIPOORCAMENTO="LICITADO","Valor BDI Edital","Valor BDI") -> Valor BDI | AJ13: Quantidade | AL13: Preço Unitário (com BDI) (R$) | AM13: Preço Total Licit. (R$) | AN13: Preço Unitário Edital (R$)
A14: =CHOOSE(1+LOG(1+2*(ORÇAMENTO.Nivel="Meta")+4*(ORÇAMENTO.Nivel="Nível 2")+8*(ORÇAMENTO.Nivel="Nível 3")+16*(ORÇAMENTO.Nivel="Nível 4")+32*(ORÇAMENTO.Nivel="Serviço"),2),0,1,2,3,4,"S") -> S | B14: =IF(OR(C14="s",C14=0),OFFSET(B14,-1,0),C14) -> Save Nivel | C14: =IF(OFFSET(C14,-1,0)="L",1,IF(OFFSET(C14,-1,0)=1,2,IF(OR(A14="s",A14=0),"S",IF(AND(OFFSET(C14,-1,0)=2,A14=4),3,IF(AND(OR(OFFSET(C14,-1,0)="s",OFFSET(C14,-1,0)=0),A14<>"s",A14>OFFSET(B14,-1,0)),OFFSET(B14,-1,0),A14))))) -> S | D14: =IF(OR(C14="S",C14=0),0,IF(ISERROR(K14),J14,SMALL(J14:K14,1))) -> 0 | E14: =IF($C14=1,OFFSET(E14,-1,0)+MAX(1,COUNTIF(QCI!$A$13:$A$24,OFFSET(ORÇAMENTO!E14,-1,0))),OFFSET(E14,-1,0)) -> n1 | F14: =IF($C14=1,0,IF($C14=2,OFFSET(F14,-1,0)+1,OFFSET(F14,-1,0))) -> n2 | G14: =IF(AND($C14<=2,$C14<>0),0,IF($C14=3,OFFSET(G14,-1,0)+1,OFFSET(G14,-1,0))) -> n3 | H14: =IF(AND($C14<=3,$C14<>0),0,IF($C14=4,OFFSET(H14,-1,0)+1,OFFSET(H14,-1,0))) -> n4 | I14: =IF(AND($C14<=4,$C14<>0),0,IF(AND($C14="S",$X14>0),OFFSET(I14,-1,0)+1,OFFSET(I14,-1,0))) -> n5 | J14: =IF(OR($C14="S",$C14=0),0,MATCH(0,OFFSET($D14,1,$C14,ROW($C$747)-ROW($C14)),0)) -> 0 | K14: =IF(OR($C14="S",$C14=0),0,MATCH(OFFSET($D14,0,$C14)+IF($C14<>1,1,COUNTIF(QCI!$A$13:$A$24,ORÇAMENTO!E14)),OFFSET($D14,1,$C14,ROW($C$747)-ROW($C14)),0)) -> 0 | L14: =IF(OR($X14>0,$C14=1,$C14=2,$C14=3,$C14=4),"F","") | M14: Serviço | N14: =CHOOSE(1+LOG(1+2*(C14=1)+4*(C14=2)+8*(C14=3)+16*(C14=4)+32*(C14="S"),2),"","Meta","Nível 2","Nível 3","Nível 4","Serviço") -> Serviço | O14: =IF(OR($C14=0,$L14=""),"-",CONCATENATE(E14&".",IF(AND($A$5>=2,$C14>=2),F14&".",""),IF(AND($A$5>=3,$C14>=3),G14&".",""),IF(AND($A$5>=4,$C14>=4),H14&".",""),IF($C14="S",I14&".",""))) -> - | P14: SINAPI | R14: =IF($C14="S",REFERENCIA.Descricao,"(digite a descrição aqui)") -> (abra o arquivo 'Referência 02-2025.xlsm) | S14: =REFERENCIA.Unidade -> - | T14: =OFFSET(CÁLCULO!H$15,ROW($T14)-ROW(T$15),0) -> 0 | V14: BDI 1 | W14: =IF($C14="S",ROUND(IF(TIPOORCAMENTO="Proposto",ORÇAMENTO.CustoUnitario*(1+$AH14),ORÇAMENTO.PrecoUnitarioLicitado),15-13*$AF$10),0) -> 0 | X14: =IF($C14="S",IF(Import.TipoArredondamento<>"TransfereGOV",VTOTAL1,SUM(OFFSET(CÁLCULO!$AA$15,ROW($X14)-ROW($X$15),1):OFFSET(CÁLCULO!$AL$15,ROW($X14)-ROW($X$15),-1))),IF($C14=0,0,ROUND(SomaAgrup,15-13*$AF$11))) -> 0 | Y14: RA | Z14: =IF(AND($C14="S",$X14>0),IF(ISBLANK($Y14),"RA",LEFT($Y14,2)),"") | AA14: =IF($C14="S",IF($Z14="CP",$X14,IF($Z14="RA",(($X14)*QCI!$AA$3),0)),SomaAgrup) -> 0 | AB14: =IF($C14="S",IF($Z14="OU",ROUND($X14,2),0),SomaAgrup) -> 0 | AC14: =IF($N14="","",IF(ORÇAMENTO.Descricao="","DESCRIÇÃO",IF(AND($C14="S",ORÇAMENTO.Unidade=""),"UNIDADE",IF($X14<0,"VALOR NEGATIVO",IF(OR(AND(TIPOORCAMENTO="Proposto",$AG14<>"",$AG14>0,ORÇAMENTO.CustoUnitario>$AG14),AND(TIPOORCAMENTO="LICITADO",ORÇAMENTO.PrecoUnitarioLicitado>$AN14)),"ACIMA REF.",""))))) | AD14: =IF(C14<=CRONO.NivelExibicao,MAX($AD$15:OFFSET(AD14,-1,0))+IF($C14<>1,1,MAX(1,COUNTIF(QCI!$A$13:$A$24,OFFSET($E14,-1,0)))),"") | AE14: =IF(AND($C14="S",ORÇAMENTO.CodBarra<>""),IF(ORÇAMENTO.Fonte="",ORÇAMENTO.CodBarra,CONCATENATE(ORÇAMENTO.Fonte," ",ORÇAMENTO.CodBarra))) -> FALSE | AF14: =IF(ISERROR(INDIRECT(ORÇAMENTO.BancoRef)),"(abra o arquivo 'Referência "&Excel_BuiltIn_Database&".xlsm)",IF(OR($C14<>"S",ORÇAMENTO.CodBarra=""),"(Sem Código)",IF(ISERROR(MATCH($AE14,INDIRECT(ORÇAMENTO.BancoRef),0)),"(Código não identificado nas referências)",MATCH($AE14,INDIRECT(ORÇAMENTO.BancoRef),0)))) -> (abra o arquivo 'Referência 02-2025.xlsm) | AG14: =ROUND(IF(DESONERACAO="sim",REFERENCIA.Desonerado,REFERENCIA.NaoDesonerado),2) -> 0 | AH14: =ROUND(IF(ISNUMBER(ORÇAMENTO.OpcaoBDI),ORÇAMENTO.OpcaoBDI,IF(LEFT(ORÇAMENTO.OpcaoBDI,3)="BDI",HLOOKUP(ORÇAMENTO.OpcaoBDI,$F$4:$H$5,2,FALSE),0)),15-11*$AF$9) -> 0.2247 | AM14: =$X14 -> 0 | AN14: =ROUND(ORÇAMENTO.CustoUnitario*(1+$AH14),2) -> 0
A15: 0 | C15: L | D15: =COUNTA(OFFSET(D15,1,0):D$747) -> 731 | E15: 0 | L15: F | M15: =IF(TIPOORCAMENTO="LICITADO","CTEF","LOTE") -> LOTE | N15: =IF(TIPOORCAMENTO="LICITADO","CTEF","LOTE") -> LOTE | O15: =Import.DescLote -> Centro Municipal de Educação Infantil - CEMEI Santa Mariana Pirapora/MG. Projeto Padrão FNDE- Creche e Pré escola Tipo I. | X15: =SUMIF(OFFSET($C15,1,0,ROW(X747)-ROW(X15)-1),"S",OFFSET(X15,1,0,ROW(X747)-ROW(X15)-1)) -> 0 | Z15: =IF(AND($C15="S",$X15>0),LEFT($Y15,2),"") | AA15: =SUMIF(OFFSET($C15,1,0,ROW(AA747)-ROW(AA15)-1),"S",OFFSET(AA15,1,0,ROW(AA747)-ROW(AA15)-1)) -> 0 | AB15: =SUMIF(OFFSET($C15,1,0,ROW(AB747)-ROW(AB15)-1),"S",OFFSET(AB15,1,0,ROW(AB747)-ROW(AB15)-1)) -> 0 | AM15: =$X15 -> 0
A16: =CHOOSE(1+LOG(1+2*(ORÇAMENTO.Nivel="Meta")+4*(ORÇAMENTO.Nivel="Nível 2")+8*(ORÇAMENTO.Nivel="Nível 3")+16*(ORÇAMENTO.Nivel="Nível 4")+32*(ORÇAMENTO.Nivel="Serviço"),2),0,1,2,3,4,"S") -> 1 | B16: =IF(OR(C16="s",C16=0),OFFSET(B16,-1,0),C16) -> 1 | C16: =IF(OFFSET(C16,-1,0)="L",1,IF(OFFSET(C16,-1,0)=1,2,IF(OR(A16="s",A16=0),"S",IF(AND(OFFSET(C16,-1,0)=2,A16=4),3,IF(AND(OR(OFFSET(C16,-1,0)="s",OFFSET(C16,-1,0)=0),A16<>"s",A16>OFFSET(B16,-1,0)),OFFSET(B16,-1,0),A16))))) -> 1 | D16: =IF(OR(C16="S",C16=0),0,IF(ISERROR(K16),J16,SMALL(J16:K16,1))) -> 731 | E16: =IF($C16=1,OFFSET(E16,-1,0)+MAX(1,COUNTIF(QCI!$A$13:$A$24,OFFSET(ORÇAMENTO!E16,-1,0))),OFFSET(E16,-1,0)) -> 1 | F16: =IF($C16=1,0,IF($C16=2,OFFSET(F16,-1,0)+1,OFFSET(F16,-1,0))) -> 0 | G16: =IF(AND($C16<=2,$C16<>0),0,IF($C16=3,OFFSET(G16,-1,0)+1,OFFSET(G16,-1,0))) -> 0 | H16: =IF(AND($C16<=3,$C16<>0),0,IF($C16=4,OFFSET(H16,-1,0)+1,OFFSET(H16,-1,0))) -> 0 | I16: =IF(AND($C16<=4,$C16<>0),0,IF(AND($C16="S",$X16>0),OFFSET(I16,-1,0)+1,OFFSET(I16,-1,0))) -> 0 | J16: =IF(OR($C16="S",$C16=0),0,MATCH(0,OFFSET($D16,1,$C16,ROW($C$747)-ROW($C16)),0)) -> 731 | K16: =IF(OR($C16="S",$C16=0),0,MATCH(OFFSET($D16,0,$C16)+IF($C16<>1,1,COUNTIF(QCI!$A$13:$A$24,ORÇAMENTO!E16)),OFFSET($D16,1,$C16,ROW($C$747)-ROW($C16)),0)) -> #N/A | L16: =IF(OR($X16>0,$C16=1,$C16=2,$C16=3,$C16=4),"F","") -> F | M16: Meta | N16: =CHOOSE(1+LOG(1+2*(C16=1)+4*(C16=2)+8*(C16=3)+16*(C16=4)+32*(C16="S"),2),"","Meta","Nível 2","Nível 3","Nível 4","Serviço") -> Meta | O16: =IF(OR($C16=0,$L16=""),"-",CONCATENATE(E16&".",IF(AND($A$5>=2,$C16>=2),F16&".",""),IF(AND($A$5>=3,$C16>=3),G16&".",""),IF(AND($A$5>=4,$C16>=4),H16&".",""),IF($C16="S",I16&".",""))) -> 1. | P16: SINAPI | R16: CEMEI Santa Mariana Pirapora/MG. Projeto Padrão FNDE- Creche e Pré Escola Tipo I. | S16: =REFERENCIA.Unidade -> - | T16: =OFFSET(CÁLCULO!H$15,ROW($T16)-ROW(T$15),0) -> 0 | V16: BDI 1 | W16: =IF($C16="S",ROUND(IF(TIPOORCAMENTO="Proposto",ORÇAMENTO.CustoUnitario*(1+$AH16),ORÇAMENTO.PrecoUnitarioLicitado),15-13*$AF$10),0) -> 0 | X16: =IF($C16="S",IF(Import.TipoArredondamento<>"TransfereGOV",VTOTAL1,SUM(OFFSET(CÁLCULO!$AA$15,ROW($X16)-ROW($X$15),1):OFFSET(CÁLCULO!$AL$15,ROW($X16)-ROW($X$15),-1))),IF($C16=0,0,ROUND(SomaAgrup,15-13*$AF$11))) -> 0 | Y16: RA | Z16: =IF(AND($C16="S",$X16>0),IF(ISBLANK($Y16),"RA",LEFT($Y16,2)),"") | AA16: =IF($C16="S",IF($Z16="CP",$X16,IF($Z16="RA",(($X16)*QCI!$AA$3),0)),SomaAgrup) -> 0 | AB16: =IF($C16="S",IF($Z16="OU",ROUND($X16,2),0),SomaAgrup) -> 0 | AC16: =IF($N16="","",IF(ORÇAMENTO.Descricao="","DESCRIÇÃO",IF(AND($C16="S",ORÇAMENTO.Unidade=""),"UNIDADE",IF($X16<0,"VALOR NEGATIVO",IF(OR(AND(TIPOORCAMENTO="Proposto",$AG16<>"",$AG16>0,ORÇAMENTO.CustoUnitario>$AG16),AND(TIPOORCAMENTO="LICITADO",ORÇAMENTO.PrecoUnitarioLicitado>$AN16)),"ACIMA REF.",""))))) | AD16: =IF(C16<=CRONO.NivelExibicao,MAX($AD$15:OFFSET(AD16,-1,0))+IF($C16<>1,1,MAX(1,COUNTIF(QCI!$A$13:$A$24,OFFSET($E16,-1,0)))),"") -> 1 | AE16: =IF(AND($C16="S",ORÇAMENTO.CodBarra<>""),IF(ORÇAMENTO.Fonte="",ORÇAMENTO.CodBarra,CONCATENATE(ORÇAMENTO.Fonte," ",ORÇAMENTO.CodBarra))) -> FALSE | AF16: =IF(ISERROR(INDIRECT(ORÇAMENTO.BancoRef)),"(abra o arquivo 'Referência "&Excel_BuiltIn_Database&".xlsm)",IF(OR($C16<>"S",ORÇAMENTO.CodBarra=""),"(Sem Código)",IF(ISERROR(MATCH($AE16,INDIRECT(ORÇAMENTO.BancoRef),0)),"(Código não identificado nas referências)",MATCH($AE16,INDIRECT(ORÇAMENTO.BancoRef),0)))) -> (abra o arquivo 'Referência 02-2025.xlsm) | AG16: =ROUND(IF(DESONERACAO="sim",REFERENCIA.Desonerado,REFERENCIA.NaoDesonerado),2) -> 0 | AH16: =ROUND(IF(ISNUMBER(ORÇAMENTO.OpcaoBDI),ORÇAMENTO.OpcaoBDI,IF(LEFT(ORÇAMENTO.OpcaoBDI,3)="BDI",HLOOKUP(ORÇAMENTO.OpcaoBDI,$F$4:$H$5,2,FALSE),0)),15-11*$AF$9) -> 0.2247 | AM16: =$X16 -> 0 | AN16: =ROUND(ORÇAMENTO.CustoUnitario*(1+$AH16),2) -> 0
A17: =CHOOSE(1+LOG(1+2*(ORÇAMENTO.Nivel="Meta")+4*(ORÇAMENTO.Nivel="Nível 2")+8*(ORÇAMENTO.Nivel="Nível 3")+16*(ORÇAMENTO.Nivel="Nível 4")+32*(ORÇAMENTO.Nivel="Serviço"),2),0,1,2,3,4,"S") -> 2 | B17: =IF(OR(C17="s",C17=0),OFFSET(B17,-1,0),C17) -> 2 | C17: =IF(OFFSET(C17,-1,0)="L",1,IF(OFFSET(C17,-1,0)=1,2,IF(OR(A17="s",A17=0),"S",IF(AND(OFFSET(C17,-1,0)=2,A17=4),3,IF(AND(OR(OFFSET(C17,-1,0)="s",OFFSET(C17,-1,0)=0),A17<>"s",A17>OFFSET(B17,-1,0)),OFFSET(B17,-1,0),A17))))) -> 2 | D17: =IF(OR(C17="S",C17=0),0,IF(ISERROR(K17),J17,SMALL(J17:K17,1))) -> 10 | E17: =IF($C17=1,OFFSET(E17,-1,0)+MAX(1,COUNTIF(QCI!$A$13:$A$24,OFFSET(ORÇAMENTO!E17,-1,0))),OFFSET(E17,-1,0)) -> 1 | F17: =IF($C17=1,0,IF($C17=2,OFFSET(F17,-1,0)+1,OFFSET(F17,-1,0))) -> 1 | G17: =IF(AND($C17<=2,$C17<>0),0,IF($C17=3,OFFSET(G17,-1,0)+1,OFFSET(G17,-1,0))) -> 0 | H17: =IF(AND($C17<=3,$C17<>0),0,IF($C17=4,OFFSET(H17,-1,0)+1,OFFSET(H17,-1,0))) -> 0 | I17: =IF(AND($C17<=4,$C17<>0),0,IF(AND($C17="S",$X17>0),OFFSET(I17,-1,0)+1,OFFSET(I17,-1,0))) -> 0 | J17: =IF(OR($C17="S",$C17=0),0,MATCH(0,OFFSET($D17,1,$C17,ROW($C$747)-ROW($C17)),0)) -> 730 | K17: =IF(OR($C17="S",$C17=0),0,MATCH(OFFSET($D17,0,$C17)+IF($C17<>1,1,COUNTIF(QCI!$A$13:$A$24,ORÇAMENTO!E17)),OFFSET($D17,1,$C17,ROW($C$747)-ROW($C17)),0)) -> 10 | L17: =IF(OR($X17>0,$C17=1,$C17=2,$C17=3,$C17=4),"F","") -> F | M17: Nível 2 | N17: =CHOOSE(1+LOG(1+2*(C17=1)+4*(C17=2)+8*(C17=3)+16*(C17=4)+32*(C17="S"),2),"","Meta","Nível 2","Nível 3","Nível 4","Serviço") -> Nível 2 | O17: =IF(OR($C17=0,$L17=""),"-",CONCATENATE(E17&".",IF(AND($A$5>=2,$C17>=2),F17&".",""),IF(AND($A$5>=3,$C17>=3),G17&".",""),IF(AND($A$5>=4,$C17>=4),H17&".",""),IF($C17="S",I17&".",""))) -> 1.1. | P17: SINAPI | R17: =IF($C17="S",REFERENCIA.Descricao,"SERVIÇOS PRELIMINARES") -> SERVIÇOS PRELIMINARES | S17: =REFERENCIA.Unidade -> - | T17: =OFFSET(CÁLCULO!H$15,ROW($T17)-ROW(T$15),0) -> 0 | V17: BDI 1 | W17: =IF($C17="S",ROUND(IF(TIPOORCAMENTO="Proposto",ORÇAMENTO.CustoUnitario*(1+$AH17),ORÇAMENTO.PrecoUnitarioLicitado),15-13*$AF$10),0) -> 0 | X17: =IF($C17="S",IF(Import.TipoArredondamento<>"TransfereGOV",VTOTAL1,SUM(OFFSET(CÁLCULO!$AA$15,ROW($X17)-ROW($X$15),1):OFFSET(CÁLCULO!$AL$15,ROW($X17)-ROW($X$15),-1))),IF($C17=0,0,ROUND(SomaAgrup,15-13*$AF$11))) -> 0 | Y17: RA | Z17: =IF(AND($C17="S",$X17>0),IF(ISBLANK($Y17),"RA",LEFT($Y17,2)),"") | AA17: =IF($C17="S",IF($Z17="CP",$X17,IF($Z17="RA",(($X17)*QCI!$AA$3),0)),SomaAgrup) -> 0 | AB17: =IF($C17="S",IF($Z17="OU",ROUND($X17,2),0),SomaAgrup) -> 0 | AC17: =IF($N17="","",IF(ORÇAMENTO.Descricao="","DESCRIÇÃO",IF(AND($C17="S",ORÇAMENTO.Unidade=""),"UNIDADE",IF($X17<0,"VALOR NEGATIVO",IF(OR(AND(TIPOORCAMENTO="Proposto",$AG17<>"",$AG17>0,ORÇAMENTO.CustoUnitario>$AG17),AND(TIPOORCAMENTO="LICITADO",ORÇAMENTO.PrecoUnitarioLicitado>$AN17)),"ACIMA REF.",""))))) | AD17: =IF(C17<=CRONO.NivelExibicao,MAX($AD$15:OFFSET(AD17,-1,0))+IF($C17<>1,1,MAX(1,COUNTIF(QCI!$A$13:$A$24,OFFSET($E17,-1,0)))),"") -> 2 | AE17: =IF(AND($C17="S",ORÇAMENTO.CodBarra<>""),IF(ORÇAMENTO.Fonte="",ORÇAMENTO.CodBarra,CONCATENATE(ORÇAMENTO.Fonte," ",ORÇAMENTO.CodBarra))) -> FALSE | AF17: =IF(ISERROR(INDIRECT(ORÇAMENTO.BancoRef)),"(abra o arquivo 'Referência "&Excel_BuiltIn_Database&".xlsm)",IF(OR($C17<>"S",ORÇAMENTO.CodBarra=""),"(Sem Código)",IF(ISERROR(MATCH($AE17,INDIRECT(ORÇAMENTO.BancoRef),0)),"(Código não identificado nas referências)",MATCH($AE17,INDIRECT(ORÇAMENTO.BancoRef),0)))) -> (abra o arquivo 'Referência 02-2025.xlsm) | AG17: =ROUND(IF(DESONERACAO="sim",REFERENCIA.Desonerado,REFERENCIA.NaoDesonerado),2) -> 0 | AH17: =ROUND(IF(ISNUMBER(ORÇAMENTO.OpcaoBDI),ORÇAMENTO.OpcaoBDI,IF(LEFT(ORÇAMENTO.OpcaoBDI,3)="BDI",HLOOKUP(ORÇAMENTO.OpcaoBDI,$F$4:$H$5,2,FALSE),0)),15-11*$AF$9) -> 0.2247 | AM17: =$X17 -> 0 | AN17: =ROUND(ORÇAMENTO.CustoUnitario*(1+$AH17),2) -> 0
A18: =CHOOSE(1+LOG(1+2*(ORÇAMENTO.Nivel="Meta")+4*(ORÇAMENTO.Nivel="Nível 2")+8*(ORÇAMENTO.Nivel="Nível 3")+16*(ORÇAMENTO.Nivel="Nível 4")+32*(ORÇAMENTO.Nivel="Serviço"),2),0,1,2,3,4,"S") -> S | B18: =IF(OR(C18="s",C18=0),OFFSET(B18,-1,0),C18) -> 2 | C18: =IF(OFFSET(C18,-1,0)="L",1,IF(OFFSET(C18,-1,0)=1,2,IF(OR(A18="s",A18=0),"S",IF(AND(OFFSET(C18,-1,0)=2,A18=4),3,IF(AND(OR(OFFSET(C18,-1,0)="s",OFFSET(C18,-1,0)=0),A18<>"s",A18>OFFSET(B18,-1,0)),OFFSET(B18,-1,0),A18))))) -> S | D18: =IF(OR(C18="S",C18=0),0,IF(ISERROR(K18),J18,SMALL(J18:K18,1))) -> 0 | E18: =IF($C18=1,OFFSET(E18,-1,0)+MAX(1,COUNTIF(QCI!$A$13:$A$24,OFFSET(ORÇAMENTO!E18,-1,0))),OFFSET(E18,-1,0)) -> 1 | F18: =IF($C18=1,0,IF($C18=2,OFFSET(F18,-1,0)+1,OFFSET(F18,-1,0))) -> 1 | G18: =IF(AND($C18<=2,$C18<>0),0,IF($C18=3,OFFSET(G18,-1,0)+1,OFFSET(G18,-1,0))) -> 0 | H18: =IF(AND($C18<=3,$C18<>0),0,IF($C18=4,OFFSET(H18,-1,0)+1,OFFSET(H18,-1,0))) -> 0 | I18: =IF(AND($C18<=4,$C18<>0),0,IF(AND($C18="S",$X18>0),OFFSET(I18,-1,0)+1,OFFSET(I18,-1,0))) -> 0 | J18: =IF(OR($C18="S",$C18=0),0,MATCH(0,OFFSET($D18,1,$C18,ROW($C$747)-ROW($C18)),0)) -> 0 | K18: =IF(OR($C18="S",$C18=0),0,MATCH(OFFSET($D18,0,$C18)+IF($C18<>1,1,COUNTIF(QCI!$A$13:$A$24,ORÇAMENTO!E18)),OFFSET($D18,1,$C18,ROW($C$747)-ROW($C18)),0)) -> 0 | L18: =IF(OR($X18>0,$C18=1,$C18=2,$C18=3,$C18=4),"F","") | M18: Serviço | N18: =CHOOSE(1+LOG(1+2*(C18=1)+4*(C18=2)+8*(C18=3)+16*(C18=4)+32*(C18="S"),2),"","Meta","Nível 2","Nível 3","Nível 4","Serviço") -> Serviço | O18: =IF(OR($C18=0,$L18=""),"-",CONCATENATE(E18&".",IF(AND($A$5>=2,$C18>=2),F18&".",""),IF(AND($A$5>=3,$C18>=3),G18&".",""),IF(AND($A$5>=4,$C18>=4),H18&".",""),IF($C18="S",I18&".",""))) -> - | P18: SINAPI | Q18: 103689 | R18: =IF($C18="S",REFERENCIA.Descricao,"(digite a descrição aqui)") -> (abra o arquivo 'Referência 02-2025.xlsm) | S18: =REFERENCIA.Unidade -> - | T18: =OFFSET(CÁLCULO!H$15,ROW($T18)-ROW(T$15),0) -> 6.48 | U18: =AG18 -> 0 | V18: BDI 1 | W18: =IF($C18="S",ROUND(IF(TIPOORCAMENTO="Proposto",ORÇAMENTO.CustoUnitario*(1+$AH18),ORÇAMENTO.PrecoUnitarioLicitado),15-13*$AF$10),0) -> 0 | X18: =IF($C18="S",IF(Import.TipoArredondamento<>"TransfereGOV",VTOTAL1,SUM(OFFSET(CÁLCULO!$AA$15,ROW($X18)-ROW($X$15),1):OFFSET(CÁLCULO!$AL$15,ROW($X18)-ROW($X$15),-1))),IF($C18=0,0,ROUND(SomaAgrup,15-13*$AF$11))) -> 0 | Y18: RA | Z18: =IF(AND($C18="S",$X18>0),IF(ISBLANK($Y18),"RA",LEFT($Y18,2)),"") | AA18: =IF($C18="S",IF($Z18="CP",$X18,IF($Z18="RA",(($X18)*QCI!$AA$3),0)),SomaAgrup) -> 0 | AB18: =IF($C18="S",IF($Z18="OU",ROUND($X18,2),0),SomaAgrup) -> 0 | AC18: =IF($N18="","",IF(ORÇAMENTO.Descricao="","DESCRIÇÃO",IF(AND($C18="S",ORÇAMENTO.Unidade=""),"UNIDADE",IF($X18<0,"VALOR NEGATIVO",IF(OR(AND(TIPOORCAMENTO="Proposto",$AG18<>"",$AG18>0,ORÇAMENTO.CustoUnitario>$AG18),AND(TIPOORCAMENTO="LICITADO",ORÇAMENTO.PrecoUnitarioLicitado>$AN18)),"ACIMA REF.",""))))) | AD18: =IF(C18<=CRONO.NivelExibicao,MAX($AD$15:OFFSET(AD18,-1,0))+IF($C18<>1,1,MAX(1,COUNTIF(QCI!$A$13:$A$24,OFFSET($E18,-1,0)))),"") | AE18: =IF(AND($C18="S",ORÇAMENTO.CodBarra<>""),IF(ORÇAMENTO.Fonte="",ORÇAMENTO.CodBarra,CONCATENATE(ORÇAMENTO.Fonte," ",ORÇAMENTO.CodBarra))) -> SINAPI 103689 | AF18: =IF(ISERROR(INDIRECT(ORÇAMENTO.BancoRef)),"(abra o arquivo 'Referência "&Excel_BuiltIn_Database&".xlsm)",IF(OR($C18<>"S",ORÇAMENTO.CodBarra=""),"(Sem Código)",IF(ISERROR(MATCH($AE18,INDIRECT(ORÇAMENTO.BancoRef),0)),"(Código não identificado nas referências)",MATCH($AE18,INDIRECT(ORÇAMENTO.BancoRef),0)))) -> (abra o arquivo 'Referência 02-2025.xlsm) | AG18: =ROUND(IF(DESONERACAO="sim",REFERENCIA.Desonerado,REFERENCIA.NaoDesonerado),2) -> 0 | AH18: =ROUND(IF(ISNUMBER(ORÇAMENTO.OpcaoBDI),ORÇAMENTO.OpcaoBDI,IF(LEFT(ORÇAMENTO.OpcaoBDI,3)="BDI",HLOOKUP(ORÇAMENTO.OpcaoBDI,$F$4:$H$5,2,FALSE),0)),15-11*$AF$9) -> 0.2247 | AJ18: 6.48 | AM18: =$X18 -> 0 | AN18: =ROUND(ORÇAMENTO.CustoUnitario*(1+$AH18),2) -> 0
A19: =CHOOSE(1+LOG(1+2*(ORÇAMENTO.Nivel="Meta")+4*(ORÇAMENTO.Nivel="Nível 2")+8*(ORÇAMENTO.Nivel="Nível 3")+16*(ORÇAMENTO.Nivel="Nível 4")+32*(ORÇAMENTO.Nivel="Serviço"),2),0,1,2,3,4,"S") -> S | B19: =IF(OR(C19="s",C19=0),OFFSET(B19,-1,0),C19) -> 2 | C19: =IF(OFFSET(C19,-1,0)="L",1,IF(OFFSET(C19,-1,0)=1,2,IF(OR(A19="s",A19=0),"S",IF(AND(OFFSET(C19,-1,0)=2,A19=4),3,IF(AND(OR(OFFSET(C19,-1,0)="s",OFFSET(C19,-1,0)=0),A19<>"s",A19>OFFSET(B19,-1,0)),OFFSET(B19,-1,0),A19))))) -> S | D19: =IF(OR(C19="S",C19=0),0,IF(ISERROR(K19),J19,SMALL(J19:K19,1))) -> 0 | E19: =IF($C19=1,OFFSET(E19,-1,0)+MAX(1,COUNTIF(QCI!$A$13:$A$24,OFFSET(ORÇAMENTO!E19,-1,0))),OFFSET(E19,-1,0)) -> 1 | F19: =IF($C19=1,0,IF($C19=2,OFFSET(F19,-1,0)+1,OFFSET(F19,-1,0))) -> 1 | G19: =IF(AND($C19<=2,$C19<>0),0,IF($C19=3,OFFSET(G19,-1,0)+1,OFFSET(G19,-1,0))) -> 0 | H19: =IF(AND($C19<=3,$C19<>0),0,IF($C19=4,OFFSET(H19,-1,0)+1,OFFSET(H19,-1,0))) -> 0 | I19: =IF(AND($C19<=4,$C19<>0),0,IF(AND($C19="S",$X19>0),OFFSET(I19,-1,0)+1,OFFSET(I19,-1,0))) -> 0 | J19: =IF(OR($C19="S",$C19=0),0,MATCH(0,OFFSET($D19,1,$C19,ROW($C$747)-ROW($C19)),0)) -> 0 | K19: =IF(OR($C19="S",$C19=0),0,MATCH(OFFSET($D19,0,$C19)+IF($C19<>1,1,COUNTIF(QCI!$A$13:$A$24,ORÇAMENTO!E19)),OFFSET($D19,1,$C19,ROW($C$747)-ROW($C19)),0)) -> 0 | L19: =IF(OR($X19>0,$C19=1,$C19=2,$C19=3,$C19=4),"F","") | M19: Serviço | N19: =CHOOSE(1+LOG(1+2*(C19=1)+4*(C19=2)+8*(C19=3)+16*(C19=4)+32*(C19="S"),2),"","Meta","Nível 2","Nível 3","Nível 4","Serviço") -> Serviço | O19: =IF(OR($C19=0,$L19=""),"-",CONCATENATE(E19&".",IF(AND($A$5>=2,$C19>=2),F19&".",""),IF(AND($A$5>=3,$C19>=3),G19&".",""),IF(AND($A$5>=4,$C19>=4),H19&".",""),IF($C19="S",I19&".",""))) -> - | P19: SINAPI | Q19: 98459 | R19: =IF($C19="S",REFERENCIA.Descricao,"(digite a descrição aqui)") -> (abra o arquivo 'Referência 02-2025.xlsm) | S19: =REFERENCIA.Unidade -> - | T19: =OFFSET(CÁLCULO!H$15,ROW($T19)-ROW(T$15),0) -> 501.6 | U19: =AG19 -> 0 | V19: BDI 1 | W19: =IF($C19="S",ROUND(IF(TIPOORCAMENTO="Proposto",ORÇAMENTO.CustoUnitario*(1+$AH19),ORÇAMENTO.PrecoUnitarioLicitado),15-13*$AF$10),0) -> 0 | X19: =IF($C19="S",IF(Import.TipoArredondamento<>"TransfereGOV",VTOTAL1,SUM(OFFSET(CÁLCULO!$AA$15,ROW($X19)-ROW($X$15),1):OFFSET(CÁLCULO!$AL$15,ROW($X19)-ROW($X$15),-1))),IF($C19=0,0,ROUND(SomaAgrup,15-13*$AF$11))) -> 0 | Y19: RA | Z19: =IF(AND($C19="S",$X19>0),IF(ISBLANK($Y19),"RA",LEFT($Y19,2)),"") | AA19: =IF($C19="S",IF($Z19="CP",$X19,IF($Z19="RA",(($X19)*QCI!$AA$3),0)),SomaAgrup) -> 0 | AB19: =IF($C19="S",IF($Z19="OU",ROUND($X19,2),0),SomaAgrup) -> 0 | AC19: =IF($N19="","",IF(ORÇAMENTO.Descricao="","DESCRIÇÃO",IF(AND($C19="S",ORÇAMENTO.Unidade=""),"UNIDADE",IF($X19<0,"VALOR NEGATIVO",IF(OR(AND(TIPOORCAMENTO="Proposto",$AG19<>"",$AG19>0,ORÇAMENTO.CustoUnitario>$AG19),AND(TIPOORCAMENTO="LICITADO",ORÇAMENTO.PrecoUnitarioLicitado>$AN19)),"ACIMA REF.",""))))) | AD19: =IF(C19<=CRONO.NivelExibicao,MAX($AD$15:OFFSET(AD19,-1,0))+IF($C19<>1,1,MAX(1,COUNTIF(QCI!$A$13:$A$24,OFFSET($E19,-1,0)))),"") | AE19: =IF(AND($C19="S",ORÇAMENTO.CodBarra<>""),IF(ORÇAMENTO.Fonte="",ORÇAMENTO.CodBarra,CONCATENATE(ORÇAMENTO.Fonte," ",ORÇAMENTO.CodBarra))) -> SINAPI 98459 | AF19: =IF(ISERROR(INDIRECT(ORÇAMENTO.BancoRef)),"(abra o arquivo 'Referência "&Excel_BuiltIn_Database&".xlsm)",IF(OR($C19<>"S",ORÇAMENTO.CodBarra=""),"(Sem Código)",IF(ISERROR(MATCH($AE19,INDIRECT(ORÇAMENTO.BancoRef),0)),"(Código não identificado nas referências)",MATCH($AE19,INDIRECT(ORÇAMENTO.BancoRef),0)))) -> (abra o arquivo 'Referência 02-2025.xlsm) | AG19: =ROUND(IF(DESONERACAO="sim",REFERENCIA.Desonerado,REFERENCIA.NaoDesonerado),2) -> 0 | AH19: =ROUND(IF(ISNUMBER(ORÇAMENTO.OpcaoBDI),ORÇAMENTO.OpcaoBDI,IF(LEFT(ORÇAMENTO.OpcaoBDI,3)="BDI",HLOOKUP(ORÇAMENTO.OpcaoBDI,$F$4:$H$5,2,FALSE),0)),15-11*$AF$9) -> 0.2247 | AJ19: 501.6 | AM19: =$X19 -> 0 | AN19: =ROUND(ORÇAMENTO.CustoUnitario*(1+$AH19),2) -> 0
A20: =CHOOSE(1+LOG(1+2*(ORÇAMENTO.Nivel="Meta")+4*(ORÇAMENTO.Nivel="Nível 2")+8*(ORÇAMENTO.Nivel="Nível 3")+16*(ORÇAMENTO.Nivel="Nível 4")+32*(ORÇAMENTO.Nivel="Serviço"),2),0,1,2,3,4,"S") -> S | B20: =IF(OR(C20="s",C20=0),OFFSET(B20,-1,0),C20) -> 2 | C20: =IF(OFFSET(C20,-1,0)="L",1,IF(OFFSET(C20,-1,0)=1,2,IF(OR(A20="s",A20=0),"S",IF(AND(OFFSET(C20,-1,0)=2,A20=4),3,IF(AND(OR(OFFSET(C20,-1,0)="s",OFFSET(C20,-1,0)=0),A20<>"s",A20>OFFSET(B20,-1,0)),OFFSET(B20,-1,0),A20))))) -> S | D20: =IF(OR(C20="S",C20=0),0,IF(ISERROR(K20),J20,SMALL(J20:K20,1))) -> 0 | E20: =IF($C20=1,OFFSET(E20,-1,0)+MAX(1,COUNTIF(QCI!$A$13:$A$24,OFFSET(ORÇAMENTO!E20,-1,0))),OFFSET(E20,-1,0)) -> 1 | F20: =IF($C20=1,0,IF($C20=2,OFFSET(F20,-1,0)+1,OFFSET(F20,-1,0))) -> 1 | G20: =IF(AND($C20<=2,$C20<>0),0,IF($C20=3,OFFSET(G20,-1,0)+1,OFFSET(G20,-1,0))) -> 0 | H20: =IF(AND($C20<=3,$C20<>0),0,IF($C20=4,OFFSET(H20,-1,0)+1,OFFSET(H20,-1,0))) -> 0 | I20: =IF(AND($C20<=4,$C20<>0),0,IF(AND($C20="S",$X20>0),OFFSET(I20,-1,0)+1,OFFSET(I20,-1,0))) -> 0 | J20: =IF(OR($C20="S",$C20=0),0,MATCH(0,OFFSET($D20,1,$C20,ROW($C$747)-ROW($C20)),0)) -> 0 | K20: =IF(OR($C20="S",$C20=0),0,MATCH(OFFSET($D20,0,$C20)+IF($C20<>1,1,COUNTIF(QCI!$A$13:$A$24,ORÇAMENTO!E20)),OFFSET($D20,1,$C20,ROW($C$747)-ROW($C20)),0)) -> 0 | L20: =IF(OR($X20>0,$C20=1,$C20=2,$C20=3,$C20=4),"F","") | M20: Serviço | N20: =CHOOSE(1+LOG(1+2*(C20=1)+4*(C20=2)+8*(C20=3)+16*(C20=4)+32*(C20="S"),2),"","Meta","Nível 2","Nível 3","Nível 4","Serviço") -> Serviço | O20: =IF(OR($C20=0,$L20=""),"-",CONCATENATE(E20&".",IF(AND($A$5>=2,$C20>=2),F20&".",""),IF(AND($A$5>=3,$C20>=3),G20&".",""),IF(AND($A$5>=4,$C20>=4),H20&".",""),IF($C20="S",I20&".",""))) -> - | P20: SINAPI | Q20: 101509 | R20: =IF($C20="S",REFERENCIA.Descricao,"(digite a descrição aqui)") -> (abra o arquivo 'Referência 02-2025.xlsm) | S20: =REFERENCIA.Unidade -> - | T20: =OFFSET(CÁLCULO!H$15,ROW($T20)-ROW(T$15),0) -> 1 | U20: =AG20 -> 0 | V20: BDI 1 | W20: =IF($C20="S",ROUND(IF(TIPOORCAMENTO="Proposto",ORÇAMENTO.CustoUnitario*(1+$AH20),ORÇAMENTO.PrecoUnitarioLicitado),15-13*$AF$10),0) -> 0 | X20: =IF($C20="S",IF(Import.TipoArredondamento<>"TransfereGOV",VTOTAL1,SUM(OFFSET(CÁLCULO!$AA$15,ROW($X20)-ROW($X$15),1):OFFSET(CÁLCULO!$AL$15,ROW($X20)-ROW($X$15),-1))),IF($C20=0,0,ROUND(SomaAgrup,15-13*$AF$11))) -> 0 | Y20: RA | Z20: =IF(AND($C20="S",$X20>0),IF(ISBLANK($Y20),"RA",LEFT($Y20,2)),"") | AA20: =IF($C20="S",IF($Z20="CP",$X20,IF($Z20="RA",(($X20)*QCI!$AA$3),0)),SomaAgrup) -> 0 | AB20: =IF($C20="S",IF($Z20="OU",ROUND($X20,2),0),SomaAgrup) -> 0 | AC20: =IF($N20="","",IF(ORÇAMENTO.Descricao="","DESCRIÇÃO",IF(AND($C20="S",ORÇAMENTO.Unidade=""),"UNIDADE",IF($X20<0,"VALOR NEGATIVO",IF(OR(AND(TIPOORCAMENTO="Proposto",$AG20<>"",$AG20>0,ORÇAMENTO.CustoUnitario>$AG20),AND(TIPOORCAMENTO="LICITADO",ORÇAMENTO.PrecoUnitarioLicitado>$AN20)),"ACIMA REF.",""))))) | AD20: =IF(C20<=CRONO.NivelExibicao,MAX($AD$15:OFFSET(AD20,-1,0))+IF($C20<>1,1,MAX(1,COUNTIF(QCI!$A$13:$A$24,OFFSET($E20,-1,0)))),"") | AE20: =IF(AND($C20="S",ORÇAMENTO.CodBarra<>""),IF(ORÇAMENTO.Fonte="",ORÇAMENTO.CodBarra,CONCATENATE(ORÇAMENTO.Fonte," ",ORÇAMENTO.CodBarra))) -> SINAPI 101509 | AF20: =IF(ISERROR(INDIRECT(ORÇAMENTO.BancoRef)),"(abra o arquivo 'Referência "&Excel_BuiltIn_Database&".xlsm)",IF(OR($C20<>"S",ORÇAMENTO.CodBarra=""),"(Sem Código)",IF(ISERROR(MATCH($AE20,INDIRECT(ORÇAMENTO.BancoRef),0)),"(Código não identificado nas referências)",MATCH($AE20,INDIRECT(ORÇAMENTO.BancoRef),0)))) -> (abra o arquivo 'Referência 02-2025.xlsm) | AG20: =ROUND(IF(DESONERACAO="sim",REFERENCIA.Desonerado,REFERENCIA.NaoDesonerado),2) -> 0 | AH20: =ROUND(IF(ISNUMBER(ORÇAMENTO.OpcaoBDI),ORÇAMENTO.OpcaoBDI,IF(LEFT(ORÇAMENTO.OpcaoBDI,3)="BDI",HLOOKUP(ORÇAMENTO.OpcaoBDI,$F$4:$H$5,2,FALSE),0)),15-11*$AF$9) -> 0.2247 | AJ20: 1 | AM20: =$X20 -> 0 | AN20: =ROUND(ORÇAMENTO.CustoUnitario*(1+$AH20),2) -> 0
A21: =CHOOSE(1+LOG(1+2*(ORÇAMENTO.Nivel="Meta")+4*(ORÇAMENTO.Nivel="Nível 2")+8*(ORÇAMENTO.Nivel="Nível 3")+16*(ORÇAMENTO.Nivel="Nível 4")+32*(ORÇAMENTO.Nivel="Serviço"),2),0,1,2,3,4,"S") -> S | B21: =IF(OR(C21="s",C21=0),OFFSET(B21,-1,0),C21) -> 2 | C21: =IF(OFFSET(C21,-1,0)="L",1,IF(OFFSET(C21,-1,0)=1,2,IF(OR(A21="s",A21=0),"S",IF(AND(OFFSET(C21,-1,0)=2,A21=4),3,IF(AND(OR(OFFSET(C21,-1,0)="s",OFFSET(C21,-1,0)=0),A21<>"s",A21>OFFSET(B21,-1,0)),OFFSET(B21,-1,0),A21))))) -> S | D21: =IF(OR(C21="S",C21=0),0,IF(ISERROR(K21),J21,SMALL(J21:K21,1))) -> 0 | E21: =IF($C21=1,OFFSET(E21,-1,0)+MAX(1,COUNTIF(QCI!$A$13:$A$24,OFFSET(ORÇAMENTO!E21,-1,0))),OFFSET(E21,-1,0)) -> 1 | F21: =IF($C21=1,0,IF($C21=2,OFFSET(F21,-1,0)+1,OFFSET(F21,-1,0))) -> 1 | G21: =IF(AND($C21<=2,$C21<>0),0,IF($C21=3,OFFSET(G21,-1,0)+1,OFFSET(G21,-1,0))) -> 0 | H21: =IF(AND($C21<=3,$C21<>0),0,IF($C21=4,OFFSET(H21,-1,0)+1,OFFSET(H21,-1,0))) -> 0 | I21: =IF(AND($C21<=4,$C21<>0),0,IF(AND($C21="S",$X21>0),OFFSET(I21,-1,0)+1,OFFSET(I21,-1,0))) -> 0 | J21: =IF(OR($C21="S",$C21=0),0,MATCH(0,OFFSET($D21,1,$C21,ROW($C$747)-ROW($C21)),0)) -> 0 | K21: =IF(OR($C21="S",$C21=0),0,MATCH(OFFSET($D21,0,$C21)+IF($C21<>1,1,COUNTIF(QCI!$A$13:$A$24,ORÇAMENTO!E21)),OFFSET($D21,1,$C21,ROW($C$747)-ROW($C21)),0)) -> 0 | L21: =IF(OR($X21>0,$C21=1,$C21=2,$C21=3,$C21=4),"F","") | M21: Serviço | N21: =CHOOSE(1+LOG(1+2*(C21=1)+4*(C21=2)+8*(C21=3)+16*(C21=4)+32*(C21="S"),2),"","Meta","Nível 2","Nível 3","Nível 4","Serviço") -> Serviço | O21: =IF(OR($C21=0,$L21=""),"-",CONCATENATE(E21&".",IF(AND($A$5>=2,$C21>=2),F21&".",""),IF(AND($A$5>=3,$C21>=3),G21&".",""),IF(AND($A$5>=4,$C21>=4),H21&".",""),IF($C21="S",I21&".",""))) -> - | P21: Composição | Q21: FNDE 03 | R21: =IF($C21="S",REFERENCIA.Descricao,"(digite a descrição aqui)") -> (abra o arquivo 'Referência 02-2025.xlsm) | S21: =REFERENCIA.Unidade -> - | T21: =OFFSET(CÁLCULO!H$15,ROW($T21)-ROW(T$15),0) -> 1 | U21: =AG21 -> 0 | V21: BDI 1 | W21: =IF($C21="S",ROUND(IF(TIPOORCAMENTO="Proposto",ORÇAMENTO.CustoUnitario*(1+$AH21),ORÇAMENTO.PrecoUnitarioLicitado),15-13*$AF$10),0) -> 0 | X21: =IF($C21="S",IF(Import.TipoArredondamento<>"TransfereGOV",VTOTAL1,SUM(OFFSET(CÁLCULO!$AA$15,ROW($X21)-ROW($X$15),1):OFFSET(CÁLCULO!$AL$15,ROW($X21)-ROW($X$15),-1))),IF($C21=0,0,ROUND(SomaAgrup,15-13*$AF$11))) -> 0 | Y21: RA | Z21: =IF(AND($C21="S",$X21>0),IF(ISBLANK($Y21),"RA",LEFT($Y21,2)),"") | AA21: =IF($C21="S",IF($Z21="CP",$X21,IF($Z21="RA",(($X21)*QCI!$AA$3),0)),SomaAgrup) -> 0 | AB21: =IF($C21="S",IF($Z21="OU",ROUND($X21,2),0),SomaAgrup) -> 0 | AC21: =IF($N21="","",IF(ORÇAMENTO.Descricao="","DESCRIÇÃO",IF(AND($C21="S",ORÇAMENTO.Unidade=""),"UNIDADE",IF($X21<0,"VALOR NEGATIVO",IF(OR(AND(TIPOORCAMENTO="Proposto",$AG21<>"",$AG21>0,ORÇAMENTO.CustoUnitario>$AG21),AND(TIPOORCAMENTO="LICITADO",ORÇAMENTO.PrecoUnitarioLicitado>$AN21)),"ACIMA REF.",""))))) | AD21: =IF(C21<=CRONO.NivelExibicao,MAX($AD$15:OFFSET(AD21,-1,0))+IF($C21<>1,1,MAX(1,COUNTIF(QCI!$A$13:$A$24,OFFSET($E21,-1,0)))),"") | AE21: =IF(AND($C21="S",ORÇAMENTO.CodBarra<>""),IF(ORÇAMENTO.Fonte="",ORÇAMENTO.CodBarra,CONCATENATE(ORÇAMENTO.Fonte," ",ORÇAMENTO.CodBarra))) -> Composição FNDE 03 | AF21: =IF(ISERROR(INDIRECT(ORÇAMENTO.BancoRef)),"(abra o arquivo 'Referência "&Excel_BuiltIn_Database&".xlsm)",IF(OR($C21<>"S",ORÇAMENTO.CodBarra=""),"(Sem Código)",IF(ISERROR(MATCH($AE21,INDIRECT(ORÇAMENTO.BancoRef),0)),"(Código não identificado nas referências)",MATCH($AE21,INDIRECT(ORÇAMENTO.BancoRef),0)))) -> (abra o arquivo 'Referência 02-2025.xlsm) | AG21: =ROUND(IF(DESONERACAO="sim",REFERENCIA.Desonerado,REFERENCIA.NaoDesonerado),2) -> 0 | AH21: =ROUND(IF(ISNUMBER(ORÇAMENTO.OpcaoBDI),ORÇAMENTO.OpcaoBDI,IF(LEFT(ORÇAMENTO.OpcaoBDI,3)="BDI",HLOOKUP(ORÇAMENTO.OpcaoBDI,$F$4:$H$5,2,FALSE),0)),15-11*$AF$9) -> 0.2247 | AJ21: 1 | AM21: =$X21 -> 0 | AN21: =ROUND(ORÇAMENTO.CustoUnitario*(1+$AH21),2) -> 0
A22: =CHOOSE(1+LOG(1+2*(ORÇAMENTO.Nivel="Meta")+4*(ORÇAMENTO.Nivel="Nível 2")+8*(ORÇAMENTO.Nivel="Nível 3")+16*(ORÇAMENTO.Nivel="Nível 4")+32*(ORÇAMENTO.Nivel="Serviço"),2),0,1,2,3,4,"S") -> S | B22: =IF(OR(C22="s",C22=0),OFFSET(B22,-1,0),C22) -> 2 | C22: =IF(OFFSET(C22,-1,0)="L",1,IF(OFFSET(C22,-1,0)=1,2,IF(OR(A22="s",A22=0),"S",IF(AND(OFFSET(C22,-1,0)=2,A22=4),3,IF(AND(OR(OFFSET(C22,-1,0)="s",OFFSET(C22,-1,0)=0),A22<>"s",A22>OFFSET(B22,-1,0)),OFFSET(B22,-1,0),A22))))) -> S | D22: =IF(OR(C22="S",C22=0),0,IF(ISERROR(K22),J22,SMALL(J22:K22,1))) -> 0 | E22: =IF($C22=1,OFFSET(E22,-1,0)+MAX(1,COUNTIF(QCI!$A$13:$A$24,OFFSET(ORÇAMENTO!E22,-1,0))),OFFSET(E22,-1,0)) -> 1 | F22: =IF($C22=1,0,IF($C22=2,OFFSET(F22,-1,0)+1,OFFSET(F22,-1,0))) -> 1 | G22: =IF(AND($C22<=2,$C22<>0),0,IF($C22=3,OFFSET(G22,-1,0)+1,OFFSET(G22,-1,0))) -> 0 | H22: =IF(AND($C22<=3,$C22<>0),0,IF($C22=4,OFFSET(H22,-1,0)+1,OFFSET(H22,-1,0))) -> 0 | I22: =IF(AND($C22<=4,$C22<>0),0,IF(AND($C22="S",$X22>0),OFFSET(I22,-1,0)+1,OFFSET(I22,-1,0))) -> 0 | J22: =IF(OR($C22="S",$C22=0),0,MATCH(0,OFFSET($D22,1,$C22,ROW($C$747)-ROW($C22)),0)) -> 0 | K22: =IF(OR($C22="S",$C22=0),0,MATCH(OFFSET($D22,0,$C22)+IF($C22<>1,1,COUNTIF(QCI!$A$13:$A$24,ORÇAMENTO!E22)),OFFSET($D22,1,$C22,ROW($C$747)-ROW($C22)),0)) -> 0 | L22: =IF(OR($X22>0,$C22=1,$C22=2,$C22=3,$C22=4),"F","") | M22: Serviço | N22: =CHOOSE(1+LOG(1+2*(C22=1)+4*(C22=2)+8*(C22=3)+16*(C22=4)+32*(C22="S"),2),"","Meta","Nível 2","Nível 3","Nível 4","Serviço") -> Serviço | O22: =IF(OR($C22=0,$L22=""),"-",CONCATENATE(E22&".",IF(AND($A$5>=2,$C22>=2),F22&".",""),IF(AND($A$5>=3,$C22>=3),G22&".",""),IF(AND($A$5>=4,$C22>=4),H22&".",""),IF($C22="S",I22&".",""))) -> - | P22: SINAPI | Q22: 99059 | R22: =IF($C22="S",REFERENCIA.Descricao,"(digite a descrição aqui)") -> (abra o arquivo 'Referência 02-2025.xlsm) | S22: =REFERENCIA.Unidade -> - | T22: =OFFSET(CÁLCULO!H$15,ROW($T22)-ROW(T$15),0) -> 254 | U22: =AG22 -> 0 | V22: BDI 1 | W22: =IF($C22="S",ROUND(IF(TIPOORCAMENTO="Proposto",ORÇAMENTO.CustoUnitario*(1+$AH22),ORÇAMENTO.PrecoUnitarioLicitado),15-13*$AF$10),0) -> 0 | X22: =IF($C22="S",IF(Import.TipoArredondamento<>"TransfereGOV",VTOTAL1,SUM(OFFSET(CÁLCULO!$AA$15,ROW($X22)-ROW($X$15),1):OFFSET(CÁLCULO!$AL$15,ROW($X22)-ROW($X$15),-1))),IF($C22=0,0,ROUND(SomaAgrup,15-13*$AF$11))) -> 0 | Y22: RA | Z22: =IF(AND($C22="S",$X22>0),IF(ISBLANK($Y22),"RA",LEFT($Y22,2)),"") | AA22: =IF($C22="S",IF($Z22="CP",$X22,IF($Z22="RA",(($X22)*QCI!$AA$3),0)),SomaAgrup) -> 0 | AB22: =IF($C22="S",IF($Z22="OU",ROUND($X22,2),0),SomaAgrup) -> 0 | AC22: =IF($N22="","",IF(ORÇAMENTO.Descricao="","DESCRIÇÃO",IF(AND($C22="S",ORÇAMENTO.Unidade=""),"UNIDADE",IF($X22<0,"VALOR NEGATIVO",IF(OR(AND(TIPOORCAMENTO="Proposto",$AG22<>"",$AG22>0,ORÇAMENTO.CustoUnitario>$AG22),AND(TIPOORCAMENTO="LICITADO",ORÇAMENTO.PrecoUnitarioLicitado>$AN22)),"ACIMA REF.",""))))) | AD22: =IF(C22<=CRONO.NivelExibicao,MAX($AD$15:OFFSET(AD22,-1,0))+IF($C22<>1,1,MAX(1,COUNTIF(QCI!$A$13:$A$24,OFFSET($E22,-1,0)))),"") | AE22: =IF(AND($C22="S",ORÇAMENTO.CodBarra<>""),IF(ORÇAMENTO.Fonte="",ORÇAMENTO.CodBarra,CONCATENATE(ORÇAMENTO.Fonte," ",ORÇAMENTO.CodBarra))) -> SINAPI 99059 | AF22: =IF(ISERROR(INDIRECT(ORÇAMENTO.BancoRef)),"(abra o arquivo 'Referência "&Excel_BuiltIn_Database&".xlsm)",IF(OR($C22<>"S",ORÇAMENTO.CodBarra=""),"(Sem Código)",IF(ISERROR(MATCH($AE22,INDIRECT(ORÇAMENTO.BancoRef),0)),"(Código não identificado nas referências)",MATCH($AE22,INDIRECT(ORÇAMENTO.BancoRef),0)))) -> (abra o arquivo 'Referência 02-2025.xlsm) | AG22: =ROUND(IF(DESONERACAO="sim",REFERENCIA.Desonerado,REFERENCIA.NaoDesonerado),2) -> 0 | AH22: =ROUND(IF(ISNUMBER(ORÇAMENTO.OpcaoBDI),ORÇAMENTO.OpcaoBDI,IF(LEFT(ORÇAMENTO.OpcaoBDI,3)="BDI",HLOOKUP(ORÇAMENTO.OpcaoBDI,$F$4:$H$5,2,FALSE),0)),15-11*$AF$9) -> 0.2247 | AJ22: 254 | AM22: =$X22 -> 0 | AN22: =ROUND(ORÇAMENTO.CustoUnitario*(1+$AH22),2) -> 0
A23: =CHOOSE(1+LOG(1+2*(ORÇAMENTO.Nivel="Meta")+4*(ORÇAMENTO.Nivel="Nível 2")+8*(ORÇAMENTO.Nivel="Nível 3")+16*(ORÇAMENTO.Nivel="Nível 4")+32*(ORÇAMENTO.Nivel="Serviço"),2),0,1,2,3,4,"S") -> S | B23: =IF(OR(C23="s",C23=0),OFFSET(B23,-1,0),C23) -> 2 | C23: =IF(OFFSET(C23,-1,0)="L",1,IF(OFFSET(C23,-1,0)=1,2,IF(OR(A23="s",A23=0),"S",IF(AND(OFFSET(C23,-1,0)=2,A23=4),3,IF(AND(OR(OFFSET(C23,-1,0)="s",OFFSET(C23,-1,0)=0),A23<>"s",A23>OFFSET(B23,-1,0)),OFFSET(B23,-1,0),A23))))) -> S | D23: =IF(OR(C23="S",C23=0),0,IF(ISERROR(K23),J23,SMALL(J23:K23,1))) -> 0 | E23: =IF($C23=1,OFFSET(E23,-1,0)+MAX(1,COUNTIF(QCI!$A$13:$A$24,OFFSET(ORÇAMENTO!E23,-1,0))),OFFSET(E23,-1,0)) -> 1 | F23: =IF($C23=1,0,IF($C23=2,OFFSET(F23,-1,0)+1,OFFSET(F23,-1,0))) -> 1 | G23: =IF(AND($C23<=2,$C23<>0),0,IF($C23=3,OFFSET(G23,-1,0)+1,OFFSET(G23,-1,0))) -> 0 | H23: =IF(AND($C23<=3,$C23<>0),0,IF($C23=4,OFFSET(H23,-1,0)+1,OFFSET(H23,-1,0))) -> 0 | I23: =IF(AND($C23<=4,$C23<>0),0,IF(AND($C23="S",$X23>0),OFFSET(I23,-1,0)+1,OFFSET(I23,-1,0))) -> 0 | J23: =IF(OR($C23="S",$C23=0),0,MATCH(0,OFFSET($D23,1,$C23,ROW($C$747)-ROW($C23)),0)) -> 0 | K23: =IF(OR($C23="S",$C23=0),0,MATCH(OFFSET($D23,0,$C23)+IF($C23<>1,1,COUNTIF(QCI!$A$13:$A$24,ORÇAMENTO!E23)),OFFSET($D23,1,$C23,ROW($C$747)-ROW($C23)),0)) -> 0 | L23: =IF(OR($X23>0,$C23=1,$C23=2,$C23=3,$C23=4),"F","") | M23: Serviço | N23: =CHOOSE(1+LOG(1+2*(C23=1)+4*(C23=2)+8*(C23=3)+16*(C23=4)+32*(C23="S"),2),"","Meta","Nível 2","Nível 3","Nível 4","Serviço") -> Serviço | O23: =IF(OR($C23=0,$L23=""),"-",CONCATENATE(E23&".",IF(AND($A$5>=2,$C23>=2),F23&".",""),IF(AND($A$5>=3,$C23>=3),G23&".",""),IF(AND($A$5>=4,$C23>=4),H23&".",""),IF($C23="S",I23&".",""))) -> - | P23: Composição | Q23: FNDE 244 | R23: =IF($C23="S",REFERENCIA.Descricao,"(digite a descrição aqui)") -> (abra o arquivo 'Referência 02-2025.xlsm) | S23: =REFERENCIA.Unidade -> - | T23: =OFFSET(CÁLCULO!H$15,ROW($T23)-ROW(T$15),0) -> 1 | U23: =AG23 -> 0 | V23: BDI 1 | W23: =IF($C23="S",ROUND(IF(TIPOORCAMENTO="Proposto",ORÇAMENTO.CustoUnitario*(1+$AH23),ORÇAMENTO.PrecoUnitarioLicitado),15-13*$AF$10),0) -> 0 | X23: =IF($C23="S",IF(Import.TipoArredondamento<>"TransfereGOV",VTOTAL1,SUM(OFFSET(CÁLCULO!$AA$15,ROW($X23)-ROW($X$15),1):OFFSET(CÁLCULO!$AL$15,ROW($X23)-ROW($X$15),-1))),IF($C23=0,0,ROUND(SomaAgrup,15-13*$AF$11))) -> 0 | Y23: RA | Z23: =IF(AND($C23="S",$X23>0),IF(ISBLANK($Y23),"RA",LEFT($Y23,2)),"") | AA23: =IF($C23="S",IF($Z23="CP",$X23,IF($Z23="RA",(($X23)*QCI!$AA$3),0)),SomaAgrup) -> 0 | AB23: =IF($C23="S",IF($Z23="OU",ROUND($X23,2),0),SomaAgrup) -> 0 | AC23: =IF($N23="","",IF(ORÇAMENTO.Descricao="","DESCRIÇÃO",IF(AND($C23="S",ORÇAMENTO.Unidade=""),"UNIDADE",IF($X23<0,"VALOR NEGATIVO",IF(OR(AND(TIPOORCAMENTO="Proposto",$AG23<>"",$AG23>0,ORÇAMENTO.CustoUnitario>$AG23),AND(TIPOORCAMENTO="LICITADO",ORÇAMENTO.PrecoUnitarioLicitado>$AN23)),"ACIMA REF.",""))))) | AD23: =IF(C23<=CRONO.NivelExibicao,MAX($AD$15:OFFSET(AD23,-1,0))+IF($C23<>1,1,MAX(1,COUNTIF(QCI!$A$13:$A$24,OFFSET($E23,-1,0)))),"") | AE23: =IF(AND($C23="S",ORÇAMENTO.CodBarra<>""),IF(ORÇAMENTO.Fonte="",ORÇAMENTO.CodBarra,CONCATENATE(ORÇAMENTO.Fonte," ",ORÇAMENTO.CodBarra))) -> Composição FNDE 244 | AF23: =IF(ISERROR(INDIRECT(ORÇAMENTO.BancoRef)),"(abra o arquivo 'Referência "&Excel_BuiltIn_Database&".xlsm)",IF(OR($C23<>"S",ORÇAMENTO.CodBarra=""),"(Sem Código)",IF(ISERROR(MATCH($AE23,INDIRECT(ORÇAMENTO.BancoRef),0)),"(Código não identificado nas referências)",MATCH($AE23,INDIRECT(ORÇAMENTO.BancoRef),0)))) -> (abra o arquivo 'Referência 02-2025.xlsm) | AG23: =ROUND(IF(DESONERACAO="sim",REFERENCIA.Desonerado,REFERENCIA.NaoDesonerado),2) -> 0 | AH23: =ROUND(IF(ISNUMBER(ORÇAMENTO.OpcaoBDI),ORÇAMENTO.OpcaoBDI,IF(LEFT(ORÇAMENTO.OpcaoBDI,3)="BDI",HLOOKUP(ORÇAMENTO.OpcaoBDI,$F$4:$H$5,2,FALSE),0)),15-11*$AF$9) -> 0.2247 | AJ23: 1 | AM23: =$X23 -> 0 | AN23: =ROUND(ORÇAMENTO.CustoUnitario*(1+$AH23),2) -> 0
A24: =CHOOSE(1+LOG(1+2*(ORÇAMENTO.Nivel="Meta")+4*(ORÇAMENTO.Nivel="Nível 2")+8*(ORÇAMENTO.Nivel="Nível 3")+16*(ORÇAMENTO.Nivel="Nível 4")+32*(ORÇAMENTO.Nivel="Serviço"),2),0,1,2,3,4,"S") -> S | B24: =IF(OR(C24="s",C24=0),OFFSET(B24,-1,0),C24) -> 2 | C24: =IF(OFFSET(C24,-1,0)="L",1,IF(OFFSET(C24,-1,0)=1,2,IF(OR(A24="s",A24=0),"S",IF(AND(OFFSET(C24,-1,0)=2,A24=4),3,IF(AND(OR(OFFSET(C24,-1,0)="s",OFFSET(C24,-1,0)=0),A24<>"s",A24>OFFSET(B24,-1,0)),OFFSET(B24,-1,0),A24))))) -> S | D24: =IF(OR(C24="S",C24=0),0,IF(ISERROR(K24),J24,SMALL(J24:K24,1))) -> 0 | E24: =IF($C24=1,OFFSET(E24,-1,0)+MAX(1,COUNTIF(QCI!$A$13:$A$24,OFFSET(ORÇAMENTO!E24,-1,0))),OFFSET(E24,-1,0)) -> 1 | F24: =IF($C24=1,0,IF($C24=2,OFFSET(F24,-1,0)+1,OFFSET(F24,-1,0))) -> 1 | G24: =IF(AND($C24<=2,$C24<>0),0,IF($C24=3,OFFSET(G24,-1,0)+1,OFFSET(G24,-1,0))) -> 0 | H24: =IF(AND($C24<=3,$C24<>0),0,IF($C24=4,OFFSET(H24,-1,0)+1,OFFSET(H24,-1,0))) -> 0 | I24: =IF(AND($C24<=4,$C24<>0),0,IF(AND($C24="S",$X24>0),OFFSET(I24,-1,0)+1,OFFSET(I24,-1,0))) -> 0 | J24: =IF(OR($C24="S",$C24=0),0,MATCH(0,OFFSET($D24,1,$C24,ROW($C$747)-ROW($C24)),0)) -> 0 | K24: =IF(OR($C24="S",$C24=0),0,MATCH(OFFSET($D24,0,$C24)+IF($C24<>1,1,COUNTIF(QCI!$A$13:$A$24,ORÇAMENTO!E24)),OFFSET($D24,1,$C24,ROW($C$747)-ROW($C24)),0)) -> 0 | L24: =IF(OR($X24>0,$C24=1,$C24=2,$C24=3,$C24=4),"F","") | M24: Serviço | N24: =CHOOSE(1+LOG(1+2*(C24=1)+4*(C24=2)+8*(C24=3)+16*(C24=4)+32*(C24="S"),2),"","Meta","Nível 2","Nível 3","Nível 4","Serviço") -> Serviço | O24: =IF(OR($C24=0,$L24=""),"-",CONCATENATE(E24&".",IF(AND($A$5>=2,$C24>=2),F24&".",""),IF(AND($A$5>=3,$C24>=3),G24&".",""),IF(AND($A$5>=4,$C24>=4),H24&".",""),IF($C24="S",I24&".",""))) -> - | P24: Composição | Q24: FNDE 231 | R24: =IF($C24="S",REFERENCIA.Descricao,"(digite a descrição aqui)") -> (abra o arquivo 'Referência 02-2025.xlsm) | S24: =REFERENCIA.Unidade -> - | T24: =OFFSET(CÁLCULO!H$15,ROW($T24)-ROW(T$15),0) -> 10 | U24: =AG24 -> 0 | V24: BDI 1 | W24: =IF($C24="S",ROUND(IF(TIPOORCAMENTO="Proposto",ORÇAMENTO.CustoUnitario*(1+$AH24),ORÇAMENTO.PrecoUnitarioLicitado),15-13*$AF$10),0) -> 0 | X24: =IF($C24="S",IF(Import.TipoArredondamento<>"TransfereGOV",VTOTAL1,SUM(OFFSET(CÁLCULO!$AA$15,ROW($X24)-ROW($X$15),1):OFFSET(CÁLCULO!$AL$15,ROW($X24)-ROW($X$15),-1))),IF($C24=0,0,ROUND(SomaAgrup,15-13*$AF$11))) -> 0 | Y24: RA | Z24: =IF(AND($C24="S",$X24>0),IF(ISBLANK($Y24),"RA",LEFT($Y24,2)),"") | AA24: =IF($C24="S",IF($Z24="CP",$X24,IF($Z24="RA",(($X24)*QCI!$AA$3),0)),SomaAgrup) -> 0 | AB24: =IF($C24="S",IF($Z24="OU",ROUND($X24,2),0),SomaAgrup) -> 0 | AC24: =IF($N24="","",IF(ORÇAMENTO.Descricao="","DESCRIÇÃO",IF(AND($C24="S",ORÇAMENTO.Unidade=""),"UNIDADE",IF($X24<0,"VALOR NEGATIVO",IF(OR(AND(TIPOORCAMENTO="Proposto",$AG24<>"",$AG24>0,ORÇAMENTO.CustoUnitario>$AG24),AND(TIPOORCAMENTO="LICITADO",ORÇAMENTO.PrecoUnitarioLicitado>$AN24)),"ACIMA REF.",""))))) | AD24: =IF(C24<=CRONO.NivelExibicao,MAX($AD$15:OFFSET(AD24,-1,0))+IF($C24<>1,1,MAX(1,COUNTIF(QCI!$A$13:$A$24,OFFSET($E24,-1,0)))),"") | AE24: =IF(AND($C24="S",ORÇAMENTO.CodBarra<>""),IF(ORÇAMENTO.Fonte="",ORÇAMENTO.CodBarra,CONCATENATE(ORÇAMENTO.Fonte," ",ORÇAMENTO.CodBarra))) -> Composição FNDE 231 | AF24: =IF(ISERROR(INDIRECT(ORÇAMENTO.BancoRef)),"(abra o arquivo 'Referência "&Excel_BuiltIn_Database&".xlsm)",IF(OR($C24<>"S",ORÇAMENTO.CodBarra=""),"(Sem Código)",IF(ISERROR(MATCH($AE24,INDIRECT(ORÇAMENTO.BancoRef),0)),"(Código não identificado nas referências)",MATCH($AE24,INDIRECT(ORÇAMENTO.BancoRef),0)))) -> (abra o arquivo 'Referência 02-2025.xlsm) | AG24: =ROUND(IF(DESONERACAO="sim",REFERENCIA.Desonerado,REFERENCIA.NaoDesonerado),2) -> 0 | AH24: =ROUND(IF(ISNUMBER(ORÇAMENTO.OpcaoBDI),ORÇAMENTO.OpcaoBDI,IF(LEFT(ORÇAMENTO.OpcaoBDI,3)="BDI",HLOOKUP(ORÇAMENTO.OpcaoBDI,$F$4:$H$5,2,FALSE),0)),15-11*$AF$9) -> 0.2247 | AJ24: 10 | AM24: =$X24 -> 0 | AN24: =ROUND(ORÇAMENTO.CustoUnitario*(1+$AH24),2) -> 0
A25: =CHOOSE(1+LOG(1+2*(ORÇAMENTO.Nivel="Meta")+4*(ORÇAMENTO.Nivel="Nível 2")+8*(ORÇAMENTO.Nivel="Nível 3")+16*(ORÇAMENTO.Nivel="Nível 4")+32*(ORÇAMENTO.Nivel="Serviço"),2),0,1,2,3,4,"S") -> S | B25: =IF(OR(C25="s",C25=0),OFFSET(B25,-1,0),C25) -> 2 | C25: =IF(OFFSET(C25,-1,0)="L",1,IF(OFFSET(C25,-1,0)=1,2,IF(OR(A25="s",A25=0),"S",IF(AND(OFFSET(C25,-1,0)=2,A25=4),3,IF(AND(OR(OFFSET(C25,-1,0)="s",OFFSET(C25,-1,0)=0),A25<>"s",A25>OFFSET(B25,-1,0)),OFFSET(B25,-1,0),A25))))) -> S | D25: =IF(OR(C25="S",C25=0),0,IF(ISERROR(K25),J25,SMALL(J25:K25,1))) -> 0 | E25: =IF($C25=1,OFFSET(E25,-1,0)+MAX(1,COUNTIF(QCI!$A$13:$A$24,OFFSET(ORÇAMENTO!E25,-1,0))),OFFSET(E25,-1,0)) -> 1 | F25: =IF($C25=1,0,IF($C25=2,OFFSET(F25,-1,0)+1,OFFSET(F25,-1,0))) -> 1 | G25: =IF(AND($C25<=2,$C25<>0),0,IF($C25=3,OFFSET(G25,-1,0)+1,OFFSET(G25,-1,0))) -> 0 | H25: =IF(AND($C25<=3,$C25<>0),0,IF($C25=4,OFFSET(H25,-1,0)+1,OFFSET(H25,-1,0))) -> 0 | I25: =IF(AND($C25<=4,$C25<>0),0,IF(AND($C25="S",$X25>0),OFFSET(I25,-1,0)+1,OFFSET(I25,-1,0))) -> 0 | J25: =IF(OR($C25="S",$C25=0),0,MATCH(0,OFFSET($D25,1,$C25,ROW($C$747)-ROW($C25)),0)) -> 0 | K25: =IF(OR($C25="S",$C25=0),0,MATCH(OFFSET($D25,0,$C25)+IF($C25<>1,1,COUNTIF(QCI!$A$13:$A$24,ORÇAMENTO!E25)),OFFSET($D25,1,$C25,ROW($C$747)-ROW($C25)),0)) -> 0 | L25: =IF(OR($X25>0,$C25=1,$C25=2,$C25=3,$C25=4),"F","") | M25: Serviço | N25: =CHOOSE(1+LOG(1+2*(C25=1)+4*(C25=2)+8*(C25=3)+16*(C25=4)+32*(C25="S"),2),"","Meta","Nível 2","Nível 3","Nível 4","Serviço") -> Serviço | O25: =IF(OR($C25=0,$L25=""),"-",CONCATENATE(E25&".",IF(AND($A$5>=2,$C25>=2),F25&".",""),IF(AND($A$5>=3,$C25>=3),G25&".",""),IF(AND($A$5>=4,$C25>=4),H25&".",""),IF($C25="S",I25&".",""))) -> - | P25: Composição | Q25: FNDE 230 | R25: =IF($C25="S",REFERENCIA.Descricao,"(digite a descrição aqui)") -> (abra o arquivo 'Referência 02-2025.xlsm) | S25: =REFERENCIA.Unidade -> - | T25: =OFFSET(CÁLCULO!H$15,ROW($T25)-ROW(T$15),0) -> 10 | U25: =AG25 -> 0 | V25: BDI 1 | W25: =IF($C25="S",ROUND(IF(TIPOORCAMENTO="Proposto",ORÇAMENTO.CustoUnitario*(1+$AH25),ORÇAMENTO.PrecoUnitarioLicitado),15-13*$AF$10),0) -> 0 | X25: =IF($C25="S",IF(Import.TipoArredondamento<>"TransfereGOV",VTOTAL1,SUM(OFFSET(CÁLCULO!$AA$15,ROW($X25)-ROW($X$15),1):OFFSET(CÁLCULO!$AL$15,ROW($X25)-ROW($X$15),-1))),IF($C25=0,0,ROUND(SomaAgrup,15-13*$AF$11))) -> 0 | Y25: RA | Z25: =IF(AND($C25="S",$X25>0),IF(ISBLANK($Y25),"RA",LEFT($Y25,2)),"") | AA25: =IF($C25="S",IF($Z25="CP",$X25,IF($Z25="RA",(($X25)*QCI!$AA$3),0)),SomaAgrup) -> 0 | AB25: =IF($C25="S",IF($Z25="OU",ROUND($X25,2),0),SomaAgrup) -> 0 | AC25: =IF($N25="","",IF(ORÇAMENTO.Descricao="","DESCRIÇÃO",IF(AND($C25="S",ORÇAMENTO.Unidade=""),"UNIDADE",IF($X25<0,"VALOR NEGATIVO",IF(OR(AND(TIPOORCAMENTO="Proposto",$AG25<>"",$AG25>0,ORÇAMENTO.CustoUnitario>$AG25),AND(TIPOORCAMENTO="LICITADO",ORÇAMENTO.PrecoUnitarioLicitado>$AN25)),"ACIMA REF.",""))))) | AD25: =IF(C25<=CRONO.NivelExibicao,MAX($AD$15:OFFSET(AD25,-1,0))+IF($C25<>1,1,MAX(1,COUNTIF(QCI!$A$13:$A$24,OFFSET($E25,-1,0)))),"") | AE25: =IF(AND($C25="S",ORÇAMENTO.CodBarra<>""),IF(ORÇAMENTO.Fonte="",ORÇAMENTO.CodBarra,CONCATENATE(ORÇAMENTO.Fonte," ",ORÇAMENTO.CodBarra))) -> Composição FNDE 230 | AF25: =IF(ISERROR(INDIRECT(ORÇAMENTO.BancoRef)),"(abra o arquivo 'Referência "&Excel_BuiltIn_Database&".xlsm)",IF(OR($C25<>"S",ORÇAMENTO.CodBarra=""),"(Sem Código)",IF(ISERROR(MATCH($AE25,INDIRECT(ORÇAMENTO.BancoRef),0)),"(Código não identificado nas referências)",MATCH($AE25,INDIRECT(ORÇAMENTO.BancoRef),0)))) -> (abra o arquivo 'Referência 02-2025.xlsm) | AG25: =ROUND(IF(DESONERACAO="sim",REFERENCIA.Desonerado,REFERENCIA.NaoDesonerado),2) -> 0 | AH25: =ROUND(IF(ISNUMBER(ORÇAMENTO.OpcaoBDI),ORÇAMENTO.OpcaoBDI,IF(LEFT(ORÇAMENTO.OpcaoBDI,3)="BDI",HLOOKUP(ORÇAMENTO.OpcaoBDI,$F$4:$H$5,2,FALSE),0)),15-11*$AF$9) -> 0.2247 | AJ25: 10 | AM25: =$X25 -> 0 | AN25: =ROUND(ORÇAMENTO.CustoUnitario*(1+$AH25),2) -> 0
A26: =CHOOSE(1+LOG(1+2*(ORÇAMENTO.Nivel="Meta")+4*(ORÇAMENTO.Nivel="Nível 2")+8*(ORÇAMENTO.Nivel="Nível 3")+16*(ORÇAMENTO.Nivel="Nível 4")+32*(ORÇAMENTO.Nivel="Serviço"),2),0,1,2,3,4,"S") -> S | B26: =IF(OR(C26="s",C26=0),OFFSET(B26,-1,0),C26) -> 2 | C26: =IF(OFFSET(C26,-1,0)="L",1,IF(OFFSET(C26,-1,0)=1,2,IF(OR(A26="s",A26=0),"S",IF(AND(OFFSET(C26,-1,0)=2,A26=4),3,IF(AND(OR(OFFSET(C26,-1,0)="s",OFFSET(C26,-1,0)=0),A26<>"s",A26>OFFSET(B26,-1,0)),OFFSET(B26,-1,0),A26))))) -> S | D26: =IF(OR(C26="S",C26=0),0,IF(ISERROR(K26),J26,SMALL(J26:K26,1))) -> 0 | E26: =IF($C26=1,OFFSET(E26,-1,0)+MAX(1,COUNTIF(QCI!$A$13:$A$24,OFFSET(ORÇAMENTO!E26,-1,0))),OFFSET(E26,-1,0)) -> 1 | F26: =IF($C26=1,0,IF($C26=2,OFFSET(F26,-1,0)+1,OFFSET(F26,-1,0))) -> 1 | G26: =IF(AND($C26<=2,$C26<>0),0,IF($C26=3,OFFSET(G26,-1,0)+1,OFFSET(G26,-1,0))) -> 0 | H26: =IF(AND($C26<=3,$C26<>0),0,IF($C26=4,OFFSET(H26,-1,0)+1,OFFSET(H26,-1,0))) -> 0 | I26: =IF(AND($C26<=4,$C26<>0),0,IF(AND($C26="S",$X26>0),OFFSET(I26,-1,0)+1,OFFSET(I26,-1,0))) -> 0 | J26: =IF(OR($C26="S",$C26=0),0,MATCH(0,OFFSET($D26,1,$C26,ROW($C$747)-ROW($C26)),0)) -> 0 | K26: =IF(OR($C26="S",$C26=0),0,MATCH(OFFSET($D26,0,$C26)+IF($C26<>1,1,COUNTIF(QCI!$A$13:$A$24,ORÇAMENTO!E26)),OFFSET($D26,1,$C26,ROW($C$747)-ROW($C26)),0)) -> 0 | L26: =IF(OR($X26>0,$C26=1,$C26=2,$C26=3,$C26=4),"F","") | M26: Serviço | N26: =CHOOSE(1+LOG(1+2*(C26=1)+4*(C26=2)+8*(C26=3)+16*(C26=4)+32*(C26="S"),2),"","Meta","Nível 2","Nível 3","Nível 4","Serviço") -> Serviço | O26: =IF(OR($C26=0,$L26=""),"-",CONCATENATE(E26&".",IF(AND($A$5>=2,$C26>=2),F26&".",""),IF(AND($A$5>=3,$C26>=3),G26&".",""),IF(AND($A$5>=4,$C26>=4),H26&".",""),IF($C26="S",I26&".",""))) -> - | P26: Composição | Q26: FNDE 232 | R26: =IF($C26="S",REFERENCIA.Descricao,"(digite a descrição aqui)") -> (abra o arquivo 'Referência 02-2025.xlsm) | S26: =REFERENCIA.Unidade -> - | T26: =OFFSET(CÁLCULO!H$15,ROW($T26)-ROW(T$15),0) -> 10 | U26: =AG26 -> 0 | V26: BDI 1 | W26: =IF($C26="S",ROUND(IF(TIPOORCAMENTO="Proposto",ORÇAMENTO.CustoUnitario*(1+$AH26),ORÇAMENTO.PrecoUnitarioLicitado),15-13*$AF$10),0) -> 0 | X26: =IF($C26="S",IF(Import.TipoArredondamento<>"TransfereGOV",VTOTAL1,SUM(OFFSET(CÁLCULO!$AA$15,ROW($X26)-ROW($X$15),1):OFFSET(CÁLCULO!$AL$15,ROW($X26)-ROW($X$15),-1))),IF($C26=0,0,ROUND(SomaAgrup,15-13*$AF$11))) -> 0 | Y26: RA | Z26: =IF(AND($C26="S",$X26>0),IF(ISBLANK($Y26),"RA",LEFT($Y26,2)),"") | AA26: =IF($C26="S",IF($Z26="CP",$X26,IF($Z26="RA",(($X26)*QCI!$AA$3),0)),SomaAgrup) -> 0 | AB26: =IF($C26="S",IF($Z26="OU",ROUND($X26,2),0),SomaAgrup) -> 0 | AC26: =IF($N26="","",IF(ORÇAMENTO.Descricao="","DESCRIÇÃO",IF(AND($C26="S",ORÇAMENTO.Unidade=""),"UNIDADE",IF($X26<0,"VALOR NEGATIVO",IF(OR(AND(TIPOORCAMENTO="Proposto",$AG26<>"",$AG26>0,ORÇAMENTO.CustoUnitario>$AG26),AND(TIPOORCAMENTO="LICITADO",ORÇAMENTO.PrecoUnitarioLicitado>$AN26)),"ACIMA REF.",""))))) | AD26: =IF(C26<=CRONO.NivelExibicao,MAX($AD$15:OFFSET(AD26,-1,0))+IF($C26<>1,1,MAX(1,COUNTIF(QCI!$A$13:$A$24,OFFSET($E26,-1,0)))),"") | AE26: =IF(AND($C26="S",ORÇAMENTO.CodBarra<>""),IF(ORÇAMENTO.Fonte="",ORÇAMENTO.CodBarra,CONCATENATE(ORÇAMENTO.Fonte," ",ORÇAMENTO.CodBarra))) -> Composição FNDE 232 | AF26: =IF(ISERROR(INDIRECT(ORÇAMENTO.BancoRef)),"(abra o arquivo 'Referência "&Excel_BuiltIn_Database&".xlsm)",IF(OR($C26<>"S",ORÇAMENTO.CodBarra=""),"(Sem Código)",IF(ISERROR(MATCH($AE26,INDIRECT(ORÇAMENTO.BancoRef),0)),"(Código não identificado nas referências)",MATCH($AE26,INDIRECT(ORÇAMENTO.BancoRef),0)))) -> (abra o arquivo 'Referência 02-2025.xlsm) | AG26: =ROUND(IF(DESONERACAO="sim",REFERENCIA.Desonerado,REFERENCIA.NaoDesonerado),2) -> 0 | AH26: =ROUND(IF(ISNUMBER(ORÇAMENTO.OpcaoBDI),ORÇAMENTO.OpcaoBDI,IF(LEFT(ORÇAMENTO.OpcaoBDI,3)="BDI",HLOOKUP(ORÇAMENTO.OpcaoBDI,$F$4:$H$5,2,FALSE),0)),15-11*$AF$9) -> 0.2247 | AJ26: 10 | AM26: =$X26 -> 0 | AN26: =ROUND(ORÇAMENTO.CustoUnitario*(1+$AH26),2) -> 0
A27: =CHOOSE(1+LOG(1+2*(ORÇAMENTO.Nivel="Meta")+4*(ORÇAMENTO.Nivel="Nível 2")+8*(ORÇAMENTO.Nivel="Nível 3")+16*(ORÇAMENTO.Nivel="Nível 4")+32*(ORÇAMENTO.Nivel="Serviço"),2),0,1,2,3,4,"S") -> 2 | B27: =IF(OR(C27="s",C27=0),OFFSET(B27,-1,0),C27) -> 2 | C27: =IF(OFFSET(C27,-1,0)="L",1,IF(OFFSET(C27,-1,0)=1,2,IF(OR(A27="s",A27=0),"S",IF(AND(OFFSET(C27,-1,0)=2,A27=4),3,IF(AND(OR(OFFSET(C27,-1,0)="s",OFFSET(C27,-1,0)=0),A27<>"s",A27>OFFSET(B27,-1,0)),OFFSET(B27,-1,0),A27))))) -> 2 | D27: =IF(OR(C27="S",C27=0),0,IF(ISERROR(K27),J27,SMALL(J27:K27,1))) -> 8 | E27: =IF($C27=1,OFFSET(E27,-1,0)+MAX(1,COUNTIF(QCI!$A$13:$A$24,OFFSET(ORÇAMENTO!E27,-1,0))),OFFSET(E27,-1,0)) -> 1 | F27: =IF($C27=1,0,IF($C27=2,OFFSET(F27,-1,0)+1,OFFSET(F27,-1,0))) -> 2 | G27: =IF(AND($C27<=2,$C27<>0),0,IF($C27=3,OFFSET(G27,-1,0)+1,OFFSET(G27,-1,0))) -> 0 | H27: =IF(AND($C27<=3,$C27<>0),0,IF($C27=4,OFFSET(H27,-1,0)+1,OFFSET(H27,-1,0))) -> 0 | I27: =IF(AND($C27<=4,$C27<>0),0,IF(AND($C27="S",$X27>0),OFFSET(I27,-1,0)+1,OFFSET(I27,-1,0))) -> 0 | J27: =IF(OR($C27="S",$C27=0),0,MATCH(0,OFFSET($D27,1,$C27,ROW($C$747)-ROW($C27)),0)) -> 720 | K27: =IF(OR($C27="S",$C27=0),0,MATCH(OFFSET($D27,0,$C27)+IF($C27<>1,1,COUNTIF(QCI!$A$13:$A$24,ORÇAMENTO!E27)),OFFSET($D27,1,$C27,ROW($C$747)-ROW($C27)),0)) -> 8 | L27: =IF(OR($X27>0,$C27=1,$C27=2,$C27=3,$C27=4),"F","") -> F | M27: Nível 2 | N27: =CHOOSE(1+LOG(1+2*(C27=1)+4*(C27=2)+8*(C27=3)+16*(C27=4)+32*(C27="S"),2),"","Meta","Nível 2","Nível 3","Nível 4","Serviço") -> Nível 2 | O27: =IF(OR($C27=0,$L27=""),"-",CONCATENATE(E27&".",IF(AND($A$5>=2,$C27>=2),F27&".",""),IF(AND($A$5>=3,$C27>=3),G27&".",""),IF(AND($A$5>=4,$C27>=4),H27&".",""),IF($C27="S",I27&".",""))) -> 1.2. | P27: SINAPI | R27: =IF($C27="S",REFERENCIA.Descricao,"MOVIMENTO DE TERRA PARA FUNDAÇÕES") -> MOVIMENTO DE TERRA PARA FUNDAÇÕES | S27: =REFERENCIA.Unidade -> - | T27: =OFFSET(CÁLCULO!H$15,ROW($T27)-ROW(T$15),0) -> 0 | U27: =AG27 -> 0 | V27: BDI 1 | W27: =IF($C27="S",ROUND(IF(TIPOORCAMENTO="Proposto",ORÇAMENTO.CustoUnitario*(1+$AH27),ORÇAMENTO.PrecoUnitarioLicitado),15-13*$AF$10),0) -> 0 | X27: =IF($C27="S",IF(Import.TipoArredondamento<>"TransfereGOV",VTOTAL1,SUM(OFFSET(CÁLCULO!$AA$15,ROW($X27)-ROW($X$15),1):OFFSET(CÁLCULO!$AL$15,ROW($X27)-ROW($X$15),-1))),IF($C27=0,0,ROUND(SomaAgrup,15-13*$AF$11))) -> 0 | Y27: RA | Z27: =IF(AND($C27="S",$X27>0),IF(ISBLANK($Y27),"RA",LEFT($Y27,2)),"") | AA27: =IF($C27="S",IF($Z27="CP",$X27,IF($Z27="RA",(($X27)*QCI!$AA$3),0)),SomaAgrup) -> 0 | AB27: =IF($C27="S",IF($Z27="OU",ROUND($X27,2),0),SomaAgrup) -> 0 | AC27: =IF($N27="","",IF(ORÇAMENTO.Descricao="","DESCRIÇÃO",IF(AND($C27="S",ORÇAMENTO.Unidade=""),"UNIDADE",IF($X27<0,"VALOR NEGATIVO",IF(OR(AND(TIPOORCAMENTO="Proposto",$AG27<>"",$AG27>0,ORÇAMENTO.CustoUnitario>$AG27),AND(TIPOORCAMENTO="LICITADO",ORÇAMENTO.PrecoUnitarioLicitado>$AN27)),"ACIMA REF.",""))))) | AD27: =IF(C27<=CRONO.NivelExibicao,MAX($AD$15:OFFSET(AD27,-1,0))+IF($C27<>1,1,MAX(1,COUNTIF(QCI!$A$13:$A$24,OFFSET($E27,-1,0)))),"") -> 3 | AE27: =IF(AND($C27="S",ORÇAMENTO.CodBarra<>""),IF(ORÇAMENTO.Fonte="",ORÇAMENTO.CodBarra,CONCATENATE(ORÇAMENTO.Fonte," ",ORÇAMENTO.CodBarra))) -> FALSE | AF27: =IF(ISERROR(INDIRECT(ORÇAMENTO.BancoRef)),"(abra o arquivo 'Referência "&Excel_BuiltIn_Database&".xlsm)",IF(OR($C27<>"S",ORÇAMENTO.CodBarra=""),"(Sem Código)",IF(ISERROR(MATCH($AE27,INDIRECT(ORÇAMENTO.BancoRef),0)),"(Código não identificado nas referências)",MATCH($AE27,INDIRECT(ORÇAMENTO.BancoRef),0)))) -> (abra o arquivo 'Referência 02-2025.xlsm) | AG27: =ROUND(IF(DESONERACAO="sim",REFERENCIA.Desonerado,REFERENCIA.NaoDesonerado),2) -> 0 | AH27: =ROUND(IF(ISNUMBER(ORÇAMENTO.OpcaoBDI),ORÇAMENTO.OpcaoBDI,IF(LEFT(ORÇAMENTO.OpcaoBDI,3)="BDI",HLOOKUP(ORÇAMENTO.OpcaoBDI,$F$4:$H$5,2,FALSE),0)),15-11*$AF$9) -> 0.2247 | AM27: =$X27 -> 0 | AN27: =ROUND(ORÇAMENTO.CustoUnitario*(1+$AH27),2) -> 0
A28: =CHOOSE(1+LOG(1+2*(ORÇAMENTO.Nivel="Meta")+4*(ORÇAMENTO.Nivel="Nível 2")+8*(ORÇAMENTO.Nivel="Nível 3")+16*(ORÇAMENTO.Nivel="Nível 4")+32*(ORÇAMENTO.Nivel="Serviço"),2),0,1,2,3,4,"S") -> S | B28: =IF(OR(C28="s",C28=0),OFFSET(B28,-1,0),C28) -> 2 | C28: =IF(OFFSET(C28,-1,0)="L",1,IF(OFFSET(C28,-1,0)=1,2,IF(OR(A28="s",A28=0),"S",IF(AND(OFFSET(C28,-1,0)=2,A28=4),3,IF(AND(OR(OFFSET(C28,-1,0)="s",OFFSET(C28,-1,0)=0),A28<>"s",A28>OFFSET(B28,-1,0)),OFFSET(B28,-1,0),A28))))) -> S | D28: =IF(OR(C28="S",C28=0),0,IF(ISERROR(K28),J28,SMALL(J28:K28,1))) -> 0 | E28: =IF($C28=1,OFFSET(E28,-1,0)+MAX(1,COUNTIF(QCI!$A$13:$A$24,OFFSET(ORÇAMENTO!E28,-1,0))),OFFSET(E28,-1,0)) -> 1 | F28: =IF($C28=1,0,IF($C28=2,OFFSET(F28,-1,0)+1,OFFSET(F28,-1,0))) -> 2 | G28: =IF(AND($C28<=2,$C28<>0),0,IF($C28=3,OFFSET(G28,-1,0)+1,OFFSET(G28,-1,0))) -> 0 | H28: =IF(AND($C28<=3,$C28<>0),0,IF($C28=4,OFFSET(H28,-1,0)+1,OFFSET(H28,-1,0))) -> 0 | I28: =IF(AND($C28<=4,$C28<>0),0,IF(AND($C28="S",$X28>0),OFFSET(I28,-1,0)+1,OFFSET(I28,-1,0))) -> 0 | J28: =IF(OR($C28="S",$C28=0),0,MATCH(0,OFFSET($D28,1,$C28,ROW($C$747)-ROW($C28)),0)) -> 0 | K28: =IF(OR($C28="S",$C28=0),0,MATCH(OFFSET($D28,0,$C28)+IF($C28<>1,1,COUNTIF(QCI!$A$13:$A$24,ORÇAMENTO!E28)),OFFSET($D28,1,$C28,ROW($C$747)-ROW($C28)),0)) -> 0 | L28: =IF(OR($X28>0,$C28=1,$C28=2,$C28=3,$C28=4),"F","") | M28: Serviço | N28: =CHOOSE(1+LOG(1+2*(C28=1)+4*(C28=2)+8*(C28=3)+16*(C28=4)+32*(C28="S"),2),"","Meta","Nível 2","Nível 3","Nível 4","Serviço") -> Serviço | O28: =IF(OR($C28=0,$L28=""),"-",CONCATENATE(E28&".",IF(AND($A$5>=2,$C28>=2),F28&".",""),IF(AND($A$5>=3,$C28>=3),G28&".",""),IF(AND($A$5>=4,$C28>=4),H28&".",""),IF($C28="S",I28&".",""))) -> - | P28: SINAPI | Q28: 98525 | R28: =IF($C28="S",REFERENCIA.Descricao,"(digite a descrição aqui)") -> (abra o arquivo 'Referência 02-2025.xlsm) | S28: =REFERENCIA.Unidade -> - | T28: =OFFSET(CÁLCULO!H$15,ROW($T28)-ROW(T$15),0) -> 2925 | U28: =AG28 -> 0 | V28: BDI 1 | W28: =IF($C28="S",ROUND(IF(TIPOORCAMENTO="Proposto",ORÇAMENTO.CustoUnitario*(1+$AH28),ORÇAMENTO.PrecoUnitarioLicitado),15-13*$AF$10),0) -> 0 | X28: =IF($C28="S",IF(Import.TipoArredondamento<>"TransfereGOV",VTOTAL1,SUM(OFFSET(CÁLCULO!$AA$15,ROW($X28)-ROW($X$15),1):OFFSET(CÁLCULO!$AL$15,ROW($X28)-ROW($X$15),-1))),IF($C28=0,0,ROUND(SomaAgrup,15-13*$AF$11))) -> 0 | Y28: RA | Z28: =IF(AND($C28="S",$X28>0),IF(ISBLANK($Y28),"RA",LEFT($Y28,2)),"") | AA28: =IF($C28="S",IF($Z28="CP",$X28,IF($Z28="RA",(($X28)*QCI!$AA$3),0)),SomaAgrup) -> 0 | AB28: =IF($C28="S",IF($Z28="OU",ROUND($X28,2),0),SomaAgrup) -> 0 | AC28: =IF($N28="","",IF(ORÇAMENTO.Descricao="","DESCRIÇÃO",IF(AND($C28="S",ORÇAMENTO.Unidade=""),"UNIDADE",IF($X28<0,"VALOR NEGATIVO",IF(OR(AND(TIPOORCAMENTO="Proposto",$AG28<>"",$AG28>0,ORÇAMENTO.CustoUnitario>$AG28),AND(TIPOORCAMENTO="LICITADO",ORÇAMENTO.PrecoUnitarioLicitado>$AN28)),"ACIMA REF.",""))))) | AD28: =IF(C28<=CRONO.NivelExibicao,MAX($AD$15:OFFSET(AD28,-1,0))+IF($C28<>1,1,MAX(1,COUNTIF(QCI!$A$13:$A$24,OFFSET($E28,-1,0)))),"") | AE28: =IF(AND($C28="S",ORÇAMENTO.CodBarra<>""),IF(ORÇAMENTO.Fonte="",ORÇAMENTO.CodBarra,CONCATENATE(ORÇAMENTO.Fonte," ",ORÇAMENTO.CodBarra))) -> SINAPI 98525 | AF28: =IF(ISERROR(INDIRECT(ORÇAMENTO.BancoRef)),"(abra o arquivo 'Referência "&Excel_BuiltIn_Database&".xlsm)",IF(OR($C28<>"S",ORÇAMENTO.CodBarra=""),"(Sem Código)",IF(ISERROR(MATCH($AE28,INDIRECT(ORÇAMENTO.BancoRef),0)),"(Código não identificado nas referências)",MATCH($AE28,INDIRECT(ORÇAMENTO.BancoRef),0)))) -> (abra o arquivo 'Referência 02-2025.xlsm) | AG28: =ROUND(IF(DESONERACAO="sim",REFERENCIA.Desonerado,REFERENCIA.NaoDesonerado),2) -> 0 | AH28: =ROUND(IF(ISNUMBER(ORÇAMENTO.OpcaoBDI),ORÇAMENTO.OpcaoBDI,IF(LEFT(ORÇAMENTO.OpcaoBDI,3)="BDI",HLOOKUP(ORÇAMENTO.OpcaoBDI,$F$4:$H$5,2,FALSE),0)),15-11*$AF$9) -> 0.2247 | AJ28: 2925 | AM28: =$X28 -> 0 | AN28: =ROUND(ORÇAMENTO.CustoUnitario*(1+$AH28),2) -> 0
A29: =CHOOSE(1+LOG(1+2*(ORÇAMENTO.Nivel="Meta")+4*(ORÇAMENTO.Nivel="Nível 2")+8*(ORÇAMENTO.Nivel="Nível 3")+16*(ORÇAMENTO.Nivel="Nível 4")+32*(ORÇAMENTO.Nivel="Serviço"),2),0,1,2,3,4,"S") -> S | B29: =IF(OR(C29="s",C29=0),OFFSET(B29,-1,0),C29) -> 2 | C29: =IF(OFFSET(C29,-1,0)="L",1,IF(OFFSET(C29,-1,0)=1,2,IF(OR(A29="s",A29=0),"S",IF(AND(OFFSET(C29,-1,0)=2,A29=4),3,IF(AND(OR(OFFSET(C29,-1,0)="s",OFFSET(C29,-1,0)=0),A29<>"s",A29>OFFSET(B29,-1,0)),OFFSET(B29,-1,0),A29))))) -> S | D29: =IF(OR(C29="S",C29=0),0,IF(ISERROR(K29),J29,SMALL(J29:K29,1))) -> 0 | E29: =IF($C29=1,OFFSET(E29,-1,0)+MAX(1,COUNTIF(QCI!$A$13:$A$24,OFFSET(ORÇAMENTO!E29,-1,0))),OFFSET(E29,-1,0)) -> 1 | F29: =IF($C29=1,0,IF($C29=2,OFFSET(F29,-1,0)+1,OFFSET(F29,-1,0))) -> 2 | G29: =IF(AND($C29<=2,$C29<>0),0,IF($C29=3,OFFSET(G29,-1,0)+1,OFFSET(G29,-1,0))) -> 0 | H29: =IF(AND($C29<=3,$C29<>0),0,IF($C29=4,OFFSET(H29,-1,0)+1,OFFSET(H29,-1,0))) -> 0 | I29: =IF(AND($C29<=4,$C29<>0),0,IF(AND($C29="S",$X29>0),OFFSET(I29,-1,0)+1,OFFSET(I29,-1,0))) -> 0 | J29: =IF(OR($C29="S",$C29=0),0,MATCH(0,OFFSET($D29,1,$C29,ROW($C$747)-ROW($C29)),0)) -> 0 | K29: =IF(OR($C29="S",$C29=0),0,MATCH(OFFSET($D29,0,$C29)+IF($C29<>1,1,COUNTIF(QCI!$A$13:$A$24,ORÇAMENTO!E29)),OFFSET($D29,1,$C29,ROW($C$747)-ROW($C29)),0)) -> 0 | L29: =IF(OR($X29>0,$C29=1,$C29=2,$C29=3,$C29=4),"F","") | M29: Serviço | N29: =CHOOSE(1+LOG(1+2*(C29=1)+4*(C29=2)+8*(C29=3)+16*(C29=4)+32*(C29="S"),2),"","Meta","Nível 2","Nível 3","Nível 4","Serviço") -> Serviço | O29: =IF(OR($C29=0,$L29=""),"-",CONCATENATE(E29&".",IF(AND($A$5>=2,$C29>=2),F29&".",""),IF(AND($A$5>=3,$C29>=3),G29&".",""),IF(AND($A$5>=4,$C29>=4),H29&".",""),IF($C29="S",I29&".",""))) -> - | P29: SINAPI | Q29: 94304 | R29: =IF($C29="S",REFERENCIA.Descricao,"(digite a descrição aqui)") -> (abra o arquivo 'Referência 02-2025.xlsm) | S29: =REFERENCIA.Unidade -> - | T29: =OFFSET(CÁLCULO!H$15,ROW($T29)-ROW(T$15),0) -> 585 | U29: =AG29 -> 0 | V29: BDI 1 | W29: =IF($C29="S",ROUND(IF(TIPOORCAMENTO="Proposto",ORÇAMENTO.CustoUnitario*(1+$AH29),ORÇAMENTO.PrecoUnitarioLicitado),15-13*$AF$10),0) -> 0 | X29: =IF($C29="S",IF(Import.TipoArredondamento<>"TransfereGOV",VTOTAL1,SUM(OFFSET(CÁLCULO!$AA$15,ROW($X29)-ROW($X$15),1):OFFSET(CÁLCULO!$AL$15,ROW($X29)-ROW($X$15),-1))),IF($C29=0,0,ROUND(SomaAgrup,15-13*$AF$11))) -> 0 | Y29: RA | Z29: =IF(AND($C29="S",$X29>0),IF(ISBLANK($Y29),"RA",LEFT($Y29,2)),"") | AA29: =IF($C29="S",IF($Z29="CP",$X29,IF($Z29="RA",(($X29)*QCI!$AA$3),0)),SomaAgrup) -> 0 | AB29: =IF($C29="S",IF($Z29="OU",ROUND($X29,2),0),SomaAgrup) -> 0 | AC29: =IF($N29="","",IF(ORÇAMENTO.Descricao="","DESCRIÇÃO",IF(AND($C29="S",ORÇAMENTO.Unidade=""),"UNIDADE",IF($X29<0,"VALOR NEGATIVO",IF(OR(AND(TIPOORCAMENTO="Proposto",$AG29<>"",$AG29>0,ORÇAMENTO.CustoUnitario>$AG29),AND(TIPOORCAMENTO="LICITADO",ORÇAMENTO.PrecoUnitarioLicitado>$AN29)),"ACIMA REF.",""))))) | AD29: =IF(C29<=CRONO.NivelExibicao,MAX($AD$15:OFFSET(AD29,-1,0))+IF($C29<>1,1,MAX(1,COUNTIF(QCI!$A$13:$A$24,OFFSET($E29,-1,0)))),"") | AE29: =IF(AND($C29="S",ORÇAMENTO.CodBarra<>""),IF(ORÇAMENTO.Fonte="",ORÇAMENTO.CodBarra,CONCATENATE(ORÇAMENTO.Fonte," ",ORÇAMENTO.CodBarra))) -> SINAPI 94304 | AF29: =IF(ISERROR(INDIRECT(ORÇAMENTO.BancoRef)),"(abra o arquivo 'Referência "&Excel_BuiltIn_Database&".xlsm)",IF(OR($C29<>"S",ORÇAMENTO.CodBarra=""),"(Sem Código)",IF(ISERROR(MATCH($AE29,INDIRECT(ORÇAMENTO.BancoRef),0)),"(Código não identificado nas referências)",MATCH($AE29,INDIRECT(ORÇAMENTO.BancoRef),0)))) -> (abra o arquivo 'Referência 02-2025.xlsm) | AG29: =ROUND(IF(DESONERACAO="sim",REFERENCIA.Desonerado,REFERENCIA.NaoDesonerado),2) -> 0 | AH29: =ROUND(IF(ISNUMBER(ORÇAMENTO.OpcaoBDI),ORÇAMENTO.OpcaoBDI,IF(LEFT(ORÇAMENTO.OpcaoBDI,3)="BDI",HLOOKUP(ORÇAMENTO.OpcaoBDI,$F$4:$H$5,2,FALSE),0)),15-11*$AF$9) -> 0.2247 | AJ29: 585 | AM29: =$X29 -> 0 | AN29: =ROUND(ORÇAMENTO.CustoUnitario*(1+$AH29),2) -> 0
A30: =CHOOSE(1+LOG(1+2*(ORÇAMENTO.Nivel="Meta")+4*(ORÇAMENTO.Nivel="Nível 2")+8*(ORÇAMENTO.Nivel="Nível 3")+16*(ORÇAMENTO.Nivel="Nível 4")+32*(ORÇAMENTO.Nivel="Serviço"),2),0,1,2,3,4,"S") -> S | B30: =IF(OR(C30="s",C30=0),OFFSET(B30,-1,0),C30) -> 2 | C30: =IF(OFFSET(C30,-1,0)="L",1,IF(OFFSET(C30,-1,0)=1,2,IF(OR(A30="s",A30=0),"S",IF(AND(OFFSET(C30,-1,0)=2,A30=4),3,IF(AND(OR(OFFSET(C30,-1,0)="s",OFFSET(C30,-1,0)=0),A30<>"s",A30>OFFSET(B30,-1,0)),OFFSET(B30,-1,0),A30))))) -> S | D30: =IF(OR(C30="S",C30=0),0,IF(ISERROR(K30),J30,SMALL(J30:K30,1))) -> 0 | E30: =IF($C30=1,OFFSET(E30,-1,0)+MAX(1,COUNTIF(QCI!$A$13:$A$24,OFFSET(ORÇAMENTO!E30,-1,0))),OFFSET(E30,-1,0)) -> 1 | F30: =IF($C30=1,0,IF($C30=2,OFFSET(F30,-1,0)+1,OFFSET(F30,-1,0))) -> 2 | G30: =IF(AND($C30<=2,$C30<>0),0,IF($C30=3,OFFSET(G30,-1,0)+1,OFFSET(G30,-1,0))) -> 0 | H30: =IF(AND($C30<=3,$C30<>0),0,IF($C30=4,OFFSET(H30,-1,0)+1,OFFSET(H30,-1,0))) -> 0 | I30: =IF(AND($C30<=4,$C30<>0),0,IF(AND($C30="S",$X30>0),OFFSET(I30,-1,0)+1,OFFSET(I30,-1,0))) -> 0 | J30: =IF(OR($C30="S",$C30=0),0,MATCH(0,OFFSET($D30,1,$C30,ROW($C$747)-ROW($C30)),0)) -> 0 | K30: =IF(OR($C30="S",$C30=0),0,MATCH(OFFSET($D30,0,$C30)+IF($C30<>1,1,COUNTIF(QCI!$A$13:$A$24,ORÇAMENTO!E30)),OFFSET($D30,1,$C30,ROW($C$747)-ROW($C30)),0)) -> 0 | L30: =IF(OR($X30>0,$C30=1,$C30=2,$C30=3,$C30=4),"F","") | M30: Serviço | N30: =CHOOSE(1+LOG(1+2*(C30=1)+4*(C30=2)+8*(C30=3)+16*(C30=4)+32*(C30="S"),2),"","Meta","Nível 2","Nível 3","Nível 4","Serviço") -> Serviço | O30: =IF(OR($C30=0,$L30=""),"-",CONCATENATE(E30&".",IF(AND($A$5>=2,$C30>=2),F30&".",""),IF(AND($A$5>=3,$C30>=3),G30&".",""),IF(AND($A$5>=4,$C30>=4),H30&".",""),IF($C30="S",I30&".",""))) -> - | P30: SINAPI | Q30: 96521 | R30: =IF($C30="S",REFERENCIA.Descricao,"(digite a descrição aqui)") -> (abra o arquivo 'Referência 02-2025.xlsm) | S30: =REFERENCIA.Unidade -> - | T30: =OFFSET(CÁLCULO!H$15,ROW($T30)-ROW(T$15),0) -> 457.05 | U30: =AG30 -> 0 | V30: BDI 1 | W30: =IF($C30="S",ROUND(IF(TIPOORCAMENTO="Proposto",ORÇAMENTO.CustoUnitario*(1+$AH30),ORÇAMENTO.PrecoUnitarioLicitado),15-13*$AF$10),0) -> 0 | X30: =IF($C30="S",IF(Import.TipoArredondamento<>"TransfereGOV",VTOTAL1,SUM(OFFSET(CÁLCULO!$AA$15,ROW($X30)-ROW($X$15),1):OFFSET(CÁLCULO!$AL$15,ROW($X30)-ROW($X$15),-1))),IF($C30=0,0,ROUND(SomaAgrup,15-13*$AF$11))) -> 0 | Y30: RA | Z30: =IF(AND($C30="S",$X30>0),IF(ISBLANK($Y30),"RA",LEFT($Y30,2)),"") | AA30: =IF($C30="S",IF($Z30="CP",$X30,IF($Z30="RA",(($X30)*QCI!$AA$3),0)),SomaAgrup) -> 0 | AB30: =IF($C30="S",IF($Z30="OU",ROUND($X30,2),0),SomaAgrup) -> 0 | AC30: =IF($N30="","",IF(ORÇAMENTO.Descricao="","DESCRIÇÃO",IF(AND($C30="S",ORÇAMENTO.Unidade=""),"UNIDADE",IF($X30<0,"VALOR NEGATIVO",IF(OR(AND(TIPOORCAMENTO="Proposto",$AG30<>"",$AG30>0,ORÇAMENTO.CustoUnitario>$AG30),AND(TIPOORCAMENTO="LICITADO",ORÇAMENTO.PrecoUnitarioLicitado>$AN30)),"ACIMA REF.",""))))) | AD30: =IF(C30<=CRONO.NivelExibicao,MAX($AD$15:OFFSET(AD30,-1,0))+IF($C30<>1,1,MAX(1,COUNTIF(QCI!$A$13:$A$24,OFFSET($E30,-1,0)))),"") | AE30: =IF(AND($C30="S",ORÇAMENTO.CodBarra<>""),IF(ORÇAMENTO.Fonte="",ORÇAMENTO.CodBarra,CONCATENATE(ORÇAMENTO.Fonte," ",ORÇAMENTO.CodBarra))) -> SINAPI 96521 | AF30: =IF(ISERROR(INDIRECT(ORÇAMENTO.BancoRef)),"(abra o arquivo 'Referência "&Excel_BuiltIn_Database&".xlsm)",IF(OR($C30<>"S",ORÇAMENTO.CodBarra=""),"(Sem Código)",IF(ISERROR(MATCH($AE30,INDIRECT(ORÇAMENTO.BancoRef),0)),"(Código não identificado nas referências)",MATCH($AE30,INDIRECT(ORÇAMENTO.BancoRef),0)))) -> (abra o arquivo 'Referência 02-2025.xlsm) | AG30: =ROUND(IF(DESONERACAO="sim",REFERENCIA.Desonerado,REFERENCIA.NaoDesonerado),2) -> 0 | AH30: =ROUND(IF(ISNUMBER(ORÇAMENTO.OpcaoBDI),ORÇAMENTO.OpcaoBDI,IF(LEFT(ORÇAMENTO.OpcaoBDI,3)="BDI",HLOOKUP(ORÇAMENTO.OpcaoBDI,$F$4:$H$5,2,FALSE),0)),15-11*$AF$9) -> 0.2247 | AJ30: 457.05 | AM30: =$X30 -> 0 | AN30: =ROUND(ORÇAMENTO.CustoUnitario*(1+$AH30),2) -> 0
A31: =CHOOSE(1+LOG(1+2*(ORÇAMENTO.Nivel="Meta")+4*(ORÇAMENTO.Nivel="Nível 2")+8*(ORÇAMENTO.Nivel="Nível 3")+16*(ORÇAMENTO.Nivel="Nível 4")+32*(ORÇAMENTO.Nivel="Serviço"),2),0,1,2,3,4,"S") -> S | B31: =IF(OR(C31="s",C31=0),OFFSET(B31,-1,0),C31) -> 2 | C31: =IF(OFFSET(C31,-1,0)="L",1,IF(OFFSET(C31,-1,0)=1,2,IF(OR(A31="s",A31=0),"S",IF(AND(OFFSET(C31,-1,0)=2,A31=4),3,IF(AND(OR(OFFSET(C31,-1,0)="s",OFFSET(C31,-1,0)=0),A31<>"s",A31>OFFSET(B31,-1,0)),OFFSET(B31,-1,0),A31))))) -> S | D31: =IF(OR(C31="S",C31=0),0,IF(ISERROR(K31),J31,SMALL(J31:K31,1))) -> 0 | E31: =IF($C31=1,OFFSET(E31,-1,0)+MAX(1,COUNTIF(QCI!$A$13:$A$24,OFFSET(ORÇAMENTO!E31,-1,0))),OFFSET(E31,-1,0)) -> 1 | F31: =IF($C31=1,0,IF($C31=2,OFFSET(F31,-1,0)+1,OFFSET(F31,-1,0))) -> 2 | G31: =IF(AND($C31<=2,$C31<>0),0,IF($C31=3,OFFSET(G31,-1,0)+1,OFFSET(G31,-1,0))) -> 0 | H31: =IF(AND($C31<=3,$C31<>0),0,IF($C31=4,OFFSET(H31,-1,0)+1,OFFSET(H31,-1,0))) -> 0 | I31: =IF(AND($C31<=4,$C31<>0),0,IF(AND($C31="S",$X31>0),OFFSET(I31,-1,0)+1,OFFSET(I31,-1,0))) -> 0 | J31: =IF(OR($C31="S",$C31=0),0,MATCH(0,OFFSET($D31,1,$C31,ROW($C$747)-ROW($C31)),0)) -> 0 | K31: =IF(OR($C31="S",$C31=0),0,MATCH(OFFSET($D31,0,$C31)+IF($C31<>1,1,COUNTIF(QCI!$A$13:$A$24,ORÇAMENTO!E31)),OFFSET($D31,1,$C31,ROW($C$747)-ROW($C31)),0)) -> 0 | L31: =IF(OR($X31>0,$C31=1,$C31=2,$C31=3,$C31=4),"F","") | M31: Serviço | N31: =CHOOSE(1+LOG(1+2*(C31=1)+4*(C31=2)+8*(C31=3)+16*(C31=4)+32*(C31="S"),2),"","Meta","Nível 2","Nível 3","Nível 4","Serviço") -> Serviço | O31: =IF(OR($C31=0,$L31=""),"-",CONCATENATE(E31&".",IF(AND($A$5>=2,$C31>=2),F31&".",""),IF(AND($A$5>=3,$C31>=3),G31&".",""),IF(AND($A$5>=4,$C31>=4),H31&".",""),IF($C31="S",I31&".",""))) -> - | P31: SINAPI | Q31: 96525 | R31: =IF($C31="S",REFERENCIA.Descricao,"(digite a descrição aqui)") -> (abra o arquivo 'Referência 02-2025.xlsm) | S31: =REFERENCIA.Unidade -> - | T31: =OFFSET(CÁLCULO!H$15,ROW($T31)-ROW(T$15),0) -> 264.04 | U31: =AG31 -> 0 | V31: BDI 1 | W31: =IF($C31="S",ROUND(IF(TIPOORCAMENTO="Proposto",ORÇAMENTO.CustoUnitario*(1+$AH31),ORÇAMENTO.PrecoUnitarioLicitado),15-13*$AF$10),0) -> 0 | X31: =IF($C31="S",IF(Import.TipoArredondamento<>"TransfereGOV",VTOTAL1,SUM(OFFSET(CÁLCULO!$AA$15,ROW($X31)-ROW($X$15),1):OFFSET(CÁLCULO!$AL$15,ROW($X31)-ROW($X$15),-1))),IF($C31=0,0,ROUND(SomaAgrup,15-13*$AF$11))) -> 0 | Y31: RA | Z31: =IF(AND($C31="S",$X31>0),IF(ISBLANK($Y31),"RA",LEFT($Y31,2)),"") | AA31: =IF($C31="S",IF($Z31="CP",$X31,IF($Z31="RA",(($X31)*QCI!$AA$3),0)),SomaAgrup) -> 0 | AB31: =IF($C31="S",IF($Z31="OU",ROUND($X31,2),0),SomaAgrup) -> 0 | AC31: =IF($N31="","",IF(ORÇAMENTO.Descricao="","DESCRIÇÃO",IF(AND($C31="S",ORÇAMENTO.Unidade=""),"UNIDADE",IF($X31<0,"VALOR NEGATIVO",IF(OR(AND(TIPOORCAMENTO="Proposto",$AG31<>"",$AG31>0,ORÇAMENTO.CustoUnitario>$AG31),AND(TIPOORCAMENTO="LICITADO",ORÇAMENTO.PrecoUnitarioLicitado>$AN31)),"ACIMA REF.",""))))) | AD31: =IF(C31<=CRONO.NivelExibicao,MAX($AD$15:OFFSET(AD31,-1,0))+IF($C31<>1,1,MAX(1,COUNTIF(QCI!$A$13:$A$24,OFFSET($E31,-1,0)))),"") | AE31: =IF(AND($C31="S",ORÇAMENTO.CodBarra<>""),IF(ORÇAMENTO.Fonte="",ORÇAMENTO.CodBarra,CONCATENATE(ORÇAMENTO.Fonte," ",ORÇAMENTO.CodBarra))) -> SINAPI 96525 | AF31: =IF(ISERROR(INDIRECT(ORÇAMENTO.BancoRef)),"(abra o arquivo 'Referência "&Excel_BuiltIn_Database&".xlsm)",IF(OR($C31<>"S",ORÇAMENTO.CodBarra=""),"(Sem Código)",IF(ISERROR(MATCH($AE31,INDIRECT(ORÇAMENTO.BancoRef),0)),"(Código não identificado nas referências)",MATCH($AE31,INDIRECT(ORÇAMENTO.BancoRef),0)))) -> (abra o arquivo 'Referência 02-2025.xlsm) | AG31: =ROUND(IF(DESONERACAO="sim",REFERENCIA.Desonerado,REFERENCIA.NaoDesonerado),2) -> 0 | AH31: =ROUND(IF(ISNUMBER(ORÇAMENTO.OpcaoBDI),ORÇAMENTO.OpcaoBDI,IF(LEFT(ORÇAMENTO.OpcaoBDI,3)="BDI",HLOOKUP(ORÇAMENTO.OpcaoBDI,$F$4:$H$5,2,FALSE),0)),15-11*$AF$9) -> 0.2247 | AJ31: 264.04 | AM31: =$X31 -> 0 | AN31: =ROUND(ORÇAMENTO.CustoUnitario*(1+$AH31),2) -> 0
A32: =CHOOSE(1+LOG(1+2*(ORÇAMENTO.Nivel="Meta")+4*(ORÇAMENTO.Nivel="Nível 2")+8*(ORÇAMENTO.Nivel="Nível 3")+16*(ORÇAMENTO.Nivel="Nível 4")+32*(ORÇAMENTO.Nivel="Serviço"),2),0,1,2,3,4,"S") -> S | B32: =IF(OR(C32="s",C32=0),OFFSET(B32,-1,0),C32) -> 2 | C32: =IF(OFFSET(C32,-1,0)="L",1,IF(OFFSET(C32,-1,0)=1,2,IF(OR(A32="s",A32=0),"S",IF(AND(OFFSET(C32,-1,0)=2,A32=4),3,IF(AND(OR(OFFSET(C32,-1,0)="s",OFFSET(C32,-1,0)=0),A32<>"s",A32>OFFSET(B32,-1,0)),OFFSET(B32,-1,0),A32))))) -> S | D32: =IF(OR(C32="S",C32=0),0,IF(ISERROR(K32),J32,SMALL(J32:K32,1))) -> 0 | E32: =IF($C32=1,OFFSET(E32,-1,0)+MAX(1,COUNTIF(QCI!$A$13:$A$24,OFFSET(ORÇAMENTO!E32,-1,0))),OFFSET(E32,-1,0)) -> 1 | F32: =IF($C32=1,0,IF($C32=2,OFFSET(F32,-1,0)+1,OFFSET(F32,-1,0))) -> 2 | G32: =IF(AND($C32<=2,$C32<>0),0,IF($C32=3,OFFSET(G32,-1,0)+1,OFFSET(G32,-1,0))) -> 0 | H32: =IF(AND($C32<=3,$C32<>0),0,IF($C32=4,OFFSET(H32,-1,0)+1,OFFSET(H32,-1,0))) -> 0 | I32: =IF(AND($C32<=4,$C32<>0),0,IF(AND($C32="S",$X32>0),OFFSET(I32,-1,0)+1,OFFSET(I32,-1,0))) -> 0 | J32: =IF(OR($C32="S",$C32=0),0,MATCH(0,OFFSET($D32,1,$C32,ROW($C$747)-ROW($C32)),0)) -> 0 | K32: =IF(OR($C32="S",$C32=0),0,MATCH(OFFSET($D32,0,$C32)+IF($C32<>1,1,COUNTIF(QCI!$A$13:$A$24,ORÇAMENTO!E32)),OFFSET($D32,1,$C32,ROW($C$747)-ROW($C32)),0)) -> 0 | L32: =IF(OR($X32>0,$C32=1,$C32=2,$C32=3,$C32=4),"F","") | M32: Serviço | N32: =CHOOSE(1+LOG(1+2*(C32=1)+4*(C32=2)+8*(C32=3)+16*(C32=4)+32*(C32="S"),2),"","Meta","Nível 2","Nível 3","Nível 4","Serviço") -> Serviço | O32: =IF(OR($C32=0,$L32=""),"-",CONCATENATE(E32&".",IF(AND($A$5>=2,$C32>=2),F32&".",""),IF(AND($A$5>=3,$C32>=3),G32&".",""),IF(AND($A$5>=4,$C32>=4),H32&".",""),IF($C32="S",I32&".",""))) -> - | P32: SINAPI | Q32: 101616 | R32: =IF($C32="S",REFERENCIA.Descricao,"(digite a descrição aqui)") -> (abra o arquivo 'Referência 02-2025.xlsm) | S32: =REFERENCIA.Unidade -> - | T32: =OFFSET(CÁLCULO!H$15,ROW($T32)-ROW(T$15),0) -> 1317.99 | U32: =AG32 -> 0 | V32: BDI 1 | W32: =IF($C32="S",ROUND(IF(TIPOORCAMENTO="Proposto",ORÇAMENTO.CustoUnitario*(1+$AH32),ORÇAMENTO.PrecoUnitarioLicitado),15-13*$AF$10),0) -> 0 | X32: =IF($C32="S",IF(Import.TipoArredondamento<>"TransfereGOV",VTOTAL1,SUM(OFFSET(CÁLCULO!$AA$15,ROW($X32)-ROW($X$15),1):OFFSET(CÁLCULO!$AL$15,ROW($X32)-ROW($X$15),-1))),IF($C32=0,0,ROUND(SomaAgrup,15-13*$AF$11))) -> 0 | Y32: RA | Z32: =IF(AND($C32="S",$X32>0),IF(ISBLANK($Y32),"RA",LEFT($Y32,2)),"") | AA32: =IF($C32="S",IF($Z32="CP",$X32,IF($Z32="RA",(($X32)*QCI!$AA$3),0)),SomaAgrup) -> 0 | AB32: =IF($C32="S",IF($Z32="OU",ROUND($X32,2),0),SomaAgrup) -> 0 | AC32: =IF($N32="","",IF(ORÇAMENTO.Descricao="","DESCRIÇÃO",IF(AND($C32="S",ORÇAMENTO.Unidade=""),"UNIDADE",IF($X32<0,"VALOR NEGATIVO",IF(OR(AND(TIPOORCAMENTO="Proposto",$AG32<>"",$AG32>0,ORÇAMENTO.CustoUnitario>$AG32),AND(TIPOORCAMENTO="LICITADO",ORÇAMENTO.PrecoUnitarioLicitado>$AN32)),"ACIMA REF.",""))))) | AD32: =IF(C32<=CRONO.NivelExibicao,MAX($AD$15:OFFSET(AD32,-1,0))+IF($C32<>1,1,MAX(1,COUNTIF(QCI!$A$13:$A$24,OFFSET($E32,-1,0)))),"") | AE32: =IF(AND($C32="S",ORÇAMENTO.CodBarra<>""),IF(ORÇAMENTO.Fonte="",ORÇAMENTO.CodBarra,CONCATENATE(ORÇAMENTO.Fonte," ",ORÇAMENTO.CodBarra))) -> SINAPI 101616 | AF32: =IF(ISERROR(INDIRECT(ORÇAMENTO.BancoRef)),"(abra o arquivo 'Referência "&Excel_BuiltIn_Database&".xlsm)",IF(OR($C32<>"S",ORÇAMENTO.CodBarra=""),"(Sem Código)",IF(ISERROR(MATCH($AE32,INDIRECT(ORÇAMENTO.BancoRef),0)),"(Código não identificado nas referências)",MATCH($AE32,INDIRECT(ORÇAMENTO.BancoRef),0)))) -> (abra o arquivo 'Referência 02-2025.xlsm) | AG32: =ROUND(IF(DESONERACAO="sim",REFERENCIA.Desonerado,REFERENCIA.NaoDesonerado),2) -> 0 | AH32: =ROUND(IF(ISNUMBER(ORÇAMENTO.OpcaoBDI),ORÇAMENTO.OpcaoBDI,IF(LEFT(ORÇAMENTO.OpcaoBDI,3)="BDI",HLOOKUP(ORÇAMENTO.OpcaoBDI,$F$4:$H$5,2,FALSE),0)),15-11*$AF$9) -> 0.2247 | AJ32: 1317.99 | AM32: =$X32 -> 0 | AN32: =ROUND(ORÇAMENTO.CustoUnitario*(1+$AH32),2) -> 0
A33: =CHOOSE(1+LOG(1+2*(ORÇAMENTO.Nivel="Meta")+4*(ORÇAMENTO.Nivel="Nível 2")+8*(ORÇAMENTO.Nivel="Nível 3")+16*(ORÇAMENTO.Nivel="Nível 4")+32*(ORÇAMENTO.Nivel="Serviço"),2),0,1,2,3,4,"S") -> S | B33: =IF(OR(C33="s",C33=0),OFFSET(B33,-1,0),C33) -> 2 | C33: =IF(OFFSET(C33,-1,0)="L",1,IF(OFFSET(C33,-1,0)=1,2,IF(OR(A33="s",A33=0),"S",IF(AND(OFFSET(C33,-1,0)=2,A33=4),3,IF(AND(OR(OFFSET(C33,-1,0)="s",OFFSET(C33,-1,0)=0),A33<>"s",A33>OFFSET(B33,-1,0)),OFFSET(B33,-1,0),A33))))) -> S | D33: =IF(OR(C33="S",C33=0),0,IF(ISERROR(K33),J33,SMALL(J33:K33,1))) -> 0 | E33: =IF($C33=1,OFFSET(E33,-1,0)+MAX(1,COUNTIF(QCI!$A$13:$A$24,OFFSET(ORÇAMENTO!E33,-1,0))),OFFSET(E33,-1,0)) -> 1 | F33: =IF($C33=1,0,IF($C33=2,OFFSET(F33,-1,0)+1,OFFSET(F33,-1,0))) -> 2 | G33: =IF(AND($C33<=2,$C33<>0),0,IF($C33=3,OFFSET(G33,-1,0)+1,OFFSET(G33,-1,0))) -> 0 | H33: =IF(AND($C33<=3,$C33<>0),0,IF($C33=4,OFFSET(H33,-1,0)+1,OFFSET(H33,-1,0))) -> 0 | I33: =IF(AND($C33<=4,$C33<>0),0,IF(AND($C33="S",$X33>0),OFFSET(I33,-1,0)+1,OFFSET(I33,-1,0))) -> 0 | J33: =IF(OR($C33="S",$C33=0),0,MATCH(0,OFFSET($D33,1,$C33,ROW($C$747)-ROW($C33)),0)) -> 0 | K33: =IF(OR($C33="S",$C33=0),0,MATCH(OFFSET($D33,0,$C33)+IF($C33<>1,1,COUNTIF(QCI!$A$13:$A$24,ORÇAMENTO!E33)),OFFSET($D33,1,$C33,ROW($C$747)-ROW($C33)),0)) -> 0 | L33: =IF(OR($X33>0,$C33=1,$C33=2,$C33=3,$C33=4),"F","") | M33: Serviço | N33: =CHOOSE(1+LOG(1+2*(C33=1)+4*(C33=2)+8*(C33=3)+16*(C33=4)+32*(C33="S"),2),"","Meta","Nível 2","Nível 3","Nível 4","Serviço") -> Serviço | O33: =IF(OR($C33=0,$L33=""),"-",CONCATENATE(E33&".",IF(AND($A$5>=2,$C33>=2),F33&".",""),IF(AND($A$5>=3,$C33>=3),G33&".",""),IF(AND($A$5>=4,$C33>=4),H33&".",""),IF($C33="S",I33&".",""))) -> - | P33: SINAPI | Q33: 104740 | R33: =IF($C33="S",REFERENCIA.Descricao,"(digite a descrição aqui)") -> (abra o arquivo 'Referência 02-2025.xlsm) | S33: =REFERENCIA.Unidade -> - | T33: =OFFSET(CÁLCULO!H$15,ROW($T33)-ROW(T$15),0) -> 619.96 | U33: =AG33 -> 0 | V33: BDI 1 | W33: =IF($C33="S",ROUND(IF(TIPOORCAMENTO="Proposto",ORÇAMENTO.CustoUnitario*(1+$AH33),ORÇAMENTO.PrecoUnitarioLicitado),15-13*$AF$10),0) -> 0 | X33: =IF($C33="S",IF(Import.TipoArredondamento<>"TransfereGOV",VTOTAL1,SUM(OFFSET(CÁLCULO!$AA$15,ROW($X33)-ROW($X$15),1):OFFSET(CÁLCULO!$AL$15,ROW($X33)-ROW($X$15),-1))),IF($C33=0,0,ROUND(SomaAgrup,15-13*$AF$11))) -> 0 | Y33: RA | Z33: =IF(AND($C33="S",$X33>0),IF(ISBLANK($Y33),"RA",LEFT($Y33,2)),"") | AA33: =IF($C33="S",IF($Z33="CP",$X33,IF($Z33="RA",(($X33)*QCI!$AA$3),0)),SomaAgrup) -> 0 | AB33: =IF($C33="S",IF($Z33="OU",ROUND($X33,2),0),SomaAgrup) -> 0 | AC33: =IF($N33="","",IF(ORÇAMENTO.Descricao="","DESCRIÇÃO",IF(AND($C33="S",ORÇAMENTO.Unidade=""),"UNIDADE",IF($X33<0,"VALOR NEGATIVO",IF(OR(AND(TIPOORCAMENTO="Proposto",$AG33<>"",$AG33>0,ORÇAMENTO.CustoUnitario>$AG33),AND(TIPOORCAMENTO="LICITADO",ORÇAMENTO.PrecoUnitarioLicitado>$AN33)),"ACIMA REF.",""))))) | AD33: =IF(C33<=CRONO.NivelExibicao,MAX($AD$15:OFFSET(AD33,-1,0))+IF($C33<>1,1,MAX(1,COUNTIF(QCI!$A$13:$A$24,OFFSET($E33,-1,0)))),"") | AE33: =IF(AND($C33="S",ORÇAMENTO.CodBarra<>""),IF(ORÇAMENTO.Fonte="",ORÇAMENTO.CodBarra,CONCATENATE(ORÇAMENTO.Fonte," ",ORÇAMENTO.CodBarra))) -> SINAPI 104740 | AF33: =IF(ISERROR(INDIRECT(ORÇAMENTO.BancoRef)),"(abra o arquivo 'Referência "&Excel_BuiltIn_Database&".xlsm)",IF(OR($C33<>"S",ORÇAMENTO.CodBarra=""),"(Sem Código)",IF(ISERROR(MATCH($AE33,INDIRECT(ORÇAMENTO.BancoRef),0)),"(Código não identificado nas referências)",MATCH($AE33,INDIRECT(ORÇAMENTO.BancoRef),0)))) -> (abra o arquivo 'Referência 02-2025.xlsm) | AG33: =ROUND(IF(DESONERACAO="sim",REFERENCIA.Desonerado,REFERENCIA.NaoDesonerado),2) -> 0 | AH33: =ROUND(IF(ISNUMBER(ORÇAMENTO.OpcaoBDI),ORÇAMENTO.OpcaoBDI,IF(LEFT(ORÇAMENTO.OpcaoBDI,3)="BDI",HLOOKUP(ORÇAMENTO.OpcaoBDI,$F$4:$H$5,2,FALSE),0)),15-11*$AF$9) -> 0.2247 | AJ33: 619.96 | AM33: =$X33 -> 0 | AN33: =ROUND(ORÇAMENTO.CustoUnitario*(1+$AH33),2) -> 0
A34: =CHOOSE(1+LOG(1+2*(ORÇAMENTO.Nivel="Meta")+4*(ORÇAMENTO.Nivel="Nível 2")+8*(ORÇAMENTO.Nivel="Nível 3")+16*(ORÇAMENTO.Nivel="Nível 4")+32*(ORÇAMENTO.Nivel="Serviço"),2),0,1,2,3,4,"S") -> S | B34: =IF(OR(C34="s",C34=0),OFFSET(B34,-1,0),C34) -> 2 | C34: =IF(OFFSET(C34,-1,0)="L",1,IF(OFFSET(C34,-1,0)=1,2,IF(OR(A34="s",A34=0),"S",IF(AND(OFFSET(C34,-1,0)=2,A34=4),3,IF(AND(OR(OFFSET(C34,-1,0)="s",OFFSET(C34,-1,0)=0),A34<>"s",A34>OFFSET(B34,-1,0)),OFFSET(B34,-1,0),A34))))) -> S | D34: =IF(OR(C34="S",C34=0),0,IF(ISERROR(K34),J34,SMALL(J34:K34,1))) -> 0 | E34: =IF($C34=1,OFFSET(E34,-1,0)+MAX(1,COUNTIF(QCI!$A$13:$A$24,OFFSET(ORÇAMENTO!E34,-1,0))),OFFSET(E34,-1,0)) -> 1 | F34: =IF($C34=1,0,IF($C34=2,OFFSET(F34,-1,0)+1,OFFSET(F34,-1,0))) -> 2 | G34: =IF(AND($C34<=2,$C34<>0),0,IF($C34=3,OFFSET(G34,-1,0)+1,OFFSET(G34,-1,0))) -> 0 | H34: =IF(AND($C34<=3,$C34<>0),0,IF($C34=4,OFFSET(H34,-1,0)+1,OFFSET(H34,-1,0))) -> 0 | I34: =IF(AND($C34<=4,$C34<>0),0,IF(AND($C34="S",$X34>0),OFFSET(I34,-1,0)+1,OFFSET(I34,-1,0))) -> 0 | J34: =IF(OR($C34="S",$C34=0),0,MATCH(0,OFFSET($D34,1,$C34,ROW($C$747)-ROW($C34)),0)) -> 0 | K34: =IF(OR($C34="S",$C34=0),0,MATCH(OFFSET($D34,0,$C34)+IF($C34<>1,1,COUNTIF(QCI!$A$13:$A$24,ORÇAMENTO!E34)),OFFSET($D34,1,$C34,ROW($C$747)-ROW($C34)),0)) -> 0 | L34: =IF(OR($X34>0,$C34=1,$C34=2,$C34=3,$C34=4),"F","") | M34: Serviço | N34: =CHOOSE(1+LOG(1+2*(C34=1)+4*(C34=2)+8*(C34=3)+16*(C34=4)+32*(C34="S"),2),"","Meta","Nível 2","Nível 3","Nível 4","Serviço") -> Serviço | O34: =IF(OR($C34=0,$L34=""),"-",CONCATENATE(E34&".",IF(AND($A$5>=2,$C34>=2),F34&".",""),IF(AND($A$5>=3,$C34>=3),G34&".",""),IF(AND($A$5>=4,$C34>=4),H34&".",""),IF($C34="S",I34&".",""))) -> - | P34: SINAPI | Q34: 104738 | R34: =IF($C34="S",REFERENCIA.Descricao,"(digite a descrição aqui)") -> (abra o arquivo 'Referência 02-2025.xlsm) | S34: =REFERENCIA.Unidade -> - | T34: =OFFSET(CÁLCULO!H$15,ROW($T34)-ROW(T$15),0) -> 247.36 | U34: =AG34 -> 0 | V34: BDI 1 | W34: =IF($C34="S",ROUND(IF(TIPOORCAMENTO="Proposto",ORÇAMENTO.CustoUnitario*(1+$AH34),ORÇAMENTO.PrecoUnitarioLicitado),15-13*$AF$10),0) -> 0 | X34: =IF($C34="S",IF(Import.TipoArredondamento<>"TransfereGOV",VTOTAL1,SUM(OFFSET(CÁLCULO!$AA$15,ROW($X34)-ROW($X$15),1):OFFSET(CÁLCULO!$AL$15,ROW($X34)-ROW($X$15),-1))),IF($C34=0,0,ROUND(SomaAgrup,15-13*$AF$11))) -> 0 | Y34: RA | Z34: =IF(AND($C34="S",$X34>0),IF(ISBLANK($Y34),"RA",LEFT($Y34,2)),"") | AA34: =IF($C34="S",IF($Z34="CP",$X34,IF($Z34="RA",(($X34)*QCI!$AA$3),0)),SomaAgrup) -> 0 | AB34: =IF($C34="S",IF($Z34="OU",ROUND($X34,2),0),SomaAgrup) -> 0 | AC34: =IF($N34="","",IF(ORÇAMENTO.Descricao="","DESCRIÇÃO",IF(AND($C34="S",ORÇAMENTO.Unidade=""),"UNIDADE",IF($X34<0,"VALOR NEGATIVO",IF(OR(AND(TIPOORCAMENTO="Proposto",$AG34<>"",$AG34>0,ORÇAMENTO.CustoUnitario>$AG34),AND(TIPOORCAMENTO="LICITADO",ORÇAMENTO.PrecoUnitarioLicitado>$AN34)),"ACIMA REF.",""))))) | AD34: =IF(C34<=CRONO.NivelExibicao,MAX($AD$15:OFFSET(AD34,-1,0))+IF($C34<>1,1,MAX(1,COUNTIF(QCI!$A$13:$A$24,OFFSET($E34,-1,0)))),"") | AE34: =IF(AND($C34="S",ORÇAMENTO.CodBarra<>""),IF(ORÇAMENTO.Fonte="",ORÇAMENTO.CodBarra,CONCATENATE(ORÇAMENTO.Fonte," ",ORÇAMENTO.CodBarra))) -> SINAPI 104738 | AF34: =IF(ISERROR(INDIRECT(ORÇAMENTO.BancoRef)),"(abra o arquivo 'Referência "&Excel_BuiltIn_Database&".xlsm)",IF(OR($C34<>"S",ORÇAMENTO.CodBarra=""),"(Sem Código)",IF(ISERROR(MATCH($AE34,INDIRECT(ORÇAMENTO.BancoRef),0)),"(Código não identificado nas referências)",MATCH($AE34,INDIRECT(ORÇAMENTO.BancoRef),0)))) -> (abra o arquivo 'Referência 02-2025.xlsm) | AG34: =ROUND(IF(DESONERACAO="sim",REFERENCIA.Desonerado,REFERENCIA.NaoDesonerado),2) -> 0 | AH34: =ROUND(IF(ISNUMBER(ORÇAMENTO.OpcaoBDI),ORÇAMENTO.OpcaoBDI,IF(LEFT(ORÇAMENTO.OpcaoBDI,3)="BDI",HLOOKUP(ORÇAMENTO.OpcaoBDI,$F$4:$H$5,2,FALSE),0)),15-11*$AF$9) -> 0.2247 | AJ34: 247.36 | AM34: =$X34 -> 0 | AN34: =ROUND(ORÇAMENTO.CustoUnitario*(1+$AH34),2) -> 0
A35: =CHOOSE(1+LOG(1+2*(ORÇAMENTO.Nivel="Meta")+4*(ORÇAMENTO.Nivel="Nível 2")+8*(ORÇAMENTO.Nivel="Nível 3")+16*(ORÇAMENTO.Nivel="Nível 4")+32*(ORÇAMENTO.Nivel="Serviço"),2),0,1,2,3,4,"S") -> 2 | B35: =IF(OR(C35="s",C35=0),OFFSET(B35,-1,0),C35) -> 2 | C35: =IF(OFFSET(C35,-1,0)="L",1,IF(OFFSET(C35,-1,0)=1,2,IF(OR(A35="s",A35=0),"S",IF(AND(OFFSET(C35,-1,0)=2,A35=4),3,IF(AND(OR(OFFSET(C35,-1,0)="s",OFFSET(C35,-1,0)=0),A35<>"s",A35>OFFSET(B35,-1,0)),OFFSET(B35,-1,0),A35))))) -> 2 | D35: =IF(OR(C35="S",C35=0),0,IF(ISERROR(K35),J35,SMALL(J35:K35,1))) -> 24 | E35: =IF($C35=1,OFFSET(E35,-1,0)+MAX(1,COUNTIF(QCI!$A$13:$A$24,OFFSET(ORÇAMENTO!E35,-1,0))),OFFSET(E35,-1,0)) -> 1 | F35: =IF($C35=1,0,IF($C35=2,OFFSET(F35,-1,0)+1,OFFSET(F35,-1,0))) -> 3 | G35: =IF(AND($C35<=2,$C35<>0),0,IF($C35=3,OFFSET(G35,-1,0)+1,OFFSET(G35,-1,0))) -> 0 | H35: =IF(AND($C35<=3,$C35<>0),0,IF($C35=4,OFFSET(H35,-1,0)+1,OFFSET(H35,-1,0))) -> 0 | I35: =IF(AND($C35<=4,$C35<>0),0,IF(AND($C35="S",$X35>0),OFFSET(I35,-1,0)+1,OFFSET(I35,-1,0))) -> 0 | J35: =IF(OR($C35="S",$C35=0),0,MATCH(0,OFFSET($D35,1,$C35,ROW($C$747)-ROW($C35)),0)) -> 712 | K35: =IF(OR($C35="S",$C35=0),0,MATCH(OFFSET($D35,0,$C35)+IF($C35<>1,1,COUNTIF(QCI!$A$13:$A$24,ORÇAMENTO!E35)),OFFSET($D35,1,$C35,ROW($C$747)-ROW($C35)),0)) -> 24 | L35: =IF(OR($X35>0,$C35=1,$C35=2,$C35=3,$C35=4),"F","") -> F | M35: Nível 2 | N35: =CHOOSE(1+LOG(1+2*(C35=1)+4*(C35=2)+8*(C35=3)+16*(C35=4)+32*(C35="S"),2),"","Meta","Nível 2","Nível 3","Nível 4","Serviço") -> Nível 2 | O35: =IF(OR($C35=0,$L35=""),"-",CONCATENATE(E35&".",IF(AND($A$5>=2,$C35>=2),F35&".",""),IF(AND($A$5>=3,$C35>=3),G35&".",""),IF(AND($A$5>=4,$C35>=4),H35&".",""),IF($C35="S",I35&".",""))) -> 1.3. | P35: SINAPI | R35: =IF($C35="S",REFERENCIA.Descricao,"FUNDAÇÕES") -> FUNDAÇÕES | S35: =REFERENCIA.Unidade -> - | T35: =OFFSET(CÁLCULO!H$15,ROW($T35)-ROW(T$15),0) -> 0 | U35: =AG35 -> 0 | V35: BDI 1 | W35: =IF($C35="S",ROUND(IF(TIPOORCAMENTO="Proposto",ORÇAMENTO.CustoUnitario*(1+$AH35),ORÇAMENTO.PrecoUnitarioLicitado),15-13*$AF$10),0) -> 0 | X35: =IF($C35="S",IF(Import.TipoArredondamento<>"TransfereGOV",VTOTAL1,SUM(OFFSET(CÁLCULO!$AA$15,ROW($X35)-ROW($X$15),1):OFFSET(CÁLCULO!$AL$15,ROW($X35)-ROW($X$15),-1))),IF($C35=0,0,ROUND(SomaAgrup,15-13*$AF$11))) -> 0 | Y35: RA | Z35: =IF(AND($C35="S",$X35>0),IF(ISBLANK($Y35),"RA",LEFT($Y35,2)),"") | AA35: =IF($C35="S",IF($Z35="CP",$X35,IF($Z35="RA",(($X35)*QCI!$AA$3),0)),SomaAgrup) -> 0 | AB35: =IF($C35="S",IF($Z35="OU",ROUND($X35,2),0),SomaAgrup) -> 0 | AC35: =IF($N35="","",IF(ORÇAMENTO.Descricao="","DESCRIÇÃO",IF(AND($C35="S",ORÇAMENTO.Unidade=""),"UNIDADE",IF($X35<0,"VALOR NEGATIVO",IF(OR(AND(TIPOORCAMENTO="Proposto",$AG35<>"",$AG35>0,ORÇAMENTO.CustoUnitario>$AG35),AND(TIPOORCAMENTO="LICITADO",ORÇAMENTO.PrecoUnitarioLicitado>$AN35)),"ACIMA REF.",""))))) | AD35: =IF(C35<=CRONO.NivelExibicao,MAX($AD$15:OFFSET(AD35,-1,0))+IF($C35<>1,1,MAX(1,COUNTIF(QCI!$A$13:$A$24,OFFSET($E35,-1,0)))),"") -> 4 | AE35: =IF(AND($C35="S",ORÇAMENTO.CodBarra<>""),IF(ORÇAMENTO.Fonte="",ORÇAMENTO.CodBarra,CONCATENATE(ORÇAMENTO.Fonte," ",ORÇAMENTO.CodBarra))) -> FALSE | AF35: =IF(ISERROR(INDIRECT(ORÇAMENTO.BancoRef)),"(abra o arquivo 'Referência "&Excel_BuiltIn_Database&".xlsm)",IF(OR($C35<>"S",ORÇAMENTO.CodBarra=""),"(Sem Código)",IF(ISERROR(MATCH($AE35,INDIRECT(ORÇAMENTO.BancoRef),0)),"(Código não identificado nas referências)",MATCH($AE35,INDIRECT(ORÇAMENTO.BancoRef),0)))) -> (abra o arquivo 'Referência 02-2025.xlsm) | AG35: =ROUND(IF(DESONERACAO="sim",REFERENCIA.Desonerado,REFERENCIA.NaoDesonerado),2) -> 0 | AH35: =ROUND(IF(ISNUMBER(ORÇAMENTO.OpcaoBDI),ORÇAMENTO.OpcaoBDI,IF(LEFT(ORÇAMENTO.OpcaoBDI,3)="BDI",HLOOKUP(ORÇAMENTO.OpcaoBDI,$F$4:$H$5,2,FALSE),0)),15-11*$AF$9) -> 0.2247 | AM35: =$X35 -> 0 | AN35: =ROUND(ORÇAMENTO.CustoUnitario*(1+$AH35),2) -> 0
A36: =CHOOSE(1+LOG(1+2*(ORÇAMENTO.Nivel="Meta")+4*(ORÇAMENTO.Nivel="Nível 2")+8*(ORÇAMENTO.Nivel="Nível 3")+16*(ORÇAMENTO.Nivel="Nível 4")+32*(ORÇAMENTO.Nivel="Serviço"),2),0,1,2,3,4,"S") -> 3 | B36: =IF(OR(C36="s",C36=0),OFFSET(B36,-1,0),C36) -> 3 | C36: =IF(OFFSET(C36,-1,0)="L",1,IF(OFFSET(C36,-1,0)=1,2,IF(OR(A36="s",A36=0),"S",IF(AND(OFFSET(C36,-1,0)=2,A36=4),3,IF(AND(OR(OFFSET(C36,-1,0)="s",OFFSET(C36,-1,0)=0),A36<>"s",A36>OFFSET(B36,-1,0)),OFFSET(B36,-1,0),A36))))) -> 3 | D36: =IF(OR(C36="S",C36=0),0,IF(ISERROR(K36),J36,SMALL(J36:K36,1))) -> 4 | E36: =IF($C36=1,OFFSET(E36,-1,0)+MAX(1,COUNTIF(QCI!$A$13:$A$24,OFFSET(ORÇAMENTO!E36,-1,0))),OFFSET(E36,-1,0)) -> 1 | F36: =IF($C36=1,0,IF($C36=2,OFFSET(F36,-1,0)+1,OFFSET(F36,-1,0))) -> 3 | G36: =IF(AND($C36<=2,$C36<>0),0,IF($C36=3,OFFSET(G36,-1,0)+1,OFFSET(G36,-1,0))) -> 1 | H36: =IF(AND($C36<=3,$C36<>0),0,IF($C36=4,OFFSET(H36,-1,0)+1,OFFSET(H36,-1,0))) -> 0 | I36: =IF(AND($C36<=4,$C36<>0),0,IF(AND($C36="S",$X36>0),OFFSET(I36,-1,0)+1,OFFSET(I36,-1,0))) -> 0 | J36: =IF(OR($C36="S",$C36=0),0,MATCH(0,OFFSET($D36,1,$C36,ROW($C$747)-ROW($C36)),0)) -> 23 | K36: =IF(OR($C36="S",$C36=0),0,MATCH(OFFSET($D36,0,$C36)+IF($C36<>1,1,COUNTIF(QCI!$A$13:$A$24,ORÇAMENTO!E36)),OFFSET($D36,1,$C36,ROW($C$747)-ROW($C36)),0)) -> 4 | L36: =IF(OR($X36>0,$C36=1,$C36=2,$C36=3,$C36=4),"F","") -> F | M36: Nível 3 | N36: =CHOOSE(1+LOG(1+2*(C36=1)+4*(C36=2)+8*(C36=3)+16*(C36=4)+32*(C36="S"),2),"","Meta","Nível 2","Nível 3","Nível 4","Serviço") -> Nível 3 | O36: =IF(OR($C36=0,$L36=""),"-",CONCATENATE(E36&".",IF(AND($A$5>=2,$C36>=2),F36&".",""),IF(AND($A$5>=3,$C36>=3),G36&".",""),IF(AND($A$5>=4,$C36>=4),H36&".",""),IF($C36="S",I36&".",""))) -> 1.3.1. | P36: SINAPI | R36: =IF($C36="S",REFERENCIA.Descricao,"CONCRETO ARMADO PARA FUNDAÇÕES ") -> CONCRETO ARMADO PARA FUNDAÇÕES | S36: =REFERENCIA.Unidade -> - | T36: =OFFSET(CÁLCULO!H$15,ROW($T36)-ROW(T$15),0) -> 0 | U36: =AG36 -> 0 | V36: BDI 1 | W36: =IF($C36="S",ROUND(IF(TIPOORCAMENTO="Proposto",ORÇAMENTO.CustoUnitario*(1+$AH36),ORÇAMENTO.PrecoUnitarioLicitado),15-13*$AF$10),0) -> 0 | X36: =IF($C36="S",IF(Import.TipoArredondamento<>"TransfereGOV",VTOTAL1,SUM(OFFSET(CÁLCULO!$AA$15,ROW($X36)-ROW($X$15),1):OFFSET(CÁLCULO!$AL$15,ROW($X36)-ROW($X$15),-1))),IF($C36=0,0,ROUND(SomaAgrup,15-13*$AF$11))) -> 0 | Y36: RA | Z36: =IF(AND($C36="S",$X36>0),IF(ISBLANK($Y36),"RA",LEFT($Y36,2)),"") | AA36: =IF($C36="S",IF($Z36="CP",$X36,IF($Z36="RA",(($X36)*QCI!$AA$3),0)),SomaAgrup) -> 0 | AB36: =IF($C36="S",IF($Z36="OU",ROUND($X36,2),0),SomaAgrup) -> 0 | AC36: =IF($N36="","",IF(ORÇAMENTO.Descricao="","DESCRIÇÃO",IF(AND($C36="S",ORÇAMENTO.Unidade=""),"UNIDADE",IF($X36<0,"VALOR NEGATIVO",IF(OR(AND(TIPOORCAMENTO="Proposto",$AG36<>"",$AG36>0,ORÇAMENTO.CustoUnitario>$AG36),AND(TIPOORCAMENTO="LICITADO",ORÇAMENTO.PrecoUnitarioLicitado>$AN36)),"ACIMA REF.",""))))) | AD36: =IF(C36<=CRONO.NivelExibicao,MAX($AD$15:OFFSET(AD36,-1,0))+IF($C36<>1,1,MAX(1,COUNTIF(QCI!$A$13:$A$24,OFFSET($E36,-1,0)))),"") | AE36: =IF(AND($C36="S",ORÇAMENTO.CodBarra<>""),IF(ORÇAMENTO.Fonte="",ORÇAMENTO.CodBarra,CONCATENATE(ORÇAMENTO.Fonte," ",ORÇAMENTO.CodBarra))) -> FALSE | AF36: =IF(ISERROR(INDIRECT(ORÇAMENTO.BancoRef)),"(abra o arquivo 'Referência "&Excel_BuiltIn_Database&".xlsm)",IF(OR($C36<>"S",ORÇAMENTO.CodBarra=""),"(Sem Código)",IF(ISERROR(MATCH($AE36,INDIRECT(ORÇAMENTO.BancoRef),0)),"(Código não identificado nas referências)",MATCH($AE36,INDIRECT(ORÇAMENTO.BancoRef),0)))) -> (abra o arquivo 'Referência 02-2025.xlsm) | AG36: =ROUND(IF(DESONERACAO="sim",REFERENCIA.Desonerado,REFERENCIA.NaoDesonerado),2) -> 0 | AH36: =ROUND(IF(ISNUMBER(ORÇAMENTO.OpcaoBDI),ORÇAMENTO.OpcaoBDI,IF(LEFT(ORÇAMENTO.OpcaoBDI,3)="BDI",HLOOKUP(ORÇAMENTO.OpcaoBDI,$F$4:$H$5,2,FALSE),0)),15-11*$AF$9) -> 0.2247 | AM36: =$X36 -> 0 | AN36: =ROUND(ORÇAMENTO.CustoUnitario*(1+$AH36),2) -> 0
A37: =CHOOSE(1+LOG(1+2*(ORÇAMENTO.Nivel="Meta")+4*(ORÇAMENTO.Nivel="Nível 2")+8*(ORÇAMENTO.Nivel="Nível 3")+16*(ORÇAMENTO.Nivel="Nível 4")+32*(ORÇAMENTO.Nivel="Serviço"),2),0,1,2,3,4,"S") -> S | B37: =IF(OR(C37="s",C37=0),OFFSET(B37,-1,0),C37) -> 3 | C37: =IF(OFFSET(C37,-1,0)="L",1,IF(OFFSET(C37,-1,0)=1,2,IF(OR(A37="s",A37=0),"S",IF(AND(OFFSET(C37,-1,0)=2,A37=4),3,IF(AND(OR(OFFSET(C37,-1,0)="s",OFFSET(C37,-1,0)=0),A37<>"s",A37>OFFSET(B37,-1,0)),OFFSET(B37,-1,0),A37))))) -> S | D37: =IF(OR(C37="S",C37=0),0,IF(ISERROR(K37),J37,SMALL(J37:K37,1))) -> 0 | E37: =IF($C37=1,OFFSET(E37,-1,0)+MAX(1,COUNTIF(QCI!$A$13:$A$24,OFFSET(ORÇAMENTO!E37,-1,0))),OFFSET(E37,-1,0)) -> 1 | F37: =IF($C37=1,0,IF($C37=2,OFFSET(F37,-1,0)+1,OFFSET(F37,-1,0))) -> 3 | G37: =IF(AND($C37<=2,$C37<>0),0,IF($C37=3,OFFSET(G37,-1,0)+1,OFFSET(G37,-1,0))) -> 1 | H37: =IF(AND($C37<=3,$C37<>0),0,IF($C37=4,OFFSET(H37,-1,0)+1,OFFSET(H37,-1,0))) -> 0 | I37: =IF(AND($C37<=4,$C37<>0),0,IF(AND($C37="S",$X37>0),OFFSET(I37,-1,0)+1,OFFSET(I37,-1,0))) -> 0 | J37: =IF(OR($C37="S",$C37=0),0,MATCH(0,OFFSET($D37,1,$C37,ROW($C$747)-ROW($C37)),0)) -> 0 | K37: =IF(OR($C37="S",$C37=0),0,MATCH(OFFSET($D37,0,$C37)+IF($C37<>1,1,COUNTIF(QCI!$A$13:$A$24,ORÇAMENTO!E37)),OFFSET($D37,1,$C37,ROW($C$747)-ROW($C37)),0)) -> 0 | L37: =IF(OR($X37>0,$C37=1,$C37=2,$C37=3,$C37=4),"F","") | M37: Serviço | N37: =CHOOSE(1+LOG(1+2*(C37=1)+4*(C37=2)+8*(C37=3)+16*(C37=4)+32*(C37="S"),2),"","Meta","Nível 2","Nível 3","Nível 4","Serviço") -> Serviço | O37: =IF(OR($C37=0,$L37=""),"-",CONCATENATE(E37&".",IF(AND($A$5>=2,$C37>=2),F37&".",""),IF(AND($A$5>=3,$C37>=3),G37&".",""),IF(AND($A$5>=4,$C37>=4),H37&".",""),IF($C37="S",I37&".",""))) -> - | P37: Composição | Q37: COMP-EST25 | R37: =IF($C37="S",REFERENCIA.Descricao,"(digite a descrição aqui)") -> (abra o arquivo 'Referência 02-2025.xlsm) | S37: =REFERENCIA.Unidade -> - | T37: =OFFSET(CÁLCULO!H$15,ROW($T37)-ROW(T$15),0) -> 880 | U37: =AG37 -> 0 | V37: BDI 1 | W37: =IF($C37="S",ROUND(IF(TIPOORCAMENTO="Proposto",ORÇAMENTO.CustoUnitario*(1+$AH37),ORÇAMENTO.PrecoUnitarioLicitado),15-13*$AF$10),0) -> 0 | X37: =IF($C37="S",IF(Import.TipoArredondamento<>"TransfereGOV",VTOTAL1,SUM(OFFSET(CÁLCULO!$AA$15,ROW($X37)-ROW($X$15),1):OFFSET(CÁLCULO!$AL$15,ROW($X37)-ROW($X$15),-1))),IF($C37=0,0,ROUND(SomaAgrup,15-13*$AF$11))) -> 0 | Y37: RA | Z37: =IF(AND($C37="S",$X37>0),IF(ISBLANK($Y37),"RA",LEFT($Y37,2)),"") | AA37: =IF($C37="S",IF($Z37="CP",$X37,IF($Z37="RA",(($X37)*QCI!$AA$3),0)),SomaAgrup) -> 0 | AB37: =IF($C37="S",IF($Z37="OU",ROUND($X37,2),0),SomaAgrup) -> 0 | AC37: =IF($N37="","",IF(ORÇAMENTO.Descricao="","DESCRIÇÃO",IF(AND($C37="S",ORÇAMENTO.Unidade=""),"UNIDADE",IF($X37<0,"VALOR NEGATIVO",IF(OR(AND(TIPOORCAMENTO="Proposto",$AG37<>"",$AG37>0,ORÇAMENTO.CustoUnitario>$AG37),AND(TIPOORCAMENTO="LICITADO",ORÇAMENTO.PrecoUnitarioLicitado>$AN37)),"ACIMA REF.",""))))) | AD37: =IF(C37<=CRONO.NivelExibicao,MAX($AD$15:OFFSET(AD37,-1,0))+IF($C37<>1,1,MAX(1,COUNTIF(QCI!$A$13:$A$24,OFFSET($E37,-1,0)))),"") | AE37: =IF(AND($C37="S",ORÇAMENTO.CodBarra<>""),IF(ORÇAMENTO.Fonte="",ORÇAMENTO.CodBarra,CONCATENATE(ORÇAMENTO.Fonte," ",ORÇAMENTO.CodBarra))) -> Composição COMP-EST25 | AF37: =IF(ISERROR(INDIRECT(ORÇAMENTO.BancoRef)),"(abra o arquivo 'Referência "&Excel_BuiltIn_Database&".xlsm)",IF(OR($C37<>"S",ORÇAMENTO.CodBarra=""),"(Sem Código)",IF(ISERROR(MATCH($AE37,INDIRECT(ORÇAMENTO.BancoRef),0)),"(Código não identificado nas referências)",MATCH($AE37,INDIRECT(ORÇAMENTO.BancoRef),0)))) -> (abra o arquivo 'Referência 02-2025.xlsm) | AG37: =ROUND(IF(DESONERACAO="sim",REFERENCIA.Desonerado,REFERENCIA.NaoDesonerado),2) -> 0 | AH37: =ROUND(IF(ISNUMBER(ORÇAMENTO.OpcaoBDI),ORÇAMENTO.OpcaoBDI,IF(LEFT(ORÇAMENTO.OpcaoBDI,3)="BDI",HLOOKUP(ORÇAMENTO.OpcaoBDI,$F$4:$H$5,2,FALSE),0)),15-11*$AF$9) -> 0.2247 | AJ37: 880 | AM37: =$X37 -> 0 | AN37: =ROUND(ORÇAMENTO.CustoUnitario*(1+$AH37),2) -> 0
A38: =CHOOSE(1+LOG(1+2*(ORÇAMENTO.Nivel="Meta")+4*(ORÇAMENTO.Nivel="Nível 2")+8*(ORÇAMENTO.Nivel="Nível 3")+16*(ORÇAMENTO.Nivel="Nível 4")+32*(ORÇAMENTO.Nivel="Serviço"),2),0,1,2,3,4,"S") -> S | B38: =IF(OR(C38="s",C38=0),OFFSET(B38,-1,0),C38) -> 3 | C38: =IF(OFFSET(C38,-1,0)="L",1,IF(OFFSET(C38,-1,0)=1,2,IF(OR(A38="s",A38=0),"S",IF(AND(OFFSET(C38,-1,0)=2,A38=4),3,IF(AND(OR(OFFSET(C38,-1,0)="s",OFFSET(C38,-1,0)=0),A38<>"s",A38>OFFSET(B38,-1,0)),OFFSET(B38,-1,0),A38))))) -> S | D38: =IF(OR(C38="S",C38=0),0,IF(ISERROR(K38),J38,SMALL(J38:K38,1))) -> 0 | E38: =IF($C38=1,OFFSET(E38,-1,0)+MAX(1,COUNTIF(QCI!$A$13:$A$24,OFFSET(ORÇAMENTO!E38,-1,0))),OFFSET(E38,-1,0)) -> 1 | F38: =IF($C38=1,0,IF($C38=2,OFFSET(F38,-1,0)+1,OFFSET(F38,-1,0))) -> 3 | G38: =IF(AND($C38<=2,$C38<>0),0,IF($C38=3,OFFSET(G38,-1,0)+1,OFFSET(G38,-1,0))) -> 1 | H38: =IF(AND($C38<=3,$C38<>0),0,IF($C38=4,OFFSET(H38,-1,0)+1,OFFSET(H38,-1,0))) -> 0 | I38: =IF(AND($C38<=4,$C38<>0),0,IF(AND($C38="S",$X38>0),OFFSET(I38,-1,0)+1,OFFSET(I38,-1,0))) -> 0 | J38: =IF(OR($C38="S",$C38=0),0,MATCH(0,OFFSET($D38,1,$C38,ROW($C$747)-ROW($C38)),0)) -> 0 | K38: =IF(OR($C38="S",$C38=0),0,MATCH(OFFSET($D38,0,$C38)+IF($C38<>1,1,COUNTIF(QCI!$A$13:$A$24,ORÇAMENTO!E38)),OFFSET($D38,1,$C38,ROW($C$747)-ROW($C38)),0)) -> 0 | L38: =IF(OR($X38>0,$C38=1,$C38=2,$C38=3,$C38=4),"F","") | M38: Serviço | N38: =CHOOSE(1+LOG(1+2*(C38=1)+4*(C38=2)+8*(C38=3)+16*(C38=4)+32*(C38="S"),2),"","Meta","Nível 2","Nível 3","Nível 4","Serviço") -> Serviço | O38: =IF(OR($C38=0,$L38=""),"-",CONCATENATE(E38&".",IF(AND($A$5>=2,$C38>=2),F38&".",""),IF(AND($A$5>=3,$C38>=3),G38&".",""),IF(AND($A$5>=4,$C38>=4),H38&".",""),IF($C38="S",I38&".",""))) -> - | P38: Composição | Q38: COMP-EST40 | R38: =IF($C38="S",REFERENCIA.Descricao,"(digite a descrição aqui)") -> (abra o arquivo 'Referência 02-2025.xlsm) | S38: =REFERENCIA.Unidade -> - | T38: =OFFSET(CÁLCULO!H$15,ROW($T38)-ROW(T$15),0) -> 448 | U38: =AG38 -> 0 | V38: BDI 1 | W38: =IF($C38="S",ROUND(IF(TIPOORCAMENTO="Proposto",ORÇAMENTO.CustoUnitario*(1+$AH38),ORÇAMENTO.PrecoUnitarioLicitado),15-13*$AF$10),0) -> 0 | X38: =IF($C38="S",IF(Import.TipoArredondamento<>"TransfereGOV",VTOTAL1,SUM(OFFSET(CÁLCULO!$AA$15,ROW($X38)-ROW($X$15),1):OFFSET(CÁLCULO!$AL$15,ROW($X38)-ROW($X$15),-1))),IF($C38=0,0,ROUND(SomaAgrup,15-13*$AF$11))) -> 0 | Y38: RA | Z38: =IF(AND($C38="S",$X38>0),IF(ISBLANK($Y38),"RA",LEFT($Y38,2)),"") | AA38: =IF($C38="S",IF($Z38="CP",$X38,IF($Z38="RA",(($X38)*QCI!$AA$3),0)),SomaAgrup) -> 0 | AB38: =IF($C38="S",IF($Z38="OU",ROUND($X38,2),0),SomaAgrup) -> 0 | AC38: =IF($N38="","",IF(ORÇAMENTO.Descricao="","DESCRIÇÃO",IF(AND($C38="S",ORÇAMENTO.Unidade=""),"UNIDADE",IF($X38<0,"VALOR NEGATIVO",IF(OR(AND(TIPOORCAMENTO="Proposto",$AG38<>"",$AG38>0,ORÇAMENTO.CustoUnitario>$AG38),AND(TIPOORCAMENTO="LICITADO",ORÇAMENTO.PrecoUnitarioLicitado>$AN38)),"ACIMA REF.",""))))) | AD38: =IF(C38<=CRONO.NivelExibicao,MAX($AD$15:OFFSET(AD38,-1,0))+IF($C38<>1,1,MAX(1,COUNTIF(QCI!$A$13:$A$24,OFFSET($E38,-1,0)))),"") | AE38: =IF(AND($C38="S",ORÇAMENTO.CodBarra<>""),IF(ORÇAMENTO.Fonte="",ORÇAMENTO.CodBarra,CONCATENATE(ORÇAMENTO.Fonte," ",ORÇAMENTO.CodBarra))) -> Composição COMP-EST40 | AF38: =IF(ISERROR(INDIRECT(ORÇAMENTO.BancoRef)),"(abra o arquivo 'Referência "&Excel_BuiltIn_Database&".xlsm)",IF(OR($C38<>"S",ORÇAMENTO.CodBarra=""),"(Sem Código)",IF(ISERROR(MATCH($AE38,INDIRECT(ORÇAMENTO.BancoRef),0)),"(Código não identificado nas referências)",MATCH($AE38,INDIRECT(ORÇAMENTO.BancoRef),0)))) -> (abra o arquivo 'Referência 02-2025.xlsm) | AG38: =ROUND(IF(DESONERACAO="sim",REFERENCIA.Desonerado,REFERENCIA.NaoDesonerado),2) -> 0 | AH38: =ROUND(IF(ISNUMBER(ORÇAMENTO.OpcaoBDI),ORÇAMENTO.OpcaoBDI,IF(LEFT(ORÇAMENTO.OpcaoBDI,3)="BDI",HLOOKUP(ORÇAMENTO.OpcaoBDI,$F$4:$H$5,2,FALSE),0)),15-11*$AF$9) -> 0.2247 | AJ38: 448 | AM38: =$X38 -> 0 | AN38: =ROUND(ORÇAMENTO.CustoUnitario*(1+$AH38),2) -> 0
A39: =CHOOSE(1+LOG(1+2*(ORÇAMENTO.Nivel="Meta")+4*(ORÇAMENTO.Nivel="Nível 2")+8*(ORÇAMENTO.Nivel="Nível 3")+16*(ORÇAMENTO.Nivel="Nível 4")+32*(ORÇAMENTO.Nivel="Serviço"),2),0,1,2,3,4,"S") -> S | B39: =IF(OR(C39="s",C39=0),OFFSET(B39,-1,0),C39) -> 3 | C39: =IF(OFFSET(C39,-1,0)="L",1,IF(OFFSET(C39,-1,0)=1,2,IF(OR(A39="s",A39=0),"S",IF(AND(OFFSET(C39,-1,0)=2,A39=4),3,IF(AND(OR(OFFSET(C39,-1,0)="s",OFFSET(C39,-1,0)=0),A39<>"s",A39>OFFSET(B39,-1,0)),OFFSET(B39,-1,0),A39))))) -> S | D39: =IF(OR(C39="S",C39=0),0,IF(ISERROR(K39),J39,SMALL(J39:K39,1))) -> 0 | E39: =IF($C39=1,OFFSET(E39,-1,0)+MAX(1,COUNTIF(QCI!$A$13:$A$24,OFFSET(ORÇAMENTO!E39,-1,0))),OFFSET(E39,-1,0)) -> 1 | F39: =IF($C39=1,0,IF($C39=2,OFFSET(F39,-1,0)+1,OFFSET(F39,-1,0))) -> 3 | G39: =IF(AND($C39<=2,$C39<>0),0,IF($C39=3,OFFSET(G39,-1,0)+1,OFFSET(G39,-1,0))) -> 1 | H39: =IF(AND($C39<=3,$C39<>0),0,IF($C39=4,OFFSET(H39,-1,0)+1,OFFSET(H39,-1,0))) -> 0 | I39: =IF(AND($C39<=4,$C39<>0),0,IF(AND($C39="S",$X39>0),OFFSET(I39,-1,0)+1,OFFSET(I39,-1,0))) -> 0 | J39: =IF(OR($C39="S",$C39=0),0,MATCH(0,OFFSET($D39,1,$C39,ROW($C$747)-ROW($C39)),0)) -> 0 | K39: =IF(OR($C39="S",$C39=0),0,MATCH(OFFSET($D39,0,$C39)+IF($C39<>1,1,COUNTIF(QCI!$A$13:$A$24,ORÇAMENTO!E39)),OFFSET($D39,1,$C39,ROW($C$747)-ROW($C39)),0)) -> 0 | L39: =IF(OR($X39>0,$C39=1,$C39=2,$C39=3,$C39=4),"F","") | M39: Serviço | N39: =CHOOSE(1+LOG(1+2*(C39=1)+4*(C39=2)+8*(C39=3)+16*(C39=4)+32*(C39="S"),2),"","Meta","Nível 2","Nível 3","Nível 4","Serviço") -> Serviço | O39: =IF(OR($C39=0,$L39=""),"-",CONCATENATE(E39&".",IF(AND($A$5>=2,$C39>=2),F39&".",""),IF(AND($A$5>=3,$C39>=3),G39&".",""),IF(AND($A$5>=4,$C39>=4),H39&".",""),IF($C39="S",I39&".",""))) -> - | P39: SINAPI | Q39: 95601 | R39: ARRASAMENTO MECANICO DE ESTACA DE CONCRETO ARMADO, DIAMETROS DE ATÉ 40 CM. AF_05/2021 | S39: =REFERENCIA.Unidade -> - | T39: =OFFSET(CÁLCULO!H$15,ROW($T39)-ROW(T$15),0) -> 166 | U39: =AG39 -> 0 | V39: BDI 1 | W39: =IF($C39="S",ROUND(IF(TIPOORCAMENTO="Proposto",ORÇAMENTO.CustoUnitario*(1+$AH39),ORÇAMENTO.PrecoUnitarioLicitado),15-13*$AF$10),0) -> 0 | X39: =IF($C39="S",IF(Import.TipoArredondamento<>"TransfereGOV",VTOTAL1,SUM(OFFSET(CÁLCULO!$AA$15,ROW($X39)-ROW($X$15),1):OFFSET(CÁLCULO!$AL$15,ROW($X39)-ROW($X$15),-1))),IF($C39=0,0,ROUND(SomaAgrup,15-13*$AF$11))) -> 0 | Y39: RA | Z39: =IF(AND($C39="S",$X39>0),IF(ISBLANK($Y39),"RA",LEFT($Y39,2)),"") | AA39: =IF($C39="S",IF($Z39="CP",$X39,IF($Z39="RA",(($X39)*QCI!$AA$3),0)),SomaAgrup) -> 0 | AB39: =IF($C39="S",IF($Z39="OU",ROUND($X39,2),0),SomaAgrup) -> 0 | AC39: =IF($N39="","",IF(ORÇAMENTO.Descricao="","DESCRIÇÃO",IF(AND($C39="S",ORÇAMENTO.Unidade=""),"UNIDADE",IF($X39<0,"VALOR NEGATIVO",IF(OR(AND(TIPOORCAMENTO="Proposto",$AG39<>"",$AG39>0,ORÇAMENTO.CustoUnitario>$AG39),AND(TIPOORCAMENTO="LICITADO",ORÇAMENTO.PrecoUnitarioLicitado>$AN39)),"ACIMA REF.",""))))) | AD39: =IF(C39<=CRONO.NivelExibicao,MAX($AD$15:OFFSET(AD39,-1,0))+IF($C39<>1,1,MAX(1,COUNTIF(QCI!$A$13:$A$24,OFFSET($E39,-1,0)))),"") | AE39: =IF(AND($C39="S",ORÇAMENTO.CodBarra<>""),IF(ORÇAMENTO.Fonte="",ORÇAMENTO.CodBarra,CONCATENATE(ORÇAMENTO.Fonte," ",ORÇAMENTO.CodBarra))) -> SINAPI 95601 | AF39: =IF(ISERROR(INDIRECT(ORÇAMENTO.BancoRef)),"(abra o arquivo 'Referência "&Excel_BuiltIn_Database&".xlsm)",IF(OR($C39<>"S",ORÇAMENTO.CodBarra=""),"(Sem Código)",IF(ISERROR(MATCH($AE39,INDIRECT(ORÇAMENTO.BancoRef),0)),"(Código não identificado nas referências)",MATCH($AE39,INDIRECT(ORÇAMENTO.BancoRef),0)))) -> (abra o arquivo 'Referência 02-2025.xlsm) | AG39: =ROUND(IF(DESONERACAO="sim",REFERENCIA.Desonerado,REFERENCIA.NaoDesonerado),2) -> 0 | AH39: =ROUND(IF(ISNUMBER(ORÇAMENTO.OpcaoBDI),ORÇAMENTO.OpcaoBDI,IF(LEFT(ORÇAMENTO.OpcaoBDI,3)="BDI",HLOOKUP(ORÇAMENTO.OpcaoBDI,$F$4:$H$5,2,FALSE),0)),15-11*$AF$9) -> 0.2247 | AJ39: 166 | AM39: =$X39 -> 0 | AN39: =ROUND(ORÇAMENTO.CustoUnitario*(1+$AH39),2) -> 0
A40: =CHOOSE(1+LOG(1+2*(ORÇAMENTO.Nivel="Meta")+4*(ORÇAMENTO.Nivel="Nível 2")+8*(ORÇAMENTO.Nivel="Nível 3")+16*(ORÇAMENTO.Nivel="Nível 4")+32*(ORÇAMENTO.Nivel="Serviço"),2),0,1,2,3,4,"S") -> 3 | B40: =IF(OR(C40="s",C40=0),OFFSET(B40,-1,0),C40) -> 3 | C40: =IF(OFFSET(C40,-1,0)="L",1,IF(OFFSET(C40,-1,0)=1,2,IF(OR(A40="s",A40=0),"S",IF(AND(OFFSET(C40,-1,0)=2,A40=4),3,IF(AND(OR(OFFSET(C40,-1,0)="s",OFFSET(C40,-1,0)=0),A40<>"s",A40>OFFSET(B40,-1,0)),OFFSET(B40,-1,0),A40))))) -> 3 | D40: =IF(OR(C40="S",C40=0),0,IF(ISERROR(K40),J40,SMALL(J40:K40,1))) -> 8 | E40: =IF($C40=1,OFFSET(E40,-1,0)+MAX(1,COUNTIF(QCI!$A$13:$A$24,OFFSET(ORÇAMENTO!E40,-1,0))),OFFSET(E40,-1,0)) -> 1 | F40: =IF($C40=1,0,IF($C40=2,OFFSET(F40,-1,0)+1,OFFSET(F40,-1,0))) -> 3 | G40: =IF(AND($C40<=2,$C40<>0),0,IF($C40=3,OFFSET(G40,-1,0)+1,OFFSET(G40,-1,0))) -> 2 | H40: =IF(AND($C40<=3,$C40<>0),0,IF($C40=4,OFFSET(H40,-1,0)+1,OFFSET(H40,-1,0))) -> 0 | I40: =IF(AND($C40<=4,$C40<>0),0,IF(AND($C40="S",$X40>0),OFFSET(I40,-1,0)+1,OFFSET(I40,-1,0))) -> 0 | J40: =IF(OR($C40="S",$C40=0),0,MATCH(0,OFFSET($D40,1,$C40,ROW($C$747)-ROW($C40)),0)) -> 19 | K40: =IF(OR($C40="S",$C40=0),0,MATCH(OFFSET($D40,0,$C40)+IF($C40<>1,1,COUNTIF(QCI!$A$13:$A$24,ORÇAMENTO!E40)),OFFSET($D40,1,$C40,ROW($C$747)-ROW($C40)),0)) -> 8 | L40: =IF(OR($X40>0,$C40=1,$C40=2,$C40=3,$C40=4),"F","") -> F | M40: Nível 3 | N40: =CHOOSE(1+LOG(1+2*(C40=1)+4*(C40=2)+8*(C40=3)+16*(C40=4)+32*(C40="S"),2),"","Meta","Nível 2","Nível 3","Nível 4","Serviço") -> Nível 3 | O40: =IF(OR($C40=0,$L40=""),"-",CONCATENATE(E40&".",IF(AND($A$5>=2,$C40>=2),F40&".",""),IF(AND($A$5>=3,$C40>=3),G40&".",""),IF(AND($A$5>=4,$C40>=4),H40&".",""),IF($C40="S",I40&".",""))) -> 1.3.2. | P40: SINAPI | R40: =IF($C40="S",REFERENCIA.Descricao,"CONCRETO ARMADO PARA SAPATAS") -> CONCRETO ARMADO PARA SAPATAS | S40: =REFERENCIA.Unidade -> - | T40: =OFFSET(CÁLCULO!H$15,ROW($T40)-ROW(T$15),0) -> 0 | U40: =AG40 -> 0 | V40: BDI 1 | W40: =IF($C40="S",ROUND(IF(TIPOORCAMENTO="Proposto",ORÇAMENTO.CustoUnitario*(1+$AH40),ORÇAMENTO.PrecoUnitarioLicitado),15-13*$AF$10),0) -> 0 | X40: =IF($C40="S",IF(Import.TipoArredondamento<>"TransfereGOV",VTOTAL1,SUM(OFFSET(CÁLCULO!$AA$15,ROW($X40)-ROW($X$15),1):OFFSET(CÁLCULO!$AL$15,ROW($X40)-ROW($X$15),-1))),IF($C40=0,0,ROUND(SomaAgrup,15-13*$AF$11))) -> 0 | Y40: RA | Z40: =IF(AND($C40="S",$X40>0),IF(ISBLANK($Y40),"RA",LEFT($Y40,2)),"") | AA40: =IF($C40="S",IF($Z40="CP",$X40,IF($Z40="RA",(($X40)*QCI!$AA$3),0)),SomaAgrup) -> 0 | AB40: =IF($C40="S",IF($Z40="OU",ROUND($X40,2),0),SomaAgrup) -> 0 | AC40: =IF($N40="","",IF(ORÇAMENTO.Descricao="","DESCRIÇÃO",IF(AND($C40="S",ORÇAMENTO.Unidade=""),"UNIDADE",IF($X40<0,"VALOR NEGATIVO",IF(OR(AND(TIPOORCAMENTO="Proposto",$AG40<>"",$AG40>0,ORÇAMENTO.CustoUnitario>$AG40),AND(TIPOORCAMENTO="LICITADO",ORÇAMENTO.PrecoUnitarioLicitado>$AN40)),"ACIMA REF.",""))))) | AD40: =IF(C40<=CRONO.NivelExibicao,MAX($AD$15:OFFSET(AD40,-1,0))+IF($C40<>1,1,MAX(1,COUNTIF(QCI!$A$13:$A$24,OFFSET($E40,-1,0)))),"") | AE40: =IF(AND($C40="S",ORÇAMENTO.CodBarra<>""),IF(ORÇAMENTO.Fonte="",ORÇAMENTO.CodBarra,CONCATENATE(ORÇAMENTO.Fonte," ",ORÇAMENTO.CodBarra))) -> FALSE | AF40: =IF(ISERROR(INDIRECT(ORÇAMENTO.BancoRef)),"(abra o arquivo 'Referência "&Excel_BuiltIn_Database&".xlsm)",IF(OR($C40<>"S",ORÇAMENTO.CodBarra=""),"(Sem Código)",IF(ISERROR(MATCH($AE40,INDIRECT(ORÇAMENTO.BancoRef),0)),"(Código não identificado nas referências)",MATCH($AE40,INDIRECT(ORÇAMENTO.BancoRef),0)))) -> (abra o arquivo 'Referência 02-2025.xlsm) | AG40: =ROUND(IF(DESONERACAO="sim",REFERENCIA.Desonerado,REFERENCIA.NaoDesonerado),2) -> 0 | AH40: =ROUND(IF(ISNUMBER(ORÇAMENTO.OpcaoBDI),ORÇAMENTO.OpcaoBDI,IF(LEFT(ORÇAMENTO.OpcaoBDI,3)="BDI",HLOOKUP(ORÇAMENTO.OpcaoBDI,$F$4:$H$5,2,FALSE),0)),15-11*$AF$9) -> 0.2247 | AM40: =$X40 -> 0 | AN40: =ROUND(ORÇAMENTO.CustoUnitario*(1+$AH40),2) -> 0
A41: =CHOOSE(1+LOG(1+2*(ORÇAMENTO.Nivel="Meta")+4*(ORÇAMENTO.Nivel="Nível 2")+8*(ORÇAMENTO.Nivel="Nível 3")+16*(ORÇAMENTO.Nivel="Nível 4")+32*(ORÇAMENTO.Nivel="Serviço"),2),0,1,2,3,4,"S") -> S | B41: =IF(OR(C41="s",C41=0),OFFSET(B41,-1,0),C41) -> 3 | C41: =IF(OFFSET(C41,-1,0)="L",1,IF(OFFSET(C41,-1,0)=1,2,IF(OR(A41="s",A41=0),"S",IF(AND(OFFSET(C41,-1,0)=2,A41=4),3,IF(AND(OR(OFFSET(C41,-1,0)="s",OFFSET(C41,-1,0)=0),A41<>"s",A41>OFFSET(B41,-1,0)),OFFSET(B41,-1,0),A41))))) -> S | D41: =IF(OR(C41="S",C41=0),0,IF(ISERROR(K41),J41,SMALL(J41:K41,1))) -> 0 | E41: =IF($C41=1,OFFSET(E41,-1,0)+MAX(1,COUNTIF(QCI!$A$13:$A$24,OFFSET(ORÇAMENTO!E41,-1,0))),OFFSET(E41,-1,0)) -> 1 | F41: =IF($C41=1,0,IF($C41=2,OFFSET(F41,-1,0)+1,OFFSET(F41,-1,0))) -> 3 | G41: =IF(AND($C41<=2,$C41<>0),0,IF($C41=3,OFFSET(G41,-1,0)+1,OFFSET(G41,-1,0))) -> 2 | H41: =IF(AND($C41<=3,$C41<>0),0,IF($C41=4,OFFSET(H41,-1,0)+1,OFFSET(H41,-1,0))) -> 0 | I41: =IF(AND($C41<=4,$C41<>0),0,IF(AND($C41="S",$X41>0),OFFSET(I41,-1,0)+1,OFFSET(I41,-1,0))) -> 0 | J41: =IF(OR($C41="S",$C41=0),0,MATCH(0,OFFSET($D41,1,$C41,ROW($C$747)-ROW($C41)),0)) -> 0 | K41: =IF(OR($C41="S",$C41=0),0,MATCH(OFFSET($D41,0,$C41)+IF($C41<>1,1,COUNTIF(QCI!$A$13:$A$24,ORÇAMENTO!E41)),OFFSET($D41,1,$C41,ROW($C$747)-ROW($C41)),0)) -> 0 | L41: =IF(OR($X41>0,$C41=1,$C41=2,$C41=3,$C41=4),"F","") | M41: Serviço | N41: =CHOOSE(1+LOG(1+2*(C41=1)+4*(C41=2)+8*(C41=3)+16*(C41=4)+32*(C41="S"),2),"","Meta","Nível 2","Nível 3","Nível 4","Serviço") -> Serviço | O41: =IF(OR($C41=0,$L41=""),"-",CONCATENATE(E41&".",IF(AND($A$5>=2,$C41>=2),F41&".",""),IF(AND($A$5>=3,$C41>=3),G41&".",""),IF(AND($A$5>=4,$C41>=4),H41&".",""),IF($C41="S",I41&".",""))) -> - | P41: SINAPI | Q41: 96621 | R41: =IF($C41="S",REFERENCIA.Descricao,"(digite a descrição aqui)") -> (abra o arquivo 'Referência 02-2025.xlsm) | S41: =REFERENCIA.Unidade -> - | T41: =OFFSET(CÁLCULO!H$15,ROW($T41)-ROW(T$15),0) -> 1.37 | U41: =AG41 -> 0 | V41: BDI 1 | W41: =IF($C41="S",ROUND(IF(TIPOORCAMENTO="Proposto",ORÇAMENTO.CustoUnitario*(1+$AH41),ORÇAMENTO.PrecoUnitarioLicitado),15-13*$AF$10),0) -> 0 | X41: =IF($C41="S",IF(Import.TipoArredondamento<>"TransfereGOV",VTOTAL1,SUM(OFFSET(CÁLCULO!$AA$15,ROW($X41)-ROW($X$15),1):OFFSET(CÁLCULO!$AL$15,ROW($X41)-ROW($X$15),-1))),IF($C41=0,0,ROUND(SomaAgrup,15-13*$AF$11))) -> 0 | Y41: RA | Z41: =IF(AND($C41="S",$X41>0),IF(ISBLANK($Y41),"RA",LEFT($Y41,2)),"") | AA41: =IF($C41="S",IF($Z41="CP",$X41,IF($Z41="RA",(($X41)*QCI!$AA$3),0)),SomaAgrup) -> 0 | AB41: =IF($C41="S",IF($Z41="OU",ROUND($X41,2),0),SomaAgrup) -> 0 | AC41: =IF($N41="","",IF(ORÇAMENTO.Descricao="","DESCRIÇÃO",IF(AND($C41="S",ORÇAMENTO.Unidade=""),"UNIDADE",IF($X41<0,"VALOR NEGATIVO",IF(OR(AND(TIPOORCAMENTO="Proposto",$AG41<>"",$AG41>0,ORÇAMENTO.CustoUnitario>$AG41),AND(TIPOORCAMENTO="LICITADO",ORÇAMENTO.PrecoUnitarioLicitado>$AN41)),"ACIMA REF.",""))))) | AD41: =IF(C41<=CRONO.NivelExibicao,MAX($AD$15:OFFSET(AD41,-1,0))+IF($C41<>1,1,MAX(1,COUNTIF(QCI!$A$13:$A$24,OFFSET($E41,-1,0)))),"") | AE41: =IF(AND($C41="S",ORÇAMENTO.CodBarra<>""),IF(ORÇAMENTO.Fonte="",ORÇAMENTO.CodBarra,CONCATENATE(ORÇAMENTO.Fonte," ",ORÇAMENTO.CodBarra))) -> SINAPI 96621 | AF41: =IF(ISERROR(INDIRECT(ORÇAMENTO.BancoRef)),"(abra o arquivo 'Referência "&Excel_BuiltIn_Database&".xlsm)",IF(OR($C41<>"S",ORÇAMENTO.CodBarra=""),"(Sem Código)",IF(ISERROR(MATCH($AE41,INDIRECT(ORÇAMENTO.BancoRef),0)),"(Código não identificado nas referências)",MATCH($AE41,INDIRECT(ORÇAMENTO.BancoRef),0)))) -> (abra o arquivo 'Referência 02-2025.xlsm) | AG41: =ROUND(IF(DESONERACAO="sim",REFERENCIA.Desonerado,REFERENCIA.NaoDesonerado),2) -> 0 | AH41: =ROUND(IF(ISNUMBER(ORÇAMENTO.OpcaoBDI),ORÇAMENTO.OpcaoBDI,IF(LEFT(ORÇAMENTO.OpcaoBDI,3)="BDI",HLOOKUP(ORÇAMENTO.OpcaoBDI,$F$4:$H$5,2,FALSE),0)),15-11*$AF$9) -> 0.2247 | AJ41: 1.37 | AM41: =$X41 -> 0 | AN41: =ROUND(ORÇAMENTO.CustoUnitario*(1+$AH41),2) -> 0
A42: =CHOOSE(1+LOG(1+2*(ORÇAMENTO.Nivel="Meta")+4*(ORÇAMENTO.Nivel="Nível 2")+8*(ORÇAMENTO.Nivel="Nível 3")+16*(ORÇAMENTO.Nivel="Nível 4")+32*(ORÇAMENTO.Nivel="Serviço"),2),0,1,2,3,4,"S") -> S | B42: =IF(OR(C42="s",C42=0),OFFSET(B42,-1,0),C42) -> 3 | C42: =IF(OFFSET(C42,-1,0)="L",1,IF(OFFSET(C42,-1,0)=1,2,IF(OR(A42="s",A42=0),"S",IF(AND(OFFSET(C42,-1,0)=2,A42=4),3,IF(AND(OR(OFFSET(C42,-1,0)="s",OFFSET(C42,-1,0)=0),A42<>"s",A42>OFFSET(B42,-1,0)),OFFSET(B42,-1,0),A42))))) -> S | D42: =IF(OR(C42="S",C42=0),0,IF(ISERROR(K42),J42,SMALL(J42:K42,1))) -> 0 | E42: =IF($C42=1,OFFSET(E42,-1,0)+MAX(1,COUNTIF(QCI!$A$13:$A$24,OFFSET(ORÇAMENTO!E42,-1,0))),OFFSET(E42,-1,0)) -> 1 | F42: =IF($C42=1,0,IF($C42=2,OFFSET(F42,-1,0)+1,OFFSET(F42,-1,0))) -> 3 | G42: =IF(AND($C42<=2,$C42<>0),0,IF($C42=3,OFFSET(G42,-1,0)+1,OFFSET(G42,-1,0))) -> 2 | H42: =IF(AND($C42<=3,$C42<>0),0,IF($C42=4,OFFSET(H42,-1,0)+1,OFFSET(H42,-1,0))) -> 0 | I42: =IF(AND($C42<=4,$C42<>0),0,IF(AND($C42="S",$X42>0),OFFSET(I42,-1,0)+1,OFFSET(I42,-1,0))) -> 0 | J42: =IF(OR($C42="S",$C42=0),0,MATCH(0,OFFSET($D42,1,$C42,ROW($C$747)-ROW($C42)),0)) -> 0 | K42: =IF(OR($C42="S",$C42=0),0,MATCH(OFFSET($D42,0,$C42)+IF($C42<>1,1,COUNTIF(QCI!$A$13:$A$24,ORÇAMENTO!E42)),OFFSET($D42,1,$C42,ROW($C$747)-ROW($C42)),0)) -> 0 | L42: =IF(OR($X42>0,$C42=1,$C42=2,$C42=3,$C42=4),"F","") | M42: Serviço | N42: =CHOOSE(1+LOG(1+2*(C42=1)+4*(C42=2)+8*(C42=3)+16*(C42=4)+32*(C42="S"),2),"","Meta","Nível 2","Nível 3","Nível 4","Serviço") -> Serviço | O42: =IF(OR($C42=0,$L42=""),"-",CONCATENATE(E42&".",IF(AND($A$5>=2,$C42>=2),F42&".",""),IF(AND($A$5>=3,$C42>=3),G42&".",""),IF(AND($A$5>=4,$C42>=4),H42&".",""),IF($C42="S",I42&".",""))) -> - | P42: SINAPI | Q42: 96619 | R42: =IF($C42="S",REFERENCIA.Descricao,"(digite a descrição aqui)") -> (abra o arquivo 'Referência 02-2025.xlsm) | S42: =REFERENCIA.Unidade -> - | T42: =OFFSET(CÁLCULO!H$15,ROW($T42)-ROW(T$15),0) -> 27.34 | U42: =AG42 -> 0 | V42: BDI 1 | W42: =IF($C42="S",ROUND(IF(TIPOORCAMENTO="Proposto",ORÇAMENTO.CustoUnitario*(1+$AH42),ORÇAMENTO.PrecoUnitarioLicitado),15-13*$AF$10),0) -> 0 | X42: =IF($C42="S",IF(Import.TipoArredondamento<>"TransfereGOV",VTOTAL1,SUM(OFFSET(CÁLCULO!$AA$15,ROW($X42)-ROW($X$15),1):OFFSET(CÁLCULO!$AL$15,ROW($X42)-ROW($X$15),-1))),IF($C42=0,0,ROUND(SomaAgrup,15-13*$AF$11))) -> 0 | Y42: RA | Z42: =IF(AND($C42="S",$X42>0),IF(ISBLANK($Y42),"RA",LEFT($Y42,2)),"") | AA42: =IF($C42="S",IF($Z42="CP",$X42,IF($Z42="RA",(($X42)*QCI!$AA$3),0)),SomaAgrup) -> 0 | AB42: =IF($C42="S",IF($Z42="OU",ROUND($X42,2),0),SomaAgrup) -> 0 | AC42: =IF($N42="","",IF(ORÇAMENTO.Descricao="","DESCRIÇÃO",IF(AND($C42="S",ORÇAMENTO.Unidade=""),"UNIDADE",IF($X42<0,"VALOR NEGATIVO",IF(OR(AND(TIPOORCAMENTO="Proposto",$AG42<>"",$AG42>0,ORÇAMENTO.CustoUnitario>$AG42),AND(TIPOORCAMENTO="LICITADO",ORÇAMENTO.PrecoUnitarioLicitado>$AN42)),"ACIMA REF.",""))))) | AD42: =IF(C42<=CRONO.NivelExibicao,MAX($AD$15:OFFSET(AD42,-1,0))+IF($C42<>1,1,MAX(1,COUNTIF(QCI!$A$13:$A$24,OFFSET($E42,-1,0)))),"") | AE42: =IF(AND($C42="S",ORÇAMENTO.CodBarra<>""),IF(ORÇAMENTO.Fonte="",ORÇAMENTO.CodBarra,CONCATENATE(ORÇAMENTO.Fonte," ",ORÇAMENTO.CodBarra))) -> SINAPI 96619 | AF42: =IF(ISERROR(INDIRECT(ORÇAMENTO.BancoRef)),"(abra o arquivo 'Referência "&Excel_BuiltIn_Database&".xlsm)",IF(OR($C42<>"S",ORÇAMENTO.CodBarra=""),"(Sem Código)",IF(ISERROR(MATCH($AE42,INDIRECT(ORÇAMENTO.BancoRef),0)),"(Código não identificado nas referências)",MATCH($AE42,INDIRECT(ORÇAMENTO.BancoRef),0)))) -> (abra o arquivo 'Referência 02-2025.xlsm) | AG42: =ROUND(IF(DESONERACAO="sim",REFERENCIA.Desonerado,REFERENCIA.NaoDesonerado),2) -> 0 | AH42: =ROUND(IF(ISNUMBER(ORÇAMENTO.OpcaoBDI),ORÇAMENTO.OpcaoBDI,IF(LEFT(ORÇAMENTO.OpcaoBDI,3)="BDI",HLOOKUP(ORÇAMENTO.OpcaoBDI,$F$4:$H$5,2,FALSE),0)),15-11*$AF$9) -> 0.2247 | AJ42: 27.34 | AM42: =$X42 -> 0 | AN42: =ROUND(ORÇAMENTO.CustoUnitario*(1+$AH42),2) -> 0
A43: =CHOOSE(1+LOG(1+2*(ORÇAMENTO.Nivel="Meta")+4*(ORÇAMENTO.Nivel="Nível 2")+8*(ORÇAMENTO.Nivel="Nível 3")+16*(ORÇAMENTO.Nivel="Nível 4")+32*(ORÇAMENTO.Nivel="Serviço"),2),0,1,2,3,4,"S") -> S | B43: =IF(OR(C43="s",C43=0),OFFSET(B43,-1,0),C43) -> 3 | C43: =IF(OFFSET(C43,-1,0)="L",1,IF(OFFSET(C43,-1,0)=1,2,IF(OR(A43="s",A43=0),"S",IF(AND(OFFSET(C43,-1,0)=2,A43=4),3,IF(AND(OR(OFFSET(C43,-1,0)="s",OFFSET(C43,-1,0)=0),A43<>"s",A43>OFFSET(B43,-1,0)),OFFSET(B43,-1,0),A43))))) -> S | D43: =IF(OR(C43="S",C43=0),0,IF(ISERROR(K43),J43,SMALL(J43:K43,1))) -> 0 | E43: =IF($C43=1,OFFSET(E43,-1,0)+MAX(1,COUNTIF(QCI!$A$13:$A$24,OFFSET(ORÇAMENTO!E43,-1,0))),OFFSET(E43,-1,0)) -> 1 | F43: =IF($C43=1,0,IF($C43=2,OFFSET(F43,-1,0)+1,OFFSET(F43,-1,0))) -> 3 | G43: =IF(AND($C43<=2,$C43<>0),0,IF($C43=3,OFFSET(G43,-1,0)+1,OFFSET(G43,-1,0))) -> 2 | H43: =IF(AND($C43<=3,$C43<>0),0,IF($C43=4,OFFSET(H43,-1,0)+1,OFFSET(H43,-1,0))) -> 0 | I43: =IF(AND($C43<=4,$C43<>0),0,IF(AND($C43="S",$X43>0),OFFSET(I43,-1,0)+1,OFFSET(I43,-1,0))) -> 0 | J43: =IF(OR($C43="S",$C43=0),0,MATCH(0,OFFSET($D43,1,$C43,ROW($C$747)-ROW($C43)),0)) -> 0 | K43: =IF(OR($C43="S",$C43=0),0,MATCH(OFFSET($D43,0,$C43)+IF($C43<>1,1,COUNTIF(QCI!$A$13:$A$24,ORÇAMENTO!E43)),OFFSET($D43,1,$C43,ROW($C$747)-ROW($C43)),0)) -> 0 | L43: =IF(OR($X43>0,$C43=1,$C43=2,$C43=3,$C43=4),"F","") | M43: Serviço | N43: =CHOOSE(1+LOG(1+2*(C43=1)+4*(C43=2)+8*(C43=3)+16*(C43=4)+32*(C43="S"),2),"","Meta","Nível 2","Nível 3","Nível 4","Serviço") -> Serviço | O43: =IF(OR($C43=0,$L43=""),"-",CONCATENATE(E43&".",IF(AND($A$5>=2,$C43>=2),F43&".",""),IF(AND($A$5>=3,$C43>=3),G43&".",""),IF(AND($A$5>=4,$C43>=4),H43&".",""),IF($C43="S",I43&".",""))) -> - | P43: SINAPI | Q43: 96535 | R43: =IF($C43="S",REFERENCIA.Descricao,"(digite a descrição aqui)") -> (abra o arquivo 'Referência 02-2025.xlsm) | S43: =REFERENCIA.Unidade -> - | T43: =OFFSET(CÁLCULO!H$15,ROW($T43)-ROW(T$15),0) -> 20.39 | U43: =AG43 -> 0 | V43: BDI 1 | W43: =IF($C43="S",ROUND(IF(TIPOORCAMENTO="Proposto",ORÇAMENTO.CustoUnitario*(1+$AH43),ORÇAMENTO.PrecoUnitarioLicitado),15-13*$AF$10),0) -> 0 | X43: =IF($C43="S",IF(Import.TipoArredondamento<>"TransfereGOV",VTOTAL1,SUM(OFFSET(CÁLCULO!$AA$15,ROW($X43)-ROW($X$15),1):OFFSET(CÁLCULO!$AL$15,ROW($X43)-ROW($X$15),-1))),IF($C43=0,0,ROUND(SomaAgrup,15-13*$AF$11))) -> 0 | Y43: RA | Z43: =IF(AND($C43="S",$X43>0),IF(ISBLANK($Y43),"RA",LEFT($Y43,2)),"") | AA43: =IF($C43="S",IF($Z43="CP",$X43,IF($Z43="RA",(($X43)*QCI!$AA$3),0)),SomaAgrup) -> 0 | AB43: =IF($C43="S",IF($Z43="OU",ROUND($X43,2),0),SomaAgrup) -> 0 | AC43: =IF($N43="","",IF(ORÇAMENTO.Descricao="","DESCRIÇÃO",IF(AND($C43="S",ORÇAMENTO.Unidade=""),"UNIDADE",IF($X43<0,"VALOR NEGATIVO",IF(OR(AND(TIPOORCAMENTO="Proposto",$AG43<>"",$AG43>0,ORÇAMENTO.CustoUnitario>$AG43),AND(TIPOORCAMENTO="LICITADO",ORÇAMENTO.PrecoUnitarioLicitado>$AN43)),"ACIMA REF.",""))))) | AD43: =IF(C43<=CRONO.NivelExibicao,MAX($AD$15:OFFSET(AD43,-1,0))+IF($C43<>1,1,MAX(1,COUNTIF(QCI!$A$13:$A$24,OFFSET($E43,-1,0)))),"") | AE43: =IF(AND($C43="S",ORÇAMENTO.CodBarra<>""),IF(ORÇAMENTO.Fonte="",ORÇAMENTO.CodBarra,CONCATENATE(ORÇAMENTO.Fonte," ",ORÇAMENTO.CodBarra))) -> SINAPI 96535 | AF43: =IF(ISERROR(INDIRECT(ORÇAMENTO.BancoRef)),"(abra o arquivo 'Referência "&Excel_BuiltIn_Database&".xlsm)",IF(OR($C43<>"S",ORÇAMENTO.CodBarra=""),"(Sem Código)",IF(ISERROR(MATCH($AE43,INDIRECT(ORÇAMENTO.BancoRef),0)),"(Código não identificado nas referências)",MATCH($AE43,INDIRECT(ORÇAMENTO.BancoRef),0)))) -> (abra o arquivo 'Referência 02-2025.xlsm) | AG43: =ROUND(IF(DESONERACAO="sim",REFERENCIA.Desonerado,REFERENCIA.NaoDesonerado),2) -> 0 | AH43: =ROUND(IF(ISNUMBER(ORÇAMENTO.OpcaoBDI),ORÇAMENTO.OpcaoBDI,IF(LEFT(ORÇAMENTO.OpcaoBDI,3)="BDI",HLOOKUP(ORÇAMENTO.OpcaoBDI,$F$4:$H$5,2,FALSE),0)),15-11*$AF$9) -> 0.2247 | AJ43: 20.39 | AM43: =$X43 -> 0 | AN43: =ROUND(ORÇAMENTO.CustoUnitario*(1+$AH43),2) -> 0
A44: =CHOOSE(1+LOG(1+2*(ORÇAMENTO.Nivel="Meta")+4*(ORÇAMENTO.Nivel="Nível 2")+8*(ORÇAMENTO.Nivel="Nível 3")+16*(ORÇAMENTO.Nivel="Nível 4")+32*(ORÇAMENTO.Nivel="Serviço"),2),0,1,2,3,4,"S") -> S | B44: =IF(OR(C44="s",C44=0),OFFSET(B44,-1,0),C44) -> 3 | C44: =IF(OFFSET(C44,-1,0)="L",1,IF(OFFSET(C44,-1,0)=1,2,IF(OR(A44="s",A44=0),"S",IF(AND(OFFSET(C44,-1,0)=2,A44=4),3,IF(AND(OR(OFFSET(C44,-1,0)="s",OFFSET(C44,-1,0)=0),A44<>"s",A44>OFFSET(B44,-1,0)),OFFSET(B44,-1,0),A44))))) -> S | D44: =IF(OR(C44="S",C44=0),0,IF(ISERROR(K44),J44,SMALL(J44:K44,1))) -> 0 | E44: =IF($C44=1,OFFSET(E44,-1,0)+MAX(1,COUNTIF(QCI!$A$13:$A$24,OFFSET(ORÇAMENTO!E44,-1,0))),OFFSET(E44,-1,0)) -> 1 | F44: =IF($C44=1,0,IF($C44=2,OFFSET(F44,-1,0)+1,OFFSET(F44,-1,0))) -> 3 | G44: =IF(AND($C44<=2,$C44<>0),0,IF($C44=3,OFFSET(G44,-1,0)+1,OFFSET(G44,-1,0))) -> 2 | H44: =IF(AND($C44<=3,$C44<>0),0,IF($C44=4,OFFSET(H44,-1,0)+1,OFFSET(H44,-1,0))) -> 0 | I44: =IF(AND($C44<=4,$C44<>0),0,IF(AND($C44="S",$X44>0),OFFSET(I44,-1,0)+1,OFFSET(I44,-1,0))) -> 0 | J44: =IF(OR($C44="S",$C44=0),0,MATCH(0,OFFSET($D44,1,$C44,ROW($C$747)-ROW($C44)),0)) -> 0 | K44: =IF(OR($C44="S",$C44=0),0,MATCH(OFFSET($D44,0,$C44)+IF($C44<>1,1,COUNTIF(QCI!$A$13:$A$24,ORÇAMENTO!E44)),OFFSET($D44,1,$C44,ROW($C$747)-ROW($C44)),0)) -> 0 | L44: =IF(OR($X44>0,$C44=1,$C44=2,$C44=3,$C44=4),"F","") | M44: Serviço | N44: =CHOOSE(1+LOG(1+2*(C44=1)+4*(C44=2)+8*(C44=3)+16*(C44=4)+32*(C44="S"),2),"","Meta","Nível 2","Nível 3","Nível 4","Serviço") -> Serviço | O44: =IF(OR($C44=0,$L44=""),"-",CONCATENATE(E44&".",IF(AND($A$5>=2,$C44>=2),F44&".",""),IF(AND($A$5>=3,$C44>=3),G44&".",""),IF(AND($A$5>=4,$C44>=4),H44&".",""),IF($C44="S",I44&".",""))) -> - | P44: SINAPI | Q44: 104918 | R44: =IF($C44="S",REFERENCIA.Descricao,"(digite a descrição aqui)") -> (abra o arquivo 'Referência 02-2025.xlsm) | S44: =REFERENCIA.Unidade -> - | T44: =OFFSET(CÁLCULO!H$15,ROW($T44)-ROW(T$15),0) -> 762.7 | U44: =AG44 -> 0 | V44: BDI 1 | W44: =IF($C44="S",ROUND(IF(TIPOORCAMENTO="Proposto",ORÇAMENTO.CustoUnitario*(1+$AH44),ORÇAMENTO.PrecoUnitarioLicitado),15-13*$AF$10),0) -> 0 | X44: =IF($C44="S",IF(Import.TipoArredondamento<>"TransfereGOV",VTOTAL1,SUM(OFFSET(CÁLCULO!$AA$15,ROW($X44)-ROW($X$15),1):OFFSET(CÁLCULO!$AL$15,ROW($X44)-ROW($X$15),-1))),IF($C44=0,0,ROUND(SomaAgrup,15-13*$AF$11))) -> 0 | Y44: RA | Z44: =IF(AND($C44="S",$X44>0),IF(ISBLANK($Y44),"RA",LEFT($Y44,2)),"") | AA44: =IF($C44="S",IF($Z44="CP",$X44,IF($Z44="RA",(($X44)*QCI!$AA$3),0)),SomaAgrup) -> 0 | AB44: =IF($C44="S",IF($Z44="OU",ROUND($X44,2),0),SomaAgrup) -> 0 | AC44: =IF($N44="","",IF(ORÇAMENTO.Descricao="","DESCRIÇÃO",IF(AND($C44="S",ORÇAMENTO.Unidade=""),"UNIDADE",IF($X44<0,"VALOR NEGATIVO",IF(OR(AND(TIPOORCAMENTO="Proposto",$AG44<>"",$AG44>0,ORÇAMENTO.CustoUnitario>$AG44),AND(TIPOORCAMENTO="LICITADO",ORÇAMENTO.PrecoUnitarioLicitado>$AN44)),"ACIMA REF.",""))))) | AD44: =IF(C44<=CRONO.NivelExibicao,MAX($AD$15:OFFSET(AD44,-1,0))+IF($C44<>1,1,MAX(1,COUNTIF(QCI!$A$13:$A$24,OFFSET($E44,-1,0)))),"") | AE44: =IF(AND($C44="S",ORÇAMENTO.CodBarra<>""),IF(ORÇAMENTO.Fonte="",ORÇAMENTO.CodBarra,CONCATENATE(ORÇAMENTO.Fonte," ",ORÇAMENTO.CodBarra))) -> SINAPI 104918 | AF44: =IF(ISERROR(INDIRECT(ORÇAMENTO.BancoRef)),"(abra o arquivo 'Referência "&Excel_BuiltIn_Database&".xlsm)",IF(OR($C44<>"S",ORÇAMENTO.CodBarra=""),"(Sem Código)",IF(ISERROR(MATCH($AE44,INDIRECT(ORÇAMENTO.BancoRef),0)),"(Código não identificado nas referências)",MATCH($AE44,INDIRECT(ORÇAMENTO.BancoRef),0)))) -> (abra o arquivo 'Referência 02-2025.xlsm) | AG44: =ROUND(IF(DESONERACAO="sim",REFERENCIA.Desonerado,REFERENCIA.NaoDesonerado),2) -> 0 | AH44: =ROUND(IF(ISNUMBER(ORÇAMENTO.OpcaoBDI),ORÇAMENTO.OpcaoBDI,IF(LEFT(ORÇAMENTO.OpcaoBDI,3)="BDI",HLOOKUP(ORÇAMENTO.OpcaoBDI,$F$4:$H$5,2,FALSE),0)),15-11*$AF$9) -> 0.2247 | AJ44: 762.7 | AM44: =$X44 -> 0 | AN44: =ROUND(ORÇAMENTO.CustoUnitario*(1+$AH44),2) -> 0
A45: =CHOOSE(1+LOG(1+2*(ORÇAMENTO.Nivel="Meta")+4*(ORÇAMENTO.Nivel="Nível 2")+8*(ORÇAMENTO.Nivel="Nível 3")+16*(ORÇAMENTO.Nivel="Nível 4")+32*(ORÇAMENTO.Nivel="Serviço"),2),0,1,2,3,4,"S") -> S | B45: =IF(OR(C45="s",C45=0),OFFSET(B45,-1,0),C45) -> 3 | C45: =IF(OFFSET(C45,-1,0)="L",1,IF(OFFSET(C45,-1,0)=1,2,IF(OR(A45="s",A45=0),"S",IF(AND(OFFSET(C45,-1,0)=2,A45=4),3,IF(AND(OR(OFFSET(C45,-1,0)="s",OFFSET(C45,-1,0)=0),A45<>"s",A45>OFFSET(B45,-1,0)),OFFSET(B45,-1,0),A45))))) -> S | D45: =IF(OR(C45="S",C45=0),0,IF(ISERROR(K45),J45,SMALL(J45:K45,1))) -> 0 | E45: =IF($C45=1,OFFSET(E45,-1,0)+MAX(1,COUNTIF(QCI!$A$13:$A$24,OFFSET(ORÇAMENTO!E45,-1,0))),OFFSET(E45,-1,0)) -> 1 | F45: =IF($C45=1,0,IF($C45=2,OFFSET(F45,-1,0)+1,OFFSET(F45,-1,0))) -> 3 | G45: =IF(AND($C45<=2,$C45<>0),0,IF($C45=3,OFFSET(G45,-1,0)+1,OFFSET(G45,-1,0))) -> 2 | H45: =IF(AND($C45<=3,$C45<>0),0,IF($C45=4,OFFSET(H45,-1,0)+1,OFFSET(H45,-1,0))) -> 0 | I45: =IF(AND($C45<=4,$C45<>0),0,IF(AND($C45="S",$X45>0),OFFSET(I45,-1,0)+1,OFFSET(I45,-1,0))) -> 0 | J45: =IF(OR($C45="S",$C45=0),0,MATCH(0,OFFSET($D45,1,$C45,ROW($C$747)-ROW($C45)),0)) -> 0 | K45: =IF(OR($C45="S",$C45=0),0,MATCH(OFFSET($D45,0,$C45)+IF($C45<>1,1,COUNTIF(QCI!$A$13:$A$24,ORÇAMENTO!E45)),OFFSET($D45,1,$C45,ROW($C$747)-ROW($C45)),0)) -> 0 | L45: =IF(OR($X45>0,$C45=1,$C45=2,$C45=3,$C45=4),"F","") | M45: Serviço | N45: =CHOOSE(1+LOG(1+2*(C45=1)+4*(C45=2)+8*(C45=3)+16*(C45=4)+32*(C45="S"),2),"","Meta","Nível 2","Nível 3","Nível 4","Serviço") -> Serviço | O45: =IF(OR($C45=0,$L45=""),"-",CONCATENATE(E45&".",IF(AND($A$5>=2,$C45>=2),F45&".",""),IF(AND($A$5>=3,$C45>=3),G45&".",""),IF(AND($A$5>=4,$C45>=4),H45&".",""),IF($C45="S",I45&".",""))) -> - | P45: SINAPI | Q45: 104919 | R45: =IF($C45="S",REFERENCIA.Descricao,"(digite a descrição aqui)") -> (abra o arquivo 'Referência 02-2025.xlsm) | S45: =REFERENCIA.Unidade -> - | T45: =OFFSET(CÁLCULO!H$15,ROW($T45)-ROW(T$15),0) -> 54.16 | U45: =AG45 -> 0 | V45: BDI 1 | W45: =IF($C45="S",ROUND(IF(TIPOORCAMENTO="Proposto",ORÇAMENTO.CustoUnitario*(1+$AH45),ORÇAMENTO.PrecoUnitarioLicitado),15-13*$AF$10),0) -> 0 | X45: =IF($C45="S",IF(Import.TipoArredondamento<>"TransfereGOV",VTOTAL1,SUM(OFFSET(CÁLCULO!$AA$15,ROW($X45)-ROW($X$15),1):OFFSET(CÁLCULO!$AL$15,ROW($X45)-ROW($X$15),-1))),IF($C45=0,0,ROUND(SomaAgrup,15-13*$AF$11))) -> 0 | Y45: RA | Z45: =IF(AND($C45="S",$X45>0),IF(ISBLANK($Y45),"RA",LEFT($Y45,2)),"") | AA45: =IF($C45="S",IF($Z45="CP",$X45,IF($Z45="RA",(($X45)*QCI!$AA$3),0)),SomaAgrup) -> 0 | AB45: =IF($C45="S",IF($Z45="OU",ROUND($X45,2),0),SomaAgrup) -> 0 | AC45: =IF($N45="","",IF(ORÇAMENTO.Descricao="","DESCRIÇÃO",IF(AND($C45="S",ORÇAMENTO.Unidade=""),"UNIDADE",IF($X45<0,"VALOR NEGATIVO",IF(OR(AND(TIPOORCAMENTO="Proposto",$AG45<>"",$AG45>0,ORÇAMENTO.CustoUnitario>$AG45),AND(TIPOORCAMENTO="LICITADO",ORÇAMENTO.PrecoUnitarioLicitado>$AN45)),"ACIMA REF.",""))))) | AD45: =IF(C45<=CRONO.NivelExibicao,MAX($AD$15:OFFSET(AD45,-1,0))+IF($C45<>1,1,MAX(1,COUNTIF(QCI!$A$13:$A$24,OFFSET($E45,-1,0)))),"") | AE45: =IF(AND($C45="S",ORÇAMENTO.CodBarra<>""),IF(ORÇAMENTO.Fonte="",ORÇAMENTO.CodBarra,CONCATENATE(ORÇAMENTO.Fonte," ",ORÇAMENTO.CodBarra))) -> SINAPI 104919 | AF45: =IF(ISERROR(INDIRECT(ORÇAMENTO.BancoRef)),"(abra o arquivo 'Referência "&Excel_BuiltIn_Database&".xlsm)",IF(OR($C45<>"S",ORÇAMENTO.CodBarra=""),"(Sem Código)",IF(ISERROR(MATCH($AE45,INDIRECT(ORÇAMENTO.BancoRef),0)),"(Código não identificado nas referências)",MATCH($AE45,INDIRECT(ORÇAMENTO.BancoRef),0)))) -> (abra o arquivo 'Referência 02-2025.xlsm) | AG45: =ROUND(IF(DESONERACAO="sim",REFERENCIA.Desonerado,REFERENCIA.NaoDesonerado),2) -> 0 | AH45: =ROUND(IF(ISNUMBER(ORÇAMENTO.OpcaoBDI),ORÇAMENTO.OpcaoBDI,IF(LEFT(ORÇAMENTO.OpcaoBDI,3)="BDI",HLOOKUP(ORÇAMENTO.OpcaoBDI,$F$4:$H$5,2,FALSE),0)),15-11*$AF$9) -> 0.2247 | AJ45: 54.16 | AM45: =$X45 -> 0 | AN45: =ROUND(ORÇAMENTO.CustoUnitario*(1+$AH45),2) -> 0
A46: =CHOOSE(1+LOG(1+2*(ORÇAMENTO.Nivel="Meta")+4*(ORÇAMENTO.Nivel="Nível 2")+8*(ORÇAMENTO.Nivel="Nível 3")+16*(ORÇAMENTO.Nivel="Nível 4")+32*(ORÇAMENTO.Nivel="Serviço"),2),0,1,2,3,4,"S") -> S | B46: =IF(OR(C46="s",C46=0),OFFSET(B46,-1,0),C46) -> 3 | C46: =IF(OFFSET(C46,-1,0)="L",1,IF(OFFSET(C46,-1,0)=1,2,IF(OR(A46="s",A46=0),"S",IF(AND(OFFSET(C46,-1,0)=2,A46=4),3,IF(AND(OR(OFFSET(C46,-1,0)="s",OFFSET(C46,-1,0)=0),A46<>"s",A46>OFFSET(B46,-1,0)),OFFSET(B46,-1,0),A46))))) -> S | D46: =IF(OR(C46="S",C46=0),0,IF(ISERROR(K46),J46,SMALL(J46:K46,1))) -> 0 | E46: =IF($C46=1,OFFSET(E46,-1,0)+MAX(1,COUNTIF(QCI!$A$13:$A$24,OFFSET(ORÇAMENTO!E46,-1,0))),OFFSET(E46,-1,0)) -> 1 | F46: =IF($C46=1,0,IF($C46=2,OFFSET(F46,-1,0)+1,OFFSET(F46,-1,0))) -> 3 | G46: =IF(AND($C46<=2,$C46<>0),0,IF($C46=3,OFFSET(G46,-1,0)+1,OFFSET(G46,-1,0))) -> 2 | H46: =IF(AND($C46<=3,$C46<>0),0,IF($C46=4,OFFSET(H46,-1,0)+1,OFFSET(H46,-1,0))) -> 0 | I46: =IF(AND($C46<=4,$C46<>0),0,IF(AND($C46="S",$X46>0),OFFSET(I46,-1,0)+1,OFFSET(I46,-1,0))) -> 0 | J46: =IF(OR($C46="S",$C46=0),0,MATCH(0,OFFSET($D46,1,$C46,ROW($C$747)-ROW($C46)),0)) -> 0 | K46: =IF(OR($C46="S",$C46=0),0,MATCH(OFFSET($D46,0,$C46)+IF($C46<>1,1,COUNTIF(QCI!$A$13:$A$24,ORÇAMENTO!E46)),OFFSET($D46,1,$C46,ROW($C$747)-ROW($C46)),0)) -> 0 | L46: =IF(OR($X46>0,$C46=1,$C46=2,$C46=3,$C46=4),"F","") | M46: Serviço | N46: =CHOOSE(1+LOG(1+2*(C46=1)+4*(C46=2)+8*(C46=3)+16*(C46=4)+32*(C46="S"),2),"","Meta","Nível 2","Nível 3","Nível 4","Serviço") -> Serviço | O46: =IF(OR($C46=0,$L46=""),"-",CONCATENATE(E46&".",IF(AND($A$5>=2,$C46>=2),F46&".",""),IF(AND($A$5>=3,$C46>=3),G46&".",""),IF(AND($A$5>=4,$C46>=4),H46&".",""),IF($C46="S",I46&".",""))) -> - | P46: SINAPI | Q46: 104916 | R46: =IF($C46="S",REFERENCIA.Descricao,"(digite a descrição aqui)") -> (abra o arquivo 'Referência 02-2025.xlsm) | S46: =REFERENCIA.Unidade -> - | T46: =OFFSET(CÁLCULO!H$15,ROW($T46)-ROW(T$15),0) -> 16.11 | U46: =AG46 -> 0 | V46: BDI 1 | W46: =IF($C46="S",ROUND(IF(TIPOORCAMENTO="Proposto",ORÇAMENTO.CustoUnitario*(1+$AH46),ORÇAMENTO.PrecoUnitarioLicitado),15-13*$AF$10),0) -> 0 | X46: =IF($C46="S",IF(Import.TipoArredondamento<>"TransfereGOV",VTOTAL1,SUM(OFFSET(CÁLCULO!$AA$15,ROW($X46)-ROW($X$15),1):OFFSET(CÁLCULO!$AL$15,ROW($X46)-ROW($X$15),-1))),IF($C46=0,0,ROUND(SomaAgrup,15-13*$AF$11))) -> 0 | Y46: RA | Z46: =IF(AND($C46="S",$X46>0),IF(ISBLANK($Y46),"RA",LEFT($Y46,2)),"") | AA46: =IF($C46="S",IF($Z46="CP",$X46,IF($Z46="RA",(($X46)*QCI!$AA$3),0)),SomaAgrup) -> 0 | AB46: =IF($C46="S",IF($Z46="OU",ROUND($X46,2),0),SomaAgrup) -> 0 | AC46: =IF($N46="","",IF(ORÇAMENTO.Descricao="","DESCRIÇÃO",IF(AND($C46="S",ORÇAMENTO.Unidade=""),"UNIDADE",IF($X46<0,"VALOR NEGATIVO",IF(OR(AND(TIPOORCAMENTO="Proposto",$AG46<>"",$AG46>0,ORÇAMENTO.CustoUnitario>$AG46),AND(TIPOORCAMENTO="LICITADO",ORÇAMENTO.PrecoUnitarioLicitado>$AN46)),"ACIMA REF.",""))))) | AD46: =IF(C46<=CRONO.NivelExibicao,MAX($AD$15:OFFSET(AD46,-1,0))+IF($C46<>1,1,MAX(1,COUNTIF(QCI!$A$13:$A$24,OFFSET($E46,-1,0)))),"") | AE46: =IF(AND($C46="S",ORÇAMENTO.CodBarra<>""),IF(ORÇAMENTO.Fonte="",ORÇAMENTO.CodBarra,CONCATENATE(ORÇAMENTO.Fonte," ",ORÇAMENTO.CodBarra))) -> SINAPI 104916 | AF46: =IF(ISERROR(INDIRECT(ORÇAMENTO.BancoRef)),"(abra o arquivo 'Referência "&Excel_BuiltIn_Database&".xlsm)",IF(OR($C46<>"S",ORÇAMENTO.CodBarra=""),"(Sem Código)",IF(ISERROR(MATCH($AE46,INDIRECT(ORÇAMENTO.BancoRef),0)),"(Código não identificado nas referências)",MATCH($AE46,INDIRECT(ORÇAMENTO.BancoRef),0)))) -> (abra o arquivo 'Referência 02-2025.xlsm) | AG46: =ROUND(IF(DESONERACAO="sim",REFERENCIA.Desonerado,REFERENCIA.NaoDesonerado),2) -> 0 | AH46: =ROUND(IF(ISNUMBER(ORÇAMENTO.OpcaoBDI),ORÇAMENTO.OpcaoBDI,IF(LEFT(ORÇAMENTO.OpcaoBDI,3)="BDI",HLOOKUP(ORÇAMENTO.OpcaoBDI,$F$4:$H$5,2,FALSE),0)),15-11*$AF$9) -> 0.2247 | AJ46: 16.11 | AM46: =$X46 -> 0 | AN46: =ROUND(ORÇAMENTO.CustoUnitario*(1+$AH46),2) -> 0
A47: =CHOOSE(1+LOG(1+2*(ORÇAMENTO.Nivel="Meta")+4*(ORÇAMENTO.Nivel="Nível 2")+8*(ORÇAMENTO.Nivel="Nível 3")+16*(ORÇAMENTO.Nivel="Nível 4")+32*(ORÇAMENTO.Nivel="Serviço"),2),0,1,2,3,4,"S") -> S | B47: =IF(OR(C47="s",C47=0),OFFSET(B47,-1,0),C47) -> 3 | C47: =IF(OFFSET(C47,-1,0)="L",1,IF(OFFSET(C47,-1,0)=1,2,IF(OR(A47="s",A47=0),"S",IF(AND(OFFSET(C47,-1,0)=2,A47=4),3,IF(AND(OR(OFFSET(C47,-1,0)="s",OFFSET(C47,-1,0)=0),A47<>"s",A47>OFFSET(B47,-1,0)),OFFSET(B47,-1,0),A47))))) -> S | D47: =IF(OR(C47="S",C47=0),0,IF(ISERROR(K47),J47,SMALL(J47:K47,1))) -> 0 | E47: =IF($C47=1,OFFSET(E47,-1,0)+MAX(1,COUNTIF(QCI!$A$13:$A$24,OFFSET(ORÇAMENTO!E47,-1,0))),OFFSET(E47,-1,0)) -> 1 | F47: =IF($C47=1,0,IF($C47=2,OFFSET(F47,-1,0)+1,OFFSET(F47,-1,0))) -> 3 | G47: =IF(AND($C47<=2,$C47<>0),0,IF($C47=3,OFFSET(G47,-1,0)+1,OFFSET(G47,-1,0))) -> 2 | H47: =IF(AND($C47<=3,$C47<>0),0,IF($C47=4,OFFSET(H47,-1,0)+1,OFFSET(H47,-1,0))) -> 0 | I47: =IF(AND($C47<=4,$C47<>0),0,IF(AND($C47="S",$X47>0),OFFSET(I47,-1,0)+1,OFFSET(I47,-1,0))) -> 0 | J47: =IF(OR($C47="S",$C47=0),0,MATCH(0,OFFSET($D47,1,$C47,ROW($C$747)-ROW($C47)),0)) -> 0 | K47: =IF(OR($C47="S",$C47=0),0,MATCH(OFFSET($D47,0,$C47)+IF($C47<>1,1,COUNTIF(QCI!$A$13:$A$24,ORÇAMENTO!E47)),OFFSET($D47,1,$C47,ROW($C$747)-ROW($C47)),0)) -> 0 | L47: =IF(OR($X47>0,$C47=1,$C47=2,$C47=3,$C47=4),"F","") | M47: Serviço | N47: =CHOOSE(1+LOG(1+2*(C47=1)+4*(C47=2)+8*(C47=3)+16*(C47=4)+32*(C47="S"),2),"","Meta","Nível 2","Nível 3","Nível 4","Serviço") -> Serviço | O47: =IF(OR($C47=0,$L47=""),"-",CONCATENATE(E47&".",IF(AND($A$5>=2,$C47>=2),F47&".",""),IF(AND($A$5>=3,$C47>=3),G47&".",""),IF(AND($A$5>=4,$C47>=4),H47&".",""),IF($C47="S",I47&".",""))) -> - | P47: SINAPI | Q47: 96558 | R47: =IF($C47="S",REFERENCIA.Descricao,"(digite a descrição aqui)") -> (abra o arquivo 'Referência 02-2025.xlsm) | S47: =REFERENCIA.Unidade -> - | T47: =OFFSET(CÁLCULO!H$15,ROW($T47)-ROW(T$15),0) -> 3.38 | U47: =AG47 -> 0 | V47: BDI 1 | W47: =IF($C47="S",ROUND(IF(TIPOORCAMENTO="Proposto",ORÇAMENTO.CustoUnitario*(1+$AH47),ORÇAMENTO.PrecoUnitarioLicitado),15-13*$AF$10),0) -> 0 | X47: =IF($C47="S",IF(Import.TipoArredondamento<>"TransfereGOV",VTOTAL1,SUM(OFFSET(CÁLCULO!$AA$15,ROW($X47)-ROW($X$15),1):OFFSET(CÁLCULO!$AL$15,ROW($X47)-ROW($X$15),-1))),IF($C47=0,0,ROUND(SomaAgrup,15-13*$AF$11))) -> 0 | Y47: RA | Z47: =IF(AND($C47="S",$X47>0),IF(ISBLANK($Y47),"RA",LEFT($Y47,2)),"") | AA47: =IF($C47="S",IF($Z47="CP",$X47,IF($Z47="RA",(($X47)*QCI!$AA$3),0)),SomaAgrup) -> 0 | AB47: =IF($C47="S",IF($Z47="OU",ROUND($X47,2),0),SomaAgrup) -> 0 | AC47: =IF($N47="","",IF(ORÇAMENTO.Descricao="","DESCRIÇÃO",IF(AND($C47="S",ORÇAMENTO.Unidade=""),"UNIDADE",IF($X47<0,"VALOR NEGATIVO",IF(OR(AND(TIPOORCAMENTO="Proposto",$AG47<>"",$AG47>0,ORÇAMENTO.CustoUnitario>$AG47),AND(TIPOORCAMENTO="LICITADO",ORÇAMENTO.PrecoUnitarioLicitado>$AN47)),"ACIMA REF.",""))))) | AD47: =IF(C47<=CRONO.NivelExibicao,MAX($AD$15:OFFSET(AD47,-1,0))+IF($C47<>1,1,MAX(1,COUNTIF(QCI!$A$13:$A$24,OFFSET($E47,-1,0)))),"") | AE47: =IF(AND($C47="S",ORÇAMENTO.CodBarra<>""),IF(ORÇAMENTO.Fonte="",ORÇAMENTO.CodBarra,CONCATENATE(ORÇAMENTO.Fonte," ",ORÇAMENTO.CodBarra))) -> SINAPI 96558 | AF47: =IF(ISERROR(INDIRECT(ORÇAMENTO.BancoRef)),"(abra o arquivo 'Referência "&Excel_BuiltIn_Database&".xlsm)",IF(OR($C47<>"S",ORÇAMENTO.CodBarra=""),"(Sem Código)",IF(ISERROR(MATCH($AE47,INDIRECT(ORÇAMENTO.BancoRef),0)),"(Código não identificado nas referências)",MATCH($AE47,INDIRECT(ORÇAMENTO.BancoRef),0)))) -> (abra o arquivo 'Referência 02-2025.xlsm) | AG47: =ROUND(IF(DESONERACAO="sim",REFERENCIA.Desonerado,REFERENCIA.NaoDesonerado),2) -> 0 | AH47: =ROUND(IF(ISNUMBER(ORÇAMENTO.OpcaoBDI),ORÇAMENTO.OpcaoBDI,IF(LEFT(ORÇAMENTO.OpcaoBDI,3)="BDI",HLOOKUP(ORÇAMENTO.OpcaoBDI,$F$4:$H$5,2,FALSE),0)),15-11*$AF$9) -> 0.2247 | AJ47: 3.38 | AM47: =$X47 -> 0 | AN47: =ROUND(ORÇAMENTO.CustoUnitario*(1+$AH47),2) -> 0
A48: =CHOOSE(1+LOG(1+2*(ORÇAMENTO.Nivel="Meta")+4*(ORÇAMENTO.Nivel="Nível 2")+8*(ORÇAMENTO.Nivel="Nível 3")+16*(ORÇAMENTO.Nivel="Nível 4")+32*(ORÇAMENTO.Nivel="Serviço"),2),0,1,2,3,4,"S") -> 3 | B48: =IF(OR(C48="s",C48=0),OFFSET(B48,-1,0),C48) -> 3 | C48: =IF(OFFSET(C48,-1,0)="L",1,IF(OFFSET(C48,-1,0)=1,2,IF(OR(A48="s",A48=0),"S",IF(AND(OFFSET(C48,-1,0)=2,A48=4),3,IF(AND(OR(OFFSET(C48,-1,0)="s",OFFSET(C48,-1,0)=0),A48<>"s",A48>OFFSET(B48,-1,0)),OFFSET(B48,-1,0),A48))))) -> 3 | D48: =IF(OR(C48="S",C48=0),0,IF(ISERROR(K48),J48,SMALL(J48:K48,1))) -> 11 | E48: =IF($C48=1,OFFSET(E48,-1,0)+MAX(1,COUNTIF(QCI!$A$13:$A$24,OFFSET(ORÇAMENTO!E48,-1,0))),OFFSET(E48,-1,0)) -> 1 | F48: =IF($C48=1,0,IF($C48=2,OFFSET(F48,-1,0)+1,OFFSET(F48,-1,0))) -> 3 | G48: =IF(AND($C48<=2,$C48<>0),0,IF($C48=3,OFFSET(G48,-1,0)+1,OFFSET(G48,-1,0))) -> 3 | H48: =IF(AND($C48<=3,$C48<>0),0,IF($C48=4,OFFSET(H48,-1,0)+1,OFFSET(H48,-1,0))) -> 0 | I48: =IF(AND($C48<=4,$C48<>0),0,IF(AND($C48="S",$X48>0),OFFSET(I48,-1,0)+1,OFFSET(I48,-1,0))) -> 0 | J48: =IF(OR($C48="S",$C48=0),0,MATCH(0,OFFSET($D48,1,$C48,ROW($C$747)-ROW($C48)),0)) -> 11 | K48: =IF(OR($C48="S",$C48=0),0,MATCH(OFFSET($D48,0,$C48)+IF($C48<>1,1,COUNTIF(QCI!$A$13:$A$24,ORÇAMENTO!E48)),OFFSET($D48,1,$C48,ROW($C$747)-ROW($C48)),0)) -> 38 | L48: =IF(OR($X48>0,$C48=1,$C48=2,$C48=3,$C48=4),"F","") -> F | M48: Nível 3 | N48: =CHOOSE(1+LOG(1+2*(C48=1)+4*(C48=2)+8*(C48=3)+16*(C48=4)+32*(C48="S"),2),"","Meta","Nível 2","Nível 3","Nível 4","Serviço") -> Nível 3 | O48: =IF(OR($C48=0,$L48=""),"-",CONCATENATE(E48&".",IF(AND($A$5>=2,$C48>=2),F48&".",""),IF(AND($A$5>=3,$C48>=3),G48&".",""),IF(AND($A$5>=4,$C48>=4),H48&".",""),IF($C48="S",I48&".",""))) -> 1.3.3. | P48: SINAPI | R48: =IF($C48="S",REFERENCIA.Descricao,"CONCRETO ARMADO PARA BLOCOS") -> CONCRETO ARMADO PARA BLOCOS | S48: =REFERENCIA.Unidade -> - | T48: =OFFSET(CÁLCULO!H$15,ROW($T48)-ROW(T$15),0) -> 0 | U48: =AG48 -> 0 | V48: BDI 1 | W48: =IF($C48="S",ROUND(IF(TIPOORCAMENTO="Proposto",ORÇAMENTO.CustoUnitario*(1+$AH48),ORÇAMENTO.PrecoUnitarioLicitado),15-13*$AF$10),0) -> 0 | X48: =IF($C48="S",IF(Import.TipoArredondamento<>"TransfereGOV",VTOTAL1,SUM(OFFSET(CÁLCULO!$AA$15,ROW($X48)-ROW($X$15),1):OFFSET(CÁLCULO!$AL$15,ROW($X48)-ROW($X$15),-1))),IF($C48=0,0,ROUND(SomaAgrup,15-13*$AF$11))) -> 0 | Y48: RA | Z48: =IF(AND($C48="S",$X48>0),IF(ISBLANK($Y48),"RA",LEFT($Y48,2)),"") | AA48: =IF($C48="S",IF($Z48="CP",$X48,IF($Z48="RA",(($X48)*QCI!$AA$3),0)),SomaAgrup) -> 0 | AB48: =IF($C48="S",IF($Z48="OU",ROUND($X48,2),0),SomaAgrup) -> 0 | AC48: =IF($N48="","",IF(ORÇAMENTO.Descricao="","DESCRIÇÃO",IF(AND($C48="S",ORÇAMENTO.Unidade=""),"UNIDADE",IF($X48<0,"VALOR NEGATIVO",IF(OR(AND(TIPOORCAMENTO="Proposto",$AG48<>"",$AG48>0,ORÇAMENTO.CustoUnitario>$AG48),AND(TIPOORCAMENTO="LICITADO",ORÇAMENTO.PrecoUnitarioLicitado>$AN48)),"ACIMA REF.",""))))) | AD48: =IF(C48<=CRONO.NivelExibicao,MAX($AD$15:OFFSET(AD48,-1,0))+IF($C48<>1,1,MAX(1,COUNTIF(QCI!$A$13:$A$24,OFFSET($E48,-1,0)))),"") | AE48: =IF(AND($C48="S",ORÇAMENTO.CodBarra<>""),IF(ORÇAMENTO.Fonte="",ORÇAMENTO.CodBarra,CONCATENATE(ORÇAMENTO.Fonte," ",ORÇAMENTO.CodBarra))) -> FALSE | AF48: =IF(ISERROR(INDIRECT(ORÇAMENTO.BancoRef)),"(abra o arquivo 'Referência "&Excel_BuiltIn_Database&".xlsm)",IF(OR($C48<>"S",ORÇAMENTO.CodBarra=""),"(Sem Código)",IF(ISERROR(MATCH($AE48,INDIRECT(ORÇAMENTO.BancoRef),0)),"(Código não identificado nas referências)",MATCH($AE48,INDIRECT(ORÇAMENTO.BancoRef),0)))) -> (abra o arquivo 'Referência 02-2025.xlsm) | AG48: =ROUND(IF(DESONERACAO="sim",REFERENCIA.Desonerado,REFERENCIA.NaoDesonerado),2) -> 0 | AH48: =ROUND(IF(ISNUMBER(ORÇAMENTO.OpcaoBDI),ORÇAMENTO.OpcaoBDI,IF(LEFT(ORÇAMENTO.OpcaoBDI,3)="BDI",HLOOKUP(ORÇAMENTO.OpcaoBDI,$F$4:$H$5,2,FALSE),0)),15-11*$AF$9) -> 0.2247 | AM48: =$X48 -> 0 | AN48: =ROUND(ORÇAMENTO.CustoUnitario*(1+$AH48),2) -> 0
A49: =CHOOSE(1+LOG(1+2*(ORÇAMENTO.Nivel="Meta")+4*(ORÇAMENTO.Nivel="Nível 2")+8*(ORÇAMENTO.Nivel="Nível 3")+16*(ORÇAMENTO.Nivel="Nível 4")+32*(ORÇAMENTO.Nivel="Serviço"),2),0,1,2,3,4,"S") -> S | B49: =IF(OR(C49="s",C49=0),OFFSET(B49,-1,0),C49) -> 3 | C49: =IF(OFFSET(C49,-1,0)="L",1,IF(OFFSET(C49,-1,0)=1,2,IF(OR(A49="s",A49=0),"S",IF(AND(OFFSET(C49,-1,0)=2,A49=4),3,IF(AND(OR(OFFSET(C49,-1,0)="s",OFFSET(C49,-1,0)=0),A49<>"s",A49>OFFSET(B49,-1,0)),OFFSET(B49,-1,0),A49))))) -> S | D49: =IF(OR(C49="S",C49=0),0,IF(ISERROR(K49),J49,SMALL(J49:K49,1))) -> 0 | E49: =IF($C49=1,OFFSET(E49,-1,0)+MAX(1,COUNTIF(QCI!$A$13:$A$24,OFFSET(ORÇAMENTO!E49,-1,0))),OFFSET(E49,-1,0)) -> 1 | F49: =IF($C49=1,0,IF($C49=2,OFFSET(F49,-1,0)+1,OFFSET(F49,-1,0))) -> 3 | G49: =IF(AND($C49<=2,$C49<>0),0,IF($C49=3,OFFSET(G49,-1,0)+1,OFFSET(G49,-1,0))) -> 3 | H49: =IF(AND($C49<=3,$C49<>0),0,IF($C49=4,OFFSET(H49,-1,0)+1,OFFSET(H49,-1,0))) -> 0 | I49: =IF(AND($C49<=4,$C49<>0),0,IF(AND($C49="S",$X49>0),OFFSET(I49,-1,0)+1,OFFSET(I49,-1,0))) -> 0 | J49: =IF(OR($C49="S",$C49=0),0,MATCH(0,OFFSET($D49,1,$C49,ROW($C$747)-ROW($C49)),0)) -> 0 | K49: =IF(OR($C49="S",$C49=0),0,MATCH(OFFSET($D49,0,$C49)+IF($C49<>1,1,COUNTIF(QCI!$A$13:$A$24,ORÇAMENTO!E49)),OFFSET($D49,1,$C49,ROW($C$747)-ROW($C49)),0)) -> 0 | L49: =IF(OR($X49>0,$C49=1,$C49=2,$C49=3,$C49=4),"F","") | M49: Serviço | N49: =CHOOSE(1+LOG(1+2*(C49=1)+4*(C49=2)+8*(C49=3)+16*(C49=4)+32*(C49="S"),2),"","Meta","Nível 2","Nível 3","Nível 4","Serviço") -> Serviço | O49: =IF(OR($C49=0,$L49=""),"-",CONCATENATE(E49&".",IF(AND($A$5>=2,$C49>=2),F49&".",""),IF(AND($A$5>=3,$C49>=3),G49&".",""),IF(AND($A$5>=4,$C49>=4),H49&".",""),IF($C49="S",I49&".",""))) -> - | P49: SINAPI | Q49: 96621 | R49: =IF($C49="S",REFERENCIA.Descricao,"(digite a descrição aqui)") -> (abra o arquivo 'Referência 02-2025.xlsm) | S49: =REFERENCIA.Unidade -> - | T49: =OFFSET(CÁLCULO!H$15,ROW($T49)-ROW(T$15),0) -> 20.24 | U49: =AG49 -> 0 | V49: BDI 1 | W49: =IF($C49="S",ROUND(IF(TIPOORCAMENTO="Proposto",ORÇAMENTO.CustoUnitario*(1+$AH49),ORÇAMENTO.PrecoUnitarioLicitado),15-13*$AF$10),0) -> 0 | X49: =IF($C49="S",IF(Import.TipoArredondamento<>"TransfereGOV",VTOTAL1,SUM(OFFSET(CÁLCULO!$AA$15,ROW($X49)-ROW($X$15),1):OFFSET(CÁLCULO!$AL$15,ROW($X49)-ROW($X$15),-1))),IF($C49=0,0,ROUND(SomaAgrup,15-13*$AF$11))) -> 0 | Y49: RA | Z49: =IF(AND($C49="S",$X49>0),IF(ISBLANK($Y49),"RA",LEFT($Y49,2)),"") | AA49: =IF($C49="S",IF($Z49="CP",$X49,IF($Z49="RA",(($X49)*QCI!$AA$3),0)),SomaAgrup) -> 0 | AB49: =IF($C49="S",IF($Z49="OU",ROUND($X49,2),0),SomaAgrup) -> 0 | AC49: =IF($N49="","",IF(ORÇAMENTO.Descricao="","DESCRIÇÃO",IF(AND($C49="S",ORÇAMENTO.Unidade=""),"UNIDADE",IF($X49<0,"VALOR NEGATIVO",IF(OR(AND(TIPOORCAMENTO="Proposto",$AG49<>"",$AG49>0,ORÇAMENTO.CustoUnitario>$AG49),AND(TIPOORCAMENTO="LICITADO",ORÇAMENTO.PrecoUnitarioLicitado>$AN49)),"ACIMA REF.",""))))) | AD49: =IF(C49<=CRONO.NivelExibicao,MAX($AD$15:OFFSET(AD49,-1,0))+IF($C49<>1,1,MAX(1,COUNTIF(QCI!$A$13:$A$24,OFFSET($E49,-1,0)))),"") | AE49: =IF(AND($C49="S",ORÇAMENTO.CodBarra<>""),IF(ORÇAMENTO.Fonte="",ORÇAMENTO.CodBarra,CONCATENATE(ORÇAMENTO.Fonte," ",ORÇAMENTO.CodBarra))) -> SINAPI 96621 | AF49: =IF(ISERROR(INDIRECT(ORÇAMENTO.BancoRef)),"(abra o arquivo 'Referência "&Excel_BuiltIn_Database&".xlsm)",IF(OR($C49<>"S",ORÇAMENTO.CodBarra=""),"(Sem Código)",IF(ISERROR(MATCH($AE49,INDIRECT(ORÇAMENTO.BancoRef),0)),"(Código não identificado nas referências)",MATCH($AE49,INDIRECT(ORÇAMENTO.BancoRef),0)))) -> (abra o arquivo 'Referência 02-2025.xlsm) | AG49: =ROUND(IF(DESONERACAO="sim",REFERENCIA.Desonerado,REFERENCIA.NaoDesonerado),2) -> 0 | AH49: =ROUND(IF(ISNUMBER(ORÇAMENTO.OpcaoBDI),ORÇAMENTO.OpcaoBDI,IF(LEFT(ORÇAMENTO.OpcaoBDI,3)="BDI",HLOOKUP(ORÇAMENTO.OpcaoBDI,$F$4:$H$5,2,FALSE),0)),15-11*$AF$9) -> 0.2247 | AJ49: 20.24 | AM49: =$X49 -> 0 | AN49: =ROUND(ORÇAMENTO.CustoUnitario*(1+$AH49),2) -> 0
A50: =CHOOSE(1+LOG(1+2*(ORÇAMENTO.Nivel="Meta")+4*(ORÇAMENTO.Nivel="Nível 2")+8*(ORÇAMENTO.Nivel="Nível 3")+16*(ORÇAMENTO.Nivel="Nível 4")+32*(ORÇAMENTO.Nivel="Serviço"),2),0,1,2,3,4,"S") -> S | B50: =IF(OR(C50="s",C50=0),OFFSET(B50,-1,0),C50) -> 3 | C50: =IF(OFFSET(C50,-1,0)="L",1,IF(OFFSET(C50,-1,0)=1,2,IF(OR(A50="s",A50=0),"S",IF(AND(OFFSET(C50,-1,0)=2,A50=4),3,IF(AND(OR(OFFSET(C50,-1,0)="s",OFFSET(C50,-1,0)=0),A50<>"s",A50>OFFSET(B50,-1,0)),OFFSET(B50,-1,0),A50))))) -> S | D50: =IF(OR(C50="S",C50=0),0,IF(ISERROR(K50),J50,SMALL(J50:K50,1))) -> 0 | E50: =IF($C50=1,OFFSET(E50,-1,0)+MAX(1,COUNTIF(QCI!$A$13:$A$24,OFFSET(ORÇAMENTO!E50,-1,0))),OFFSET(E50,-1,0)) -> 1 | F50: =IF($C50=1,0,IF($C50=2,OFFSET(F50,-1,0)+1,OFFSET(F50,-1,0))) -> 3 | G50: =IF(AND($C50<=2,$C50<>0),0,IF($C50=3,OFFSET(G50,-1,0)+1,OFFSET(G50,-1,0))) -> 3 | H50: =IF(AND($C50<=3,$C50<>0),0,IF($C50=4,OFFSET(H50,-1,0)+1,OFFSET(H50,-1,0))) -> 0 | I50: =IF(AND($C50<=4,$C50<>0),0,IF(AND($C50="S",$X50>0),OFFSET(I50,-1,0)+1,OFFSET(I50,-1,0))) -> 0 | J50: =IF(OR($C50="S",$C50=0),0,MATCH(0,OFFSET($D50,1,$C50,ROW($C$747)-ROW($C50)),0)) -> 0 | K50: =IF(OR($C50="S",$C50=0),0,MATCH(OFFSET($D50,0,$C50)+IF($C50<>1,1,COUNTIF(QCI!$A$13:$A$24,ORÇAMENTO!E50)),OFFSET($D50,1,$C50,ROW($C$747)-ROW($C50)),0)) -> 0 | L50: =IF(OR($X50>0,$C50=1,$C50=2,$C50=3,$C50=4),"F","") | M50: Serviço | N50: =CHOOSE(1+LOG(1+2*(C50=1)+4*(C50=2)+8*(C50=3)+16*(C50=4)+32*(C50="S"),2),"","Meta","Nível 2","Nível 3","Nível 4","Serviço") -> Serviço | O50: =IF(OR($C50=0,$L50=""),"-",CONCATENATE(E50&".",IF(AND($A$5>=2,$C50>=2),F50&".",""),IF(AND($A$5>=3,$C50>=3),G50&".",""),IF(AND($A$5>=4,$C50>=4),H50&".",""),IF($C50="S",I50&".",""))) -> - | P50: SINAPI | Q50: 96619 | R50: =IF($C50="S",REFERENCIA.Descricao,"(digite a descrição aqui)") -> (abra o arquivo 'Referência 02-2025.xlsm) | S50: =REFERENCIA.Unidade -> - | T50: =OFFSET(CÁLCULO!H$15,ROW($T50)-ROW(T$15),0) -> 404.84 | U50: =AG50 -> 0 | V50: BDI 1 | W50: =IF($C50="S",ROUND(IF(TIPOORCAMENTO="Proposto",ORÇAMENTO.CustoUnitario*(1+$AH50),ORÇAMENTO.PrecoUnitarioLicitado),15-13*$AF$10),0) -> 0 | X50: =IF($C50="S",IF(Import.TipoArredondamento<>"TransfereGOV",VTOTAL1,SUM(OFFSET(CÁLCULO!$AA$15,ROW($X50)-ROW($X$15),1):OFFSET(CÁLCULO!$AL$15,ROW($X50)-ROW($X$15),-1))),IF($C50=0,0,ROUND(SomaAgrup,15-13*$AF$11))) -> 0 | Y50: RA | Z50: =IF(AND($C50="S",$X50>0),IF(ISBLANK($Y50),"RA",LEFT($Y50,2)),"") | AA50: =IF($C50="S",IF($Z50="CP",$X50,IF($Z50="RA",(($X50)*QCI!$AA$3),0)),SomaAgrup) -> 0 | AB50: =IF($C50="S",IF($Z50="OU",ROUND($X50,2),0),SomaAgrup) -> 0 | AC50: =IF($N50="","",IF(ORÇAMENTO.Descricao="","DESCRIÇÃO",IF(AND($C50="S",ORÇAMENTO.Unidade=""),"UNIDADE",IF($X50<0,"VALOR NEGATIVO",IF(OR(AND(TIPOORCAMENTO="Proposto",$AG50<>"",$AG50>0,ORÇAMENTO.CustoUnitario>$AG50),AND(TIPOORCAMENTO="LICITADO",ORÇAMENTO.PrecoUnitarioLicitado>$AN50)),"ACIMA REF.",""))))) | AD50: =IF(C50<=CRONO.NivelExibicao,MAX($AD$15:OFFSET(AD50,-1,0))+IF($C50<>1,1,MAX(1,COUNTIF(QCI!$A$13:$A$24,OFFSET($E50,-1,0)))),"") | AE50: =IF(AND($C50="S",ORÇAMENTO.CodBarra<>""),IF(ORÇAMENTO.Fonte="",ORÇAMENTO.CodBarra,CONCATENATE(ORÇAMENTO.Fonte," ",ORÇAMENTO.CodBarra))) -> SINAPI 96619 | AF50: =IF(ISERROR(INDIRECT(ORÇAMENTO.BancoRef)),"(abra o arquivo 'Referência "&Excel_BuiltIn_Database&".xlsm)",IF(OR($C50<>"S",ORÇAMENTO.CodBarra=""),"(Sem Código)",IF(ISERROR(MATCH($AE50,INDIRECT(ORÇAMENTO.BancoRef),0)),"(Código não identificado nas referências)",MATCH($AE50,INDIRECT(ORÇAMENTO.BancoRef),0)))) -> (abra o arquivo 'Referência 02-2025.xlsm) | AG50: =ROUND(IF(DESONERACAO="sim",REFERENCIA.Desonerado,REFERENCIA.NaoDesonerado),2) -> 0 | AH50: =ROUND(IF(ISNUMBER(ORÇAMENTO.OpcaoBDI),ORÇAMENTO.OpcaoBDI,IF(LEFT(ORÇAMENTO.OpcaoBDI,3)="BDI",HLOOKUP(ORÇAMENTO.OpcaoBDI,$F$4:$H$5,2,FALSE),0)),15-11*$AF$9) -> 0.2247 | AJ50: 404.84 | AM50: =$X50 -> 0 | AN50: =ROUND(ORÇAMENTO.CustoUnitario*(1+$AH50),2) -> 0
A51: =CHOOSE(1+LOG(1+2*(ORÇAMENTO.Nivel="Meta")+4*(ORÇAMENTO.Nivel="Nível 2")+8*(ORÇAMENTO.Nivel="Nível 3")+16*(ORÇAMENTO.Nivel="Nível 4")+32*(ORÇAMENTO.Nivel="Serviço"),2),0,1,2,3,4,"S") -> S | B51: =IF(OR(C51="s",C51=0),OFFSET(B51,-1,0),C51) -> 3 | C51: =IF(OFFSET(C51,-1,0)="L",1,IF(OFFSET(C51,-1,0)=1,2,IF(OR(A51="s",A51=0),"S",IF(AND(OFFSET(C51,-1,0)=2,A51=4),3,IF(AND(OR(OFFSET(C51,-1,0)="s",OFFSET(C51,-1,0)=0),A51<>"s",A51>OFFSET(B51,-1,0)),OFFSET(B51,-1,0),A51))))) -> S | D51: =IF(OR(C51="S",C51=0),0,IF(ISERROR(K51),J51,SMALL(J51:K51,1))) -> 0 | E51: =IF($C51=1,OFFSET(E51,-1,0)+MAX(1,COUNTIF(QCI!$A$13:$A$24,OFFSET(ORÇAMENTO!E51,-1,0))),OFFSET(E51,-1,0)) -> 1 | F51: =IF($C51=1,0,IF($C51=2,OFFSET(F51,-1,0)+1,OFFSET(F51,-1,0))) -> 3 | G51: =IF(AND($C51<=2,$C51<>0),0,IF($C51=3,OFFSET(G51,-1,0)+1,OFFSET(G51,-1,0))) -> 3 | H51: =IF(AND($C51<=3,$C51<>0),0,IF($C51=4,OFFSET(H51,-1,0)+1,OFFSET(H51,-1,0))) -> 0 | I51: =IF(AND($C51<=4,$C51<>0),0,IF(AND($C51="S",$X51>0),OFFSET(I51,-1,0)+1,OFFSET(I51,-1,0))) -> 0 | J51: =IF(OR($C51="S",$C51=0),0,MATCH(0,OFFSET($D51,1,$C51,ROW($C$747)-ROW($C51)),0)) -> 0 | K51: =IF(OR($C51="S",$C51=0),0,MATCH(OFFSET($D51,0,$C51)+IF($C51<>1,1,COUNTIF(QCI!$A$13:$A$24,ORÇAMENTO!E51)),OFFSET($D51,1,$C51,ROW($C$747)-ROW($C51)),0)) -> 0 | L51: =IF(OR($X51>0,$C51=1,$C51=2,$C51=3,$C51=4),"F","") | M51: Serviço | N51: =CHOOSE(1+LOG(1+2*(C51=1)+4*(C51=2)+8*(C51=3)+16*(C51=4)+32*(C51="S"),2),"","Meta","Nível 2","Nível 3","Nível 4","Serviço") -> Serviço | O51: =IF(OR($C51=0,$L51=""),"-",CONCATENATE(E51&".",IF(AND($A$5>=2,$C51>=2),F51&".",""),IF(AND($A$5>=3,$C51>=3),G51&".",""),IF(AND($A$5>=4,$C51>=4),H51&".",""),IF($C51="S",I51&".",""))) -> - | P51: SINAPI | Q51: 96534 | R51: =IF($C51="S",REFERENCIA.Descricao,"(digite a descrição aqui)") -> (abra o arquivo 'Referência 02-2025.xlsm) | S51: =REFERENCIA.Unidade -> - | T51: =OFFSET(CÁLCULO!H$15,ROW($T51)-ROW(T$15),0) -> 311.32 | U51: =AG51 -> 0 | V51: BDI 1 | W51: =IF($C51="S",ROUND(IF(TIPOORCAMENTO="Proposto",ORÇAMENTO.CustoUnitario*(1+$AH51),ORÇAMENTO.PrecoUnitarioLicitado),15-13*$AF$10),0) -> 0 | X51: =IF($C51="S",IF(Import.TipoArredondamento<>"TransfereGOV",VTOTAL1,SUM(OFFSET(CÁLCULO!$AA$15,ROW($X51)-ROW($X$15),1):OFFSET(CÁLCULO!$AL$15,ROW($X51)-ROW($X$15),-1))),IF($C51=0,0,ROUND(SomaAgrup,15-13*$AF$11))) -> 0 | Y51: RA | Z51: =IF(AND($C51="S",$X51>0),IF(ISBLANK($Y51),"RA",LEFT($Y51,2)),"") | AA51: =IF($C51="S",IF($Z51="CP",$X51,IF($Z51="RA",(($X51)*QCI!$AA$3),0)),SomaAgrup) -> 0 | AB51: =IF($C51="S",IF($Z51="OU",ROUND($X51,2),0),SomaAgrup) -> 0 | AC51: =IF($N51="","",IF(ORÇAMENTO.Descricao="","DESCRIÇÃO",IF(AND($C51="S",ORÇAMENTO.Unidade=""),"UNIDADE",IF($X51<0,"VALOR NEGATIVO",IF(OR(AND(TIPOORCAMENTO="Proposto",$AG51<>"",$AG51>0,ORÇAMENTO.CustoUnitario>$AG51),AND(TIPOORCAMENTO="LICITADO",ORÇAMENTO.PrecoUnitarioLicitado>$AN51)),"ACIMA REF.",""))))) | AD51: =IF(C51<=CRONO.NivelExibicao,MAX($AD$15:OFFSET(AD51,-1,0))+IF($C51<>1,1,MAX(1,COUNTIF(QCI!$A$13:$A$24,OFFSET($E51,-1,0)))),"") | AE51: =IF(AND($C51="S",ORÇAMENTO.CodBarra<>""),IF(ORÇAMENTO.Fonte="",ORÇAMENTO.CodBarra,CONCATENATE(ORÇAMENTO.Fonte," ",ORÇAMENTO.CodBarra))) -> SINAPI 96534 | AF51: =IF(ISERROR(INDIRECT(ORÇAMENTO.BancoRef)),"(abra o arquivo 'Referência "&Excel_BuiltIn_Database&".xlsm)",IF(OR($C51<>"S",ORÇAMENTO.CodBarra=""),"(Sem Código)",IF(ISERROR(MATCH($AE51,INDIRECT(ORÇAMENTO.BancoRef),0)),"(Código não identificado nas referências)",MATCH($AE51,INDIRECT(ORÇAMENTO.BancoRef),0)))) -> (abra o arquivo 'Referência 02-2025.xlsm) | AG51: =ROUND(IF(DESONERACAO="sim",REFERENCIA.Desonerado,REFERENCIA.NaoDesonerado),2) -> 0 | AH51: =ROUND(IF(ISNUMBER(ORÇAMENTO.OpcaoBDI),ORÇAMENTO.OpcaoBDI,IF(LEFT(ORÇAMENTO.OpcaoBDI,3)="BDI",HLOOKUP(ORÇAMENTO.OpcaoBDI,$F$4:$H$5,2,FALSE),0)),15-11*$AF$9) -> 0.2247 | AJ51: 311.322 | AM51: =$X51 -> 0 | AN51: =ROUND(ORÇAMENTO.CustoUnitario*(1+$AH51),2) -> 0
A52: =CHOOSE(1+LOG(1+2*(ORÇAMENTO.Nivel="Meta")+4*(ORÇAMENTO.Nivel="Nível 2")+8*(ORÇAMENTO.Nivel="Nível 3")+16*(ORÇAMENTO.Nivel="Nível 4")+32*(ORÇAMENTO.Nivel="Serviço"),2),0,1,2,3,4,"S") -> S | B52: =IF(OR(C52="s",C52=0),OFFSET(B52,-1,0),C52) -> 3 | C52: =IF(OFFSET(C52,-1,0)="L",1,IF(OFFSET(C52,-1,0)=1,2,IF(OR(A52="s",A52=0),"S",IF(AND(OFFSET(C52,-1,0)=2,A52=4),3,IF(AND(OR(OFFSET(C52,-1,0)="s",OFFSET(C52,-1,0)=0),A52<>"s",A52>OFFSET(B52,-1,0)),OFFSET(B52,-1,0),A52))))) -> S | D52: =IF(OR(C52="S",C52=0),0,IF(ISERROR(K52),J52,SMALL(J52:K52,1))) -> 0 | E52: =IF($C52=1,OFFSET(E52,-1,0)+MAX(1,COUNTIF(QCI!$A$13:$A$24,OFFSET(ORÇAMENTO!E52,-1,0))),OFFSET(E52,-1,0)) -> 1 | F52: =IF($C52=1,0,IF($C52=2,OFFSET(F52,-1,0)+1,OFFSET(F52,-1,0))) -> 3 | G52: =IF(AND($C52<=2,$C52<>0),0,IF($C52=3,OFFSET(G52,-1,0)+1,OFFSET(G52,-1,0))) -> 3 | H52: =IF(AND($C52<=3,$C52<>0),0,IF($C52=4,OFFSET(H52,-1,0)+1,OFFSET(H52,-1,0))) -> 0 | I52: =IF(AND($C52<=4,$C52<>0),0,IF(AND($C52="S",$X52>0),OFFSET(I52,-1,0)+1,OFFSET(I52,-1,0))) -> 0 | J52: =IF(OR($C52="S",$C52=0),0,MATCH(0,OFFSET($D52,1,$C52,ROW($C$747)-ROW($C52)),0)) -> 0 | K52: =IF(OR($C52="S",$C52=0),0,MATCH(OFFSET($D52,0,$C52)+IF($C52<>1,1,COUNTIF(QCI!$A$13:$A$24,ORÇAMENTO!E52)),OFFSET($D52,1,$C52,ROW($C$747)-ROW($C52)),0)) -> 0 | L52: =IF(OR($X52>0,$C52=1,$C52=2,$C52=3,$C52=4),"F","") | M52: Serviço | N52: =CHOOSE(1+LOG(1+2*(C52=1)+4*(C52=2)+8*(C52=3)+16*(C52=4)+32*(C52="S"),2),"","Meta","Nível 2","Nível 3","Nível 4","Serviço") -> Serviço | O52: =IF(OR($C52=0,$L52=""),"-",CONCATENATE(E52&".",IF(AND($A$5>=2,$C52>=2),F52&".",""),IF(AND($A$5>=3,$C52>=3),G52&".",""),IF(AND($A$5>=4,$C52>=4),H52&".",""),IF($C52="S",I52&".",""))) -> - | P52: SINAPI | Q52: 96544 | R52: =IF($C52="S",REFERENCIA.Descricao,"(digite a descrição aqui)") -> (abra o arquivo 'Referência 02-2025.xlsm) | S52: =REFERENCIA.Unidade -> - | T52: =OFFSET(CÁLCULO!H$15,ROW($T52)-ROW(T$15),0) -> 394.89 | U52: =AG52 -> 0 | V52: BDI 1 | W52: =IF($C52="S",ROUND(IF(TIPOORCAMENTO="Proposto",ORÇAMENTO.CustoUnitario*(1+$AH52),ORÇAMENTO.PrecoUnitarioLicitado),15-13*$AF$10),0) -> 0 | X52: =IF($C52="S",IF(Import.TipoArredondamento<>"TransfereGOV",VTOTAL1,SUM(OFFSET(CÁLCULO!$AA$15,ROW($X52)-ROW($X$15),1):OFFSET(CÁLCULO!$AL$15,ROW($X52)-ROW($X$15),-1))),IF($C52=0,0,ROUND(SomaAgrup,15-13*$AF$11))) -> 0 | Y52: RA | Z52: =IF(AND($C52="S",$X52>0),IF(ISBLANK($Y52),"RA",LEFT($Y52,2)),"") | AA52: =IF($C52="S",IF($Z52="CP",$X52,IF($Z52="RA",(($X52)*QCI!$AA$3),0)),SomaAgrup) -> 0 | AB52: =IF($C52="S",IF($Z52="OU",ROUND($X52,2),0),SomaAgrup) -> 0 | AC52: =IF($N52="","",IF(ORÇAMENTO.Descricao="","DESCRIÇÃO",IF(AND($C52="S",ORÇAMENTO.Unidade=""),"UNIDADE",IF($X52<0,"VALOR NEGATIVO",IF(OR(AND(TIPOORCAMENTO="Proposto",$AG52<>"",$AG52>0,ORÇAMENTO.CustoUnitario>$AG52),AND(TIPOORCAMENTO="LICITADO",ORÇAMENTO.PrecoUnitarioLicitado>$AN52)),"ACIMA REF.",""))))) | AD52: =IF(C52<=CRONO.NivelExibicao,MAX($AD$15:OFFSET(AD52,-1,0))+IF($C52<>1,1,MAX(1,COUNTIF(QCI!$A$13:$A$24,OFFSET($E52,-1,0)))),"") | AE52: =IF(AND($C52="S",ORÇAMENTO.CodBarra<>""),IF(ORÇAMENTO.Fonte="",ORÇAMENTO.CodBarra,CONCATENATE(ORÇAMENTO.Fonte," ",ORÇAMENTO.CodBarra))) -> SINAPI 96544 | AF52: =IF(ISERROR(INDIRECT(ORÇAMENTO.BancoRef)),"(abra o arquivo 'Referência "&Excel_BuiltIn_Database&".xlsm)",IF(OR($C52<>"S",ORÇAMENTO.CodBarra=""),"(Sem Código)",IF(ISERROR(MATCH($AE52,INDIRECT(ORÇAMENTO.BancoRef),0)),"(Código não identificado nas referências)",MATCH($AE52,INDIRECT(ORÇAMENTO.BancoRef),0)))) -> (abra o arquivo 'Referência 02-2025.xlsm) | AG52: =ROUND(IF(DESONERACAO="sim",REFERENCIA.Desonerado,REFERENCIA.NaoDesonerado),2) -> 0 | AH52: =ROUND(IF(ISNUMBER(ORÇAMENTO.OpcaoBDI),ORÇAMENTO.OpcaoBDI,IF(LEFT(ORÇAMENTO.OpcaoBDI,3)="BDI",HLOOKUP(ORÇAMENTO.OpcaoBDI,$F$4:$H$5,2,FALSE),0)),15-11*$AF$9) -> 0.2247 | AJ52: 394.89 | AM52: =$X52 -> 0 | AN52: =ROUND(ORÇAMENTO.CustoUnitario*(1+$AH52),2) -> 0
A53: =CHOOSE(1+LOG(1+2*(ORÇAMENTO.Nivel="Meta")+4*(ORÇAMENTO.Nivel="Nível 2")+8*(ORÇAMENTO.Nivel="Nível 3")+16*(ORÇAMENTO.Nivel="Nível 4")+32*(ORÇAMENTO.Nivel="Serviço"),2),0,1,2,3,4,"S") -> S | B53: =IF(OR(C53="s",C53=0),OFFSET(B53,-1,0),C53) -> 3 | C53: =IF(OFFSET(C53,-1,0)="L",1,IF(OFFSET(C53,-1,0)=1,2,IF(OR(A53="s",A53=0),"S",IF(AND(OFFSET(C53,-1,0)=2,A53=4),3,IF(AND(OR(OFFSET(C53,-1,0)="s",OFFSET(C53,-1,0)=0),A53<>"s",A53>OFFSET(B53,-1,0)),OFFSET(B53,-1,0),A53))))) -> S | D53: =IF(OR(C53="S",C53=0),0,IF(ISERROR(K53),J53,SMALL(J53:K53,1))) -> 0 | E53: =IF($C53=1,OFFSET(E53,-1,0)+MAX(1,COUNTIF(QCI!$A$13:$A$24,OFFSET(ORÇAMENTO!E53,-1,0))),OFFSET(E53,-1,0)) -> 1 | F53: =IF($C53=1,0,IF($C53=2,OFFSET(F53,-1,0)+1,OFFSET(F53,-1,0))) -> 3 | G53: =IF(AND($C53<=2,$C53<>0),0,IF($C53=3,OFFSET(G53,-1,0)+1,OFFSET(G53,-1,0))) -> 3 | H53: =IF(AND($C53<=3,$C53<>0),0,IF($C53=4,OFFSET(H53,-1,0)+1,OFFSET(H53,-1,0))) -> 0 | I53: =IF(AND($C53<=4,$C53<>0),0,IF(AND($C53="S",$X53>0),OFFSET(I53,-1,0)+1,OFFSET(I53,-1,0))) -> 0 | J53: =IF(OR($C53="S",$C53=0),0,MATCH(0,OFFSET($D53,1,$C53,ROW($C$747)-ROW($C53)),0)) -> 0 | K53: =IF(OR($C53="S",$C53=0),0,MATCH(OFFSET($D53,0,$C53)+IF($C53<>1,1,COUNTIF(QCI!$A$13:$A$24,ORÇAMENTO!E53)),OFFSET($D53,1,$C53,ROW($C$747)-ROW($C53)),0)) -> 0 | L53: =IF(OR($X53>0,$C53=1,$C53=2,$C53=3,$C53=4),"F","") | M53: Serviço | N53: =CHOOSE(1+LOG(1+2*(C53=1)+4*(C53=2)+8*(C53=3)+16*(C53=4)+32*(C53="S"),2),"","Meta","Nível 2","Nível 3","Nível 4","Serviço") -> Serviço | O53: =IF(OR($C53=0,$L53=""),"-",CONCATENATE(E53&".",IF(AND($A$5>=2,$C53>=2),F53&".",""),IF(AND($A$5>=3,$C53>=3),G53&".",""),IF(AND($A$5>=4,$C53>=4),H53&".",""),IF($C53="S",I53&".",""))) -> - | P53: SINAPI | Q53: 96545 | R53: =IF($C53="S",REFERENCIA.Descricao,"(digite a descrição aqui)") -> (abra o arquivo 'Referência 02-2025.xlsm) | S53: =REFERENCIA.Unidade -> - | T53: =OFFSET(CÁLCULO!H$15,ROW($T53)-ROW(T$15),0) -> 125.91 | U53: =AG53 -> 0 | V53: BDI 1 | W53: =IF($C53="S",ROUND(IF(TIPOORCAMENTO="Proposto",ORÇAMENTO.CustoUnitario*(1+$AH53),ORÇAMENTO.PrecoUnitarioLicitado),15-13*$AF$10),0) -> 0 | X53: =IF($C53="S",IF(Import.TipoArredondamento<>"TransfereGOV",VTOTAL1,SUM(OFFSET(CÁLCULO!$AA$15,ROW($X53)-ROW($X$15),1):OFFSET(CÁLCULO!$AL$15,ROW($X53)-ROW($X$15),-1))),IF($C53=0,0,ROUND(SomaAgrup,15-13*$AF$11))) -> 0 | Y53: RA | Z53: =IF(AND($C53="S",$X53>0),IF(ISBLANK($Y53),"RA",LEFT($Y53,2)),"") | AA53: =IF($C53="S",IF($Z53="CP",$X53,IF($Z53="RA",(($X53)*QCI!$AA$3),0)),SomaAgrup) -> 0 | AB53: =IF($C53="S",IF($Z53="OU",ROUND($X53,2),0),SomaAgrup) -> 0 | AC53: =IF($N53="","",IF(ORÇAMENTO.Descricao="","DESCRIÇÃO",IF(AND($C53="S",ORÇAMENTO.Unidade=""),"UNIDADE",IF($X53<0,"VALOR NEGATIVO",IF(OR(AND(TIPOORCAMENTO="Proposto",$AG53<>"",$AG53>0,ORÇAMENTO.CustoUnitario>$AG53),AND(TIPOORCAMENTO="LICITADO",ORÇAMENTO.PrecoUnitarioLicitado>$AN53)),"ACIMA REF.",""))))) | AD53: =IF(C53<=CRONO.NivelExibicao,MAX($AD$15:OFFSET(AD53,-1,0))+IF($C53<>1,1,MAX(1,COUNTIF(QCI!$A$13:$A$24,OFFSET($E53,-1,0)))),"") | AE53: =IF(AND($C53="S",ORÇAMENTO.CodBarra<>""),IF(ORÇAMENTO.Fonte="",ORÇAMENTO.CodBarra,CONCATENATE(ORÇAMENTO.Fonte," ",ORÇAMENTO.CodBarra))) -> SINAPI 96545 | AF53: =IF(ISERROR(INDIRECT(ORÇAMENTO.BancoRef)),"(abra o arquivo 'Referência "&Excel_BuiltIn_Database&".xlsm)",IF(OR($C53<>"S",ORÇAMENTO.CodBarra=""),"(Sem Código)",IF(ISERROR(MATCH($AE53,INDIRECT(ORÇAMENTO.BancoRef),0)),"(Código não identificado nas referências)",MATCH($AE53,INDIRECT(ORÇAMENTO.BancoRef),0)))) -> (abra o arquivo 'Referência 02-2025.xlsm) | AG53: =ROUND(IF(DESONERACAO="sim",REFERENCIA.Desonerado,REFERENCIA.NaoDesonerado),2) -> 0 | AH53: =ROUND(IF(ISNUMBER(ORÇAMENTO.OpcaoBDI),ORÇAMENTO.OpcaoBDI,IF(LEFT(ORÇAMENTO.OpcaoBDI,3)="BDI",HLOOKUP(ORÇAMENTO.OpcaoBDI,$F$4:$H$5,2,FALSE),0)),15-11*$AF$9) -> 0.2247 | AJ53: 125.91 | AM53: =$X53 -> 0 | AN53: =ROUND(ORÇAMENTO.CustoUnitario*(1+$AH53),2) -> 0
A54: =CHOOSE(1+LOG(1+2*(ORÇAMENTO.Nivel="Meta")+4*(ORÇAMENTO.Nivel="Nível 2")+8*(ORÇAMENTO.Nivel="Nível 3")+16*(ORÇAMENTO.Nivel="Nível 4")+32*(ORÇAMENTO.Nivel="Serviço"),2),0,1,2,3,4,"S") -> S | B54: =IF(OR(C54="s",C54=0),OFFSET(B54,-1,0),C54) -> 3 | C54: =IF(OFFSET(C54,-1,0)="L",1,IF(OFFSET(C54,-1,0)=1,2,IF(OR(A54="s",A54=0),"S",IF(AND(OFFSET(C54,-1,0)=2,A54=4),3,IF(AND(OR(OFFSET(C54,-1,0)="s",OFFSET(C54,-1,0)=0),A54<>"s",A54>OFFSET(B54,-1,0)),OFFSET(B54,-1,0),A54))))) -> S | D54: =IF(OR(C54="S",C54=0),0,IF(ISERROR(K54),J54,SMALL(J54:K54,1))) -> 0 | E54: =IF($C54=1,OFFSET(E54,-1,0)+MAX(1,COUNTIF(QCI!$A$13:$A$24,OFFSET(ORÇAMENTO!E54,-1,0))),OFFSET(E54,-1,0)) -> 1 | F54: =IF($C54=1,0,IF($C54=2,OFFSET(F54,-1,0)+1,OFFSET(F54,-1,0))) -> 3 | G54: =IF(AND($C54<=2,$C54<>0),0,IF($C54=3,OFFSET(G54,-1,0)+1,OFFSET(G54,-1,0))) -> 3 | H54: =IF(AND($C54<=3,$C54<>0),0,IF($C54=4,OFFSET(H54,-1,0)+1,OFFSET(H54,-1,0))) -> 0 | I54: =IF(AND($C54<=4,$C54<>0),0,IF(AND($C54="S",$X54>0),OFFSET(I54,-1,0)+1,OFFSET(I54,-1,0))) -> 0 | J54: =IF(OR($C54="S",$C54=0),0,MATCH(0,OFFSET($D54,1,$C54,ROW($C$747)-ROW($C54)),0)) -> 0 | K54: =IF(OR($C54="S",$C54=0),0,MATCH(OFFSET($D54,0,$C54)+IF($C54<>1,1,COUNTIF(QCI!$A$13:$A$24,ORÇAMENTO!E54)),OFFSET($D54,1,$C54,ROW($C$747)-ROW($C54)),0)) -> 0 | L54: =IF(OR($X54>0,$C54=1,$C54=2,$C54=3,$C54=4),"F","") | M54: Serviço | N54: =CHOOSE(1+LOG(1+2*(C54=1)+4*(C54=2)+8*(C54=3)+16*(C54=4)+32*(C54="S"),2),"","Meta","Nível 2","Nível 3","Nível 4","Serviço") -> Serviço | O54: =IF(OR($C54=0,$L54=""),"-",CONCATENATE(E54&".",IF(AND($A$5>=2,$C54>=2),F54&".",""),IF(AND($A$5>=3,$C54>=3),G54&".",""),IF(AND($A$5>=4,$C54>=4),H54&".",""),IF($C54="S",I54&".",""))) -> - | P54: SINAPI | Q54: 96546 | R54: =IF($C54="S",REFERENCIA.Descricao,"(digite a descrição aqui)") -> (abra o arquivo 'Referência 02-2025.xlsm) | S54: =REFERENCIA.Unidade -> - | T54: =OFFSET(CÁLCULO!H$15,ROW($T54)-ROW(T$15),0) -> 608.95 | U54: =AG54 -> 0 | V54: BDI 1 | W54: =IF($C54="S",ROUND(IF(TIPOORCAMENTO="Proposto",ORÇAMENTO.CustoUnitario*(1+$AH54),ORÇAMENTO.PrecoUnitarioLicitado),15-13*$AF$10),0) -> 0 | X54: =IF($C54="S",IF(Import.TipoArredondamento<>"TransfereGOV",VTOTAL1,SUM(OFFSET(CÁLCULO!$AA$15,ROW($X54)-ROW($X$15),1):OFFSET(CÁLCULO!$AL$15,ROW($X54)-ROW($X$15),-1))),IF($C54=0,0,ROUND(SomaAgrup,15-13*$AF$11))) -> 0 | Y54: RA | Z54: =IF(AND($C54="S",$X54>0),IF(ISBLANK($Y54),"RA",LEFT($Y54,2)),"") | AA54: =IF($C54="S",IF($Z54="CP",$X54,IF($Z54="RA",(($X54)*QCI!$AA$3),0)),SomaAgrup) -> 0 | AB54: =IF($C54="S",IF($Z54="OU",ROUND($X54,2),0),SomaAgrup) -> 0 | AC54: =IF($N54="","",IF(ORÇAMENTO.Descricao="","DESCRIÇÃO",IF(AND($C54="S",ORÇAMENTO.Unidade=""),"UNIDADE",IF($X54<0,"VALOR NEGATIVO",IF(OR(AND(TIPOORCAMENTO="Proposto",$AG54<>"",$AG54>0,ORÇAMENTO.CustoUnitario>$AG54),AND(TIPOORCAMENTO="LICITADO",ORÇAMENTO.PrecoUnitarioLicitado>$AN54)),"ACIMA REF.",""))))) | AD54: =IF(C54<=CRONO.NivelExibicao,MAX($AD$15:OFFSET(AD54,-1,0))+IF($C54<>1,1,MAX(1,COUNTIF(QCI!$A$13:$A$24,OFFSET($E54,-1,0)))),"") | AE54: =IF(AND($C54="S",ORÇAMENTO.CodBarra<>""),IF(ORÇAMENTO.Fonte="",ORÇAMENTO.CodBarra,CONCATENATE(ORÇAMENTO.Fonte," ",ORÇAMENTO.CodBarra))) -> SINAPI 96546 | AF54: =IF(ISERROR(INDIRECT(ORÇAMENTO.BancoRef)),"(abra o arquivo 'Referência "&Excel_BuiltIn_Database&".xlsm)",IF(OR($C54<>"S",ORÇAMENTO.CodBarra=""),"(Sem Código)",IF(ISERROR(MATCH($AE54,INDIRECT(ORÇAMENTO.BancoRef),0)),"(Código não identificado nas referências)",MATCH($AE54,INDIRECT(ORÇAMENTO.BancoRef),0)))) -> (abra o arquivo 'Referência 02-2025.xlsm) | AG54: =ROUND(IF(DESONERACAO="sim",REFERENCIA.Desonerado,REFERENCIA.NaoDesonerado),2) -> 0 | AH54: =ROUND(IF(ISNUMBER(ORÇAMENTO.OpcaoBDI),ORÇAMENTO.OpcaoBDI,IF(LEFT(ORÇAMENTO.OpcaoBDI,3)="BDI",HLOOKUP(ORÇAMENTO.OpcaoBDI,$F$4:$H$5,2,FALSE),0)),15-11*$AF$9) -> 0.2247 | AJ54: 608.95 | AM54: =$X54 -> 0 | AN54: =ROUND(ORÇAMENTO.CustoUnitario*(1+$AH54),2) -> 0
A55: =CHOOSE(1+LOG(1+2*(ORÇAMENTO.Nivel="Meta")+4*(ORÇAMENTO.Nivel="Nível 2")+8*(ORÇAMENTO.Nivel="Nível 3")+16*(ORÇAMENTO.Nivel="Nível 4")+32*(ORÇAMENTO.Nivel="Serviço"),2),0,1,2,3,4,"S") -> S | B55: =IF(OR(C55="s",C55=0),OFFSET(B55,-1,0),C55) -> 3 | C55: =IF(OFFSET(C55,-1,0)="L",1,IF(OFFSET(C55,-1,0)=1,2,IF(OR(A55="s",A55=0),"S",IF(AND(OFFSET(C55,-1,0)=2,A55=4),3,IF(AND(OR(OFFSET(C55,-1,0)="s",OFFSET(C55,-1,0)=0),A55<>"s",A55>OFFSET(B55,-1,0)),OFFSET(B55,-1,0),A55))))) -> S | D55: =IF(OR(C55="S",C55=0),0,IF(ISERROR(K55),J55,SMALL(J55:K55,1))) -> 0 | E55: =IF($C55=1,OFFSET(E55,-1,0)+MAX(1,COUNTIF(QCI!$A$13:$A$24,OFFSET(ORÇAMENTO!E55,-1,0))),OFFSET(E55,-1,0)) -> 1 | F55: =IF($C55=1,0,IF($C55=2,OFFSET(F55,-1,0)+1,OFFSET(F55,-1,0))) -> 3 | G55: =IF(AND($C55<=2,$C55<>0),0,IF($C55=3,OFFSET(G55,-1,0)+1,OFFSET(G55,-1,0))) -> 3 | H55: =IF(AND($C55<=3,$C55<>0),0,IF($C55=4,OFFSET(H55,-1,0)+1,OFFSET(H55,-1,0))) -> 0 | I55: =IF(AND($C55<=4,$C55<>0),0,IF(AND($C55="S",$X55>0),OFFSET(I55,-1,0)+1,OFFSET(I55,-1,0))) -> 0 | J55: =IF(OR($C55="S",$C55=0),0,MATCH(0,OFFSET($D55,1,$C55,ROW($C$747)-ROW($C55)),0)) -> 0 | K55: =IF(OR($C55="S",$C55=0),0,MATCH(OFFSET($D55,0,$C55)+IF($C55<>1,1,COUNTIF(QCI!$A$13:$A$24,ORÇAMENTO!E55)),OFFSET($D55,1,$C55,ROW($C$747)-ROW($C55)),0)) -> 0 | L55: =IF(OR($X55>0,$C55=1,$C55=2,$C55=3,$C55=4),"F","") | M55: Serviço | N55: =CHOOSE(1+LOG(1+2*(C55=1)+4*(C55=2)+8*(C55=3)+16*(C55=4)+32*(C55="S"),2),"","Meta","Nível 2","Nível 3","Nível 4","Serviço") -> Serviço | O55: =IF(OR($C55=0,$L55=""),"-",CONCATENATE(E55&".",IF(AND($A$5>=2,$C55>=2),F55&".",""),IF(AND($A$5>=3,$C55>=3),G55&".",""),IF(AND($A$5>=4,$C55>=4),H55&".",""),IF($C55="S",I55&".",""))) -> - | P55: SINAPI | Q55: 104920 | R55: =IF($C55="S",REFERENCIA.Descricao,"(digite a descrição aqui)") -> (abra o arquivo 'Referência 02-2025.xlsm) | S55: =REFERENCIA.Unidade -> - | T55: =OFFSET(CÁLCULO!H$15,ROW($T55)-ROW(T$15),0) -> 6.88 | U55: =AG55 -> 0 | V55: BDI 1 | W55: =IF($C55="S",ROUND(IF(TIPOORCAMENTO="Proposto",ORÇAMENTO.CustoUnitario*(1+$AH55),ORÇAMENTO.PrecoUnitarioLicitado),15-13*$AF$10),0) -> 0 | X55: =IF($C55="S",IF(Import.TipoArredondamento<>"TransfereGOV",VTOTAL1,SUM(OFFSET(CÁLCULO!$AA$15,ROW($X55)-ROW($X$15),1):OFFSET(CÁLCULO!$AL$15,ROW($X55)-ROW($X$15),-1))),IF($C55=0,0,ROUND(SomaAgrup,15-13*$AF$11))) -> 0 | Y55: RA | Z55: =IF(AND($C55="S",$X55>0),IF(ISBLANK($Y55),"RA",LEFT($Y55,2)),"") | AA55: =IF($C55="S",IF($Z55="CP",$X55,IF($Z55="RA",(($X55)*QCI!$AA$3),0)),SomaAgrup) -> 0 | AB55: =IF($C55="S",IF($Z55="OU",ROUND($X55,2),0),SomaAgrup) -> 0 | AC55: =IF($N55="","",IF(ORÇAMENTO.Descricao="","DESCRIÇÃO",IF(AND($C55="S",ORÇAMENTO.Unidade=""),"UNIDADE",IF($X55<0,"VALOR NEGATIVO",IF(OR(AND(TIPOORCAMENTO="Proposto",$AG55<>"",$AG55>0,ORÇAMENTO.CustoUnitario>$AG55),AND(TIPOORCAMENTO="LICITADO",ORÇAMENTO.PrecoUnitarioLicitado>$AN55)),"ACIMA REF.",""))))) | AD55: =IF(C55<=CRONO.NivelExibicao,MAX($AD$15:OFFSET(AD55,-1,0))+IF($C55<>1,1,MAX(1,COUNTIF(QCI!$A$13:$A$24,OFFSET($E55,-1,0)))),"") | AE55: =IF(AND($C55="S",ORÇAMENTO.CodBarra<>""),IF(ORÇAMENTO.Fonte="",ORÇAMENTO.CodBarra,CONCATENATE(ORÇAMENTO.Fonte," ",ORÇAMENTO.CodBarra))) -> SINAPI 104920 | AF55: =IF(ISERROR(INDIRECT(ORÇAMENTO.BancoRef)),"(abra o arquivo 'Referência "&Excel_BuiltIn_Database&".xlsm)",IF(OR($C55<>"S",ORÇAMENTO.CodBarra=""),"(Sem Código)",IF(ISERROR(MATCH($AE55,INDIRECT(ORÇAMENTO.BancoRef),0)),"(Código não identificado nas referências)",MATCH($AE55,INDIRECT(ORÇAMENTO.BancoRef),0)))) -> (abra o arquivo 'Referência 02-2025.xlsm) | AG55: =ROUND(IF(DESONERACAO="sim",REFERENCIA.Desonerado,REFERENCIA.NaoDesonerado),2) -> 0 | AH55: =ROUND(IF(ISNUMBER(ORÇAMENTO.OpcaoBDI),ORÇAMENTO.OpcaoBDI,IF(LEFT(ORÇAMENTO.OpcaoBDI,3)="BDI",HLOOKUP(ORÇAMENTO.OpcaoBDI,$F$4:$H$5,2,FALSE),0)),15-11*$AF$9) -> 0.2247 | AJ55: 6.88 | AM55: =$X55 -> 0 | AN55: =ROUND(ORÇAMENTO.CustoUnitario*(1+$AH55),2) -> 0
